Workbook

Sheet Смета базисный метод(11гр)
B1: Согласовано | H1: Утверждаю
H2: Смету в сумме | J2: =(Source!F122/1000) -> 1103.9468 | K2: тыс. руб.
B3: =CONCATENATE(IF(Source!AL12<>"", Source!AL12," "), "__________") -> __________
B4: "_____" __________________ 2020 г. | H4: =CONCATENATE(IF(Source!AH12<>"", Source!AH12," "), "__________") -> __________
H5: "_____" __________________ 2020 г.
A7: =CONCATENATE("Заказчик: ", IF(Source!AJ12<>"", Source!AJ12," ")) -> Заказчик:
A8: =CONCATENATE("Подрядчик: ", IF(Source!AN12<>"", Source!AN12," ")) -> Подрядчик:
A10: =CONCATENATE("Наименование объекта: ", IF(Source!G12<>"Новый объект", Source!G12, "")) -> Наименование объекта: Смета №2 факт последнее
A12: =CONCATENATE("Л О К А Л Ь Н А Я С М Е Т А № ", IF(Source!F20<>"Новая локальная смета", Source!F20, "")) -> Л О К А Л Ь Н А Я С М Е Т А №
A13: Сметная стоимость
A14: Строительные работы | J14: =(Source!F99)/1000 -> 95.31961 | K14: тыс. руб.
A15: Монтажные работы | J15: =(Source!F100)/1000 -> 455.1577 | K15: тыс. руб.
A16: Оборудование | J16: =(Source!F91)/1000 -> 0 | K16: тыс. руб.
A17: Прочие работы | J17: =(Source!F101+Source!F102)/1000 -> 351.44003 | K17: тыс. руб.
A18: Нормативная трудоемкость | J18: =(Source!F104+Source!F105) -> 670.60035 | K18: чел.-ч.
A19: Средства на оплату труда | J19: =(Source!F97+ Source!F96)/1000 -> 330.62189 | K19: тыс. руб.
A20: Составлена в ценах ульяновск январь 2020 года
A21: № п/п | B21: Шифр и номер позиции норматива | C21: Наименование работ и затрат, единица измерения | D21: Количество | E21: Стоимость ед., руб. | G21: Общая стоимость, руб. | J21: Затраты труда, чел.-ч
E22: Всего | F22: Экспл. машин | G22: Всего | H22: Основная зарплата | I22: Экспл. машин | J22: основных рабочих
J23: машинистов
E24: Основная зарплата | F24: в т.ч. зарплата | I24: в т.ч. зарплата | J24: на единицу | K24: всего
A25: 1 | B25: 2 | C25: 3 | D25: 4 | E25: 5 | F25: 6 | G25: 7 | H25: 8 | I25: 9 | J25: 10 | K25: 11
A27: =CONCATENATE("Раздел ",IF(Source!G24<>"Новый раздел", Source!G24, "")) -> Раздел Ремонт кабельных линий
A28: =IF(Source!E28<>"", Source!E28, "") -> 1 | B28: ТЕР 01-02-055-2 К=(ЭММ, ЗПМ, ОЗП, ТЗ, ТЗМ))*1,15 | C28: =IF(Source!G28<>"", Source!G28, "") -> Разработка грунта вручную с креплениями в траншеях шириной до 2 м, глубиной до 2 м, группа грунтов 2 | D28: =Source!I28 -> 0.18 | E28: =IF(Source!AB28=0, " ", Source!AB28) -> 4098.1343 | F28: =IF(Source!AD28=0, " ", Source!AD28) | G28: =IF(Source!O28=0, " ", Source!O28) -> 34923.75 | H28: =IF(Source!S28=0, " ", Source!S28) -> 34923.75 | I28: =IF(Source!Q28=0, " ", Source!Q28) | J28: =IF(Source!AH28=0, " ", ROUND(Source!AH28,2)) -> 495.56 | K28: =IF(Source!U28=0, " ", ROUND(Source!U28,2)) -> 89.2 | T28: =Source!O28+Source!X28+Source!Y28 -> 67053.6 | V28: =IF(Source!S28=0, " ", Source!S28) -> 34923.75 | W28: =IF(Source!Q28=0, " ", Source!Q28) | X28: =IF(Source!R28=0, " ", Source!R28) | Y28: =IF(Source!U28=0, " ", ROUND(Source!U28,2)) -> 89.2 | Z28: =IF(Source!V28=0, " ", ROUND(Source!V28,2))
C29: =IF(Source!H28<>"", Source!H28, "") -> 100 м3 грунта | E29: =IF(Source!AF28=0, " ", Source!AF28) -> 4098.1343 | F29: =IF(Source!AE28=0, " ", Source!AE28) | I29: =IF(Source!R28=0, " ", Source!R28) | J29: =IF(Source!AI28=0, " ", ROUND(Source!AI28,2)) | K29: =IF(Source!V28=0, " ", ROUND(Source!V28,2))
C30: ="Объем: "&Source!I28&"=18/"&"100" -> Объем: 0,18=18/100
C31: ИНДЕКСЫ ПЕРЕСЧЕТА: ОЗП 47,3437; ЭММ 2,58; МР 2,33; ЗПМ 37,0364
C32: =Source!EO28 -> Поправка: МДС 81-35.2004, прил.1, т.1, п.4
C33: =CONCATENATE("НР ", Source!AT28, "%","=", Source!X28,"; СП ", Source!AU28, "%","=", Source!Y28) -> НР 61%=21303,49; СП 31%=10826,36
C34: Итого с НР и СП | G34: =SUMIF(Source!AA28:'Source'!AA28, "=30528041", Source!GM28:'Source'!GM28) -> 67053.6
A35: =IF(Source!E29<>"", Source!E29, "") -> 2 | B35: ТЕР 01-02-061-2 | C35: =IF(Source!G29<>"", Source!G29, "") -> Засыпка вручную траншей, пазух котлованов и ям, группа грунтов 2 | D35: =Source!I29 -> 0.18 | E35: =IF(Source!AB29=0, " ", Source!AB29) -> 1895.4 | F35: =IF(Source!AD29=0, " ", Source!AD29) | G35: =IF(Source!O29=0, " ", Source!O29) -> 14721.88 | H35: =IF(Source!S29=0, " ", Source!S29) -> 14721.88 | I35: =IF(Source!Q29=0, " ", Source!Q29) | J35: =IF(Source!AH29=0, " ", ROUND(Source!AH29,2)) -> 254.66 | K35: =IF(Source!U29=0, " ", ROUND(Source!U29,2)) -> 45.84 | T35: =Source!O29+Source!X29+Source!Y29 -> 28266.01 | V35: =IF(Source!S29=0, " ", Source!S29) -> 14721.88 | W35: =IF(Source!Q29=0, " ", Source!Q29) | X35: =IF(Source!R29=0, " ", Source!R29) | Y35: =IF(Source!U29=0, " ", ROUND(Source!U29,2)) -> 45.84 | Z35: =IF(Source!V29=0, " ", ROUND(Source!V29,2))
C36: =IF(Source!H29<>"", Source!H29, "") -> 100 м3 грунта | E36: =IF(Source!AF29=0, " ", Source!AF29) -> 1895.4 | F36: =IF(Source!AE29=0, " ", Source!AE29) | I36: =IF(Source!R29=0, " ", Source!R29) | J36: =IF(Source!AI29=0, " ", ROUND(Source!AI29,2)) | K36: =IF(Source!V29=0, " ", ROUND(Source!V29,2))
C37: ="Объем: "&Source!I29&"=18/"&"100" -> Объем: 0,18=18/100
C38: ИНДЕКСЫ ПЕРЕСЧЕТА: ОЗП 43,1509; ЭММ 2,72; МР 2,52; ЗПМ 46,4702
C39: =CONCATENATE("НР ", Source!AT29, "%","=", Source!X29,"; СП ", Source!AU29, "%","=", Source!Y29) -> НР 61%=8980,35; СП 31%=4563,78
C40: Итого с НР и СП | G40: =SUMIF(Source!AA29:'Source'!AA29, "=30528041", Source!GM29:'Source'!GM29) -> 28266.01
A41: =IF(Source!E30<>"", Source!E30, "") -> 3 | B41: ТЕРп 01-11-001-2 | C41: =IF(Source!G30<>"", Source!G30, "") -> Поиск и определение места повреждения кабеля с прожигом, длина кабеля до 1000 м | D41: =Source!I30 -> 1 | E41: =IF(Source!AB30=0, " ", Source!AB30) -> 1120.176 | F41: =IF(Source!AD30=0, " ", Source!AD30) | G41: =IF(Source!O30=0, " ", Source!O30) -> 50489.24 | H41: =IF(Source!S30=0, " ", Source!S30) -> 50489.24 | I41: =IF(Source!Q30=0, " ", Source!Q30) | J41: =IF(Source!AH30=0, " ", ROUND(Source!AH30,2)) -> 86.51 | K41: =IF(Source!U30=0, " ", ROUND(Source!U30,2)) -> 86.51 | T41: =Source!O30+Source!X30+Source!Y30 -> 94414.88 | V41: =IF(Source!S30=0, " ", Source!S30) -> 50489.24 | W41: =IF(Source!Q30=0, " ", Source!Q30) | X41: =IF(Source!R30=0, " ", Source!R30) | Y41: =IF(Source!U30=0, " ", ROUND(Source!U30,2)) -> 86.51 | Z41: =IF(Source!V30=0, " ", ROUND(Source!V30,2))
C42: =IF(Source!H30<>"", Source!H30, "") -> 1 кабель | E42: =IF(Source!AF30=0, " ", Source!AF30) -> 1120.176 | F42: =IF(Source!AE30=0, " ", Source!AE30) | I42: =IF(Source!R30=0, " ", Source!R30) | J42: =IF(Source!AI30=0, " ", ROUND(Source!AI30,2)) | K42: =IF(Source!V30=0, " ", ROUND(Source!V30,2))
C43: ИНДЕКСЫ ПЕРЕСЧЕТА: ОЗП 45,0726; ЭММ 2,85; МР 2,13; ЗПМ 2,66
C44: =CONCATENATE("НР ", Source!AT30, "%","=", Source!X30,"; СП ", Source!AU30, "%","=", Source!Y30) -> НР 55%=27769,08; СП 32%=16156,56
C45: Итого с НР и СП | G45: =SUMIF(Source!AA30:'Source'!AA30, "=30528041", Source!GM30:'Source'!GM30) -> 94414.88
A46: =IF(Source!E31<>"", Source!E31, "") -> 4 | B46: ТЕРп 01-11-001-3 | C46: =IF(Source!G31<>"", Source!G31, "") -> Поиск и определение места повреждения кабеля с прожигом, длина кабеля за каждые последующие 500 м добавлять к расценке 01-11-001-02 | D46: =Source!I31 -> 6.46 | E46: =IF(Source!AB31=0, " ", Source!AB31) -> 448.4448 | F46: =IF(Source!AD31=0, " ", Source!AD31) | G46: =IF(Source!O31=0, " ", Source!O31) -> 106786.63 | H46: =IF(Source!S31=0, " ", Source!S31) -> 106786.63 | I46: =IF(Source!Q31=0, " ", Source!Q31) | J46: =IF(Source!AH31=0, " ", ROUND(Source!AH31,2)) -> 26.87 | K46: =IF(Source!U31=0, " ", ROUND(Source!U31,2)) -> 173.6 | T46: =Source!O31+Source!X31+Source!Y31 -> 199691 | V46: =IF(Source!S31=0, " ", Source!S31) -> 106786.63 | W46: =IF(Source!Q31=0, " ", Source!Q31) | X46: =IF(Source!R31=0, " ", Source!R31) | Y46: =IF(Source!U31=0, " ", ROUND(Source!U31,2)) -> 173.6 | Z46: =IF(Source!V31=0, " ", ROUND(Source!V31,2))
C47: =IF(Source!H31<>"", Source!H31, "") -> 500 м кабеля | E47: =IF(Source!AF31=0, " ", Source!AF31) -> 448.4448 | F47: =IF(Source!AE31=0, " ", Source!AE31) | I47: =IF(Source!R31=0, " ", Source!R31) | J47: =IF(Source!AI31=0, " ", ROUND(Source!AI31,2)) | K47: =IF(Source!V31=0, " ", ROUND(Source!V31,2))
C48: ="Объем: "&Source!I31&"=3230/"&"500" -> Объем: 6,46=3230/500
C49: ИНДЕКСЫ ПЕРЕСЧЕТА: ОЗП 36,8617; ЭММ 2,22; МР 2,34; ЗПМ 2,19
C50: =CONCATENATE("НР ", Source!AT31, "%","=", Source!X31,"; СП ", Source!AU31, "%","=", Source!Y31) -> НР 55%=58732,65; СП 32%=34171,72
C51: Итого с НР и СП | G51: =SUMIF(Source!AA31:'Source'!AA31, "=30528041", Source!GM31:'Source'!GM31) -> 199691
A52: =IF(Source!E32<>"", Source!E32, "") -> 5 | B52: ТЕРм 08-02-170-2 | C52: =IF(Source!G32<>"", Source!G32, "") -> Муфта концевая из пластмассового корпуса с заливкой эпоксидным компаундом для 3-жильного кабеля напряжением до 35 кВ, сечение жил до 120 мм2 | D52: =Source!I32 -> 6 | E52: =IF(Source!AB32=0, " ", Source!AB32) -> 315.5365 | F52: =IF(Source!AD32=0, " ", Source!AD32) | G52: =IF(Source!O32=0, " ", Source!O32) -> 89220.04 | H52: =IF(Source!S32=0, " ", Source!S32) -> 85796.38 | I52: =IF(Source!Q32=0, " ", Source!Q32) | J52: =IF(Source!AH32=0, " ", ROUND(Source!AH32,2)) -> 30.21 | K52: =IF(Source!U32=0, " ", ROUND(Source!U32,2)) -> 181.25 | T52: =Source!O32+Source!X32+Source!Y32 -> 203329.23 | V52: =IF(Source!S32=0, " ", Source!S32) -> 85796.38 | W52: =IF(Source!Q32=0, " ", Source!Q32) | X52: =IF(Source!R32=0, " ", Source!R32) | Y52: =IF(Source!U32=0, " ", ROUND(Source!U32,2)) -> 181.25 | Z52: =IF(Source!V32=0, " ", ROUND(Source!V32,2))
C53: =IF(Source!H32<>"", Source!H32, "") -> 1 оконцевание (3 муфты) | E53: =IF(Source!AF32=0, " ", Source!AF32) -> 283.222 | F53: =IF(Source!AE32=0, " ", Source!AE32) | I53: =IF(Source!R32=0, " ", Source!R32) | J53: =IF(Source!AI32=0, " ", ROUND(Source!AI32,2)) | K53: =IF(Source!V32=0, " ", ROUND(Source!V32,2))
C54: ИНДЕКСЫ ПЕРЕСЧЕТА: ОЗП 50,4883; ЭММ 2,64; МР 17,658; ЗПМ 48,7413
C55: =CONCATENATE("НР ", Source!AT32, "%","=", Source!X32,"; СП ", Source!AU32, "%","=", Source!Y32) -> НР 81%=69495,07; СП 52%=44614,12
A56: =Source!E33 -> 5,1 | B56: ТССЦ 502-0769 | C56: =Source!G33 -> Муфта термоусаживаемая соединительная для кабеля с полиэтиленовой или бумажной изоляцией на напряжение до 10 кВ, марки СТп-10-3х(70-120) мм2 | D56: =Source!I33 -> 6 | E56: =Source!AB33 -> 1887.8423 | G56: =Source!O33 -> 141891.74 | T56: =G56 -> 141891.74
C57: =Source!H33 -> шт.
C58: Итого с НР и СП | G58: =SUMIF(Source!AA32:'Source'!AA33, "=30528041", Source!GM32:'Source'!GM33) -> 345220.97
A59: =IF(Source!E34<>"", Source!E34, "") -> 6 | B59: ТЕРм 08-02-141-4 | C59: =IF(Source!G34<>"", Source!G34, "") -> Кабель до 35 кВ в готовых траншеях без покрытий, масса 1 м до 6 кг | D59: =Source!I34 -> 0.3 | E59: =IF(Source!AB34=0, " ", Source!AB34) -> 1385.2776 | F59: =IF(Source!AD34=0, " ", Source!AD34) -> 773.857 | G59: =IF(Source!O34=0, " ", Source!O34) -> 11536.47 | H59: =IF(Source!S34=0, " ", Source!S34) -> 6697.23 | I59: =IF(Source!Q34=0, " ", Source!Q34) -> 3840.39 | J59: =IF(Source!AH34=0, " ", ROUND(Source!AH34,2)) -> 48.31 | K59: =IF(Source!U34=0, " ", ROUND(Source!U34,2)) -> 14.49 | T59: =Source!O34+Source!X34+Source!Y34 -> 21171.04 | V59: =IF(Source!S34=0, " ", Source!S34) -> 6697.23 | W59: =IF(Source!Q34=0, " ", Source!Q34) -> 3840.39 | X59: =IF(Source!R34=0, " ", Source!R34) -> 546.81 | Y59: =IF(Source!U34=0, " ", ROUND(Source!U34,2)) -> 14.49 | Z59: =IF(Source!V34=0, " ", ROUND(Source!V34,2)) -> 0.85
C60: =IF(Source!H34<>"", Source!H34, "") -> 100 м кабеля | E60: =IF(Source!AF34=0, " ", Source!AF34) -> 458.0121 | F60: =IF(Source!AE34=0, " ", Source!AE34) -> 42.4116 | I60: =IF(Source!R34=0, " ", Source!R34) -> 546.81 | J60: =IF(Source!AI34=0, " ", ROUND(Source!AI34,2)) -> 2.82 | K60: =IF(Source!V34=0, " ", ROUND(Source!V34,2)) -> 0.85
C61: ="Объем: "&Source!I34&"=30/"&"100" -> Объем: 0,3=30/100
C62: ИНДЕКСЫ ПЕРЕСЧЕТА: ОЗП 48,7413; ЭММ 16,5422; МР 21,7035; ЗПМ 42,9762
C63: =CONCATENATE("НР ", Source!AT34, "%","=", Source!X34,"; СП ", Source!AU34, "%","=", Source!Y34) -> НР 81%=5867,67; СП 52%=3766,9
A64: =Source!E35 -> 6,1 | B64: ТССЦ 501-0454 | C64: =Source!G35 -> Кабели силовые на напряжение 6000 В для прокладке в земле с алюминиевыми жилами с двумя слоями пластмассовых лент марки:АСБ2лУ, с числом жил - 3 и сечением 95 мм2 | D64: =Source!I35 -> 0.03 | E64: =Source!AB35 -> 231649.29 | G64: =Source!O35 -> 88765.69 | T64: =G64 -> 88765.69
C65: =Source!H35 -> 1000 м
C66: Итого с НР и СП | G66: =SUMIF(Source!AA34:'Source'!AA35, "=30528041", Source!GM34:'Source'!GM35) -> 109936.73
A67: =IF(Source!E36<>"", Source!E36, "") -> 7 | B67: ТЕРп 01-12-027-1 | C67: =IF(Source!G36<>"", Source!G36, "") -> Испытание кабеля силового длиной до 500 м напряжением до 10 кВ | D67: =Source!I36 -> 4 | E67: =IF(Source!AB36=0, " ", Source!AB36) -> 121.4696 | F67: =IF(Source!AD36=0, " ", Source!AD36) | G67: =IF(Source!O36=0, " ", Source!O36) -> 18928.9 | H67: =IF(Source!S36=0, " ", Source!S36) -> 18928.9 | I67: =IF(Source!Q36=0, " ", Source!Q36) | J67: =IF(Source!AH36=0, " ", ROUND(Source!AH36,2)) -> 13.8 | K67: =IF(Source!U36=0, " ", ROUND(Source!U36,2)) -> 55.21 | T67: =Source!O36+Source!X36+Source!Y36 -> 35397.05 | V67: =IF(Source!S36=0, " ", Source!S36) -> 18928.9 | W67: =IF(Source!Q36=0, " ", Source!Q36) | X67: =IF(Source!R36=0, " ", Source!R36) | Y67: =IF(Source!U36=0, " ", ROUND(Source!U36,2)) -> 55.21 | Z67: =IF(Source!V36=0, " ", ROUND(Source!V36,2))
C68: =IF(Source!H36<>"", Source!H36, "") -> 1 испытание | E68: =IF(Source!AF36=0, " ", Source!AF36) -> 121.4696 | F68: =IF(Source!AE36=0, " ", Source!AE36) | I68: =IF(Source!R36=0, " ", Source!R36) | J68: =IF(Source!AI36=0, " ", ROUND(Source!AI36,2)) | K68: =IF(Source!V36=0, " ", ROUND(Source!V36,2))
C69: ИНДЕКСЫ ПЕРЕСЧЕТА: ОЗП 38,9581; ЭММ 2,39; МР 2,51; ЗПМ 2,4
C70: =CONCATENATE("НР ", Source!AT36, "%","=", Source!X36,"; СП ", Source!AU36, "%","=", Source!Y36) -> НР 55%=10410,9; СП 32%=6057,25
C71: Итого с НР и СП | G71: =SUMIF(Source!AA36:'Source'!AA36, "=30528041", Source!GM36:'Source'!GM36) -> 35397.05
A72: =IF(Source!E37<>"", Source!E37, "") -> 8 | B72: ТЕРп 01-12-027-4 | C72: =IF(Source!G37<>"", Source!G37, "") -> За каждые последующие 500 м испытания силового кабеля напряжением до 10 кВ добавлять к расценке 01-12-027-01 | D72: =Source!I37 -> 4.46 | E72: =IF(Source!AB37=0, " ", Source!AB37) -> 35.0682 | F72: =IF(Source!AD37=0, " ", Source!AD37) | G72: =IF(Source!O37=0, " ", Source!O37) -> 6830.95 | H72: =IF(Source!S37=0, " ", Source!S37) -> 6830.95 | I72: =IF(Source!Q37=0, " ", Source!Q37) | J72: =IF(Source!AH37=0, " ", ROUND(Source!AH37,2)) -> 3.7 | K72: =IF(Source!U37=0, " ", ROUND(Source!U37,2)) -> 16.49 | T72: =Source!O37+Source!X37+Source!Y37 -> 12773.87 | V72: =IF(Source!S37=0, " ", Source!S37) -> 6830.95 | W72: =IF(Source!Q37=0, " ", Source!Q37) | X72: =IF(Source!R37=0, " ", Source!R37) | Y72: =IF(Source!U37=0, " ", ROUND(Source!U37,2)) -> 16.49 | Z72: =IF(Source!V37=0, " ", ROUND(Source!V37,2))
C73: =IF(Source!H37<>"", Source!H37, "") -> 500 м кабеля | E73: =IF(Source!AF37=0, " ", Source!AF37) -> 35.0682 | F73: =IF(Source!AE37=0, " ", Source!AE37) | I73: =IF(Source!R37=0, " ", Source!R37) | J73: =IF(Source!AI37=0, " ", ROUND(Source!AI37,2)) | K73: =IF(Source!V37=0, " ", ROUND(Source!V37,2))
C74: ="Объем: "&Source!I37&"=2230/"&"500" -> Объем: 4,46=2230/500
C75: ИНДЕКСЫ ПЕРЕСЧЕТА: ОЗП 43,675; ЭММ 2,47; МР 2,19; ЗПМ 2,3
C76: =CONCATENATE("НР ", Source!AT37, "%","=", Source!X37,"; СП ", Source!AU37, "%","=", Source!Y37) -> НР 55%=3757,02; СП 32%=2185,9
C77: Итого с НР и СП | G77: =SUMIF(Source!AA37:'Source'!AA37, "=30528041", Source!GM37:'Source'!GM37) -> 12773.87
A78: =IF(Source!E38<>"", Source!E38, "") -> 9 | B78: ТЕРп 01-11-024-2 | C78: =IF(Source!G38<>"", Source!G38, "") -> Фазировка электрической линии или трансформатора с сетью напряжением свыше 1 кВ | D78: =Source!I38 -> 2 | E78: =IF(Source!AB38=0, " ", Source!AB38) -> 50.813 | F78: =IF(Source!AD38=0, " ", Source!AD38) | G78: =IF(Source!O38=0, " ", Source!O38) -> 4900.12 | H78: =IF(Source!S38=0, " ", Source!S38) -> 4900.12 | I78: =IF(Source!Q38=0, " ", Source!Q38) | J78: =IF(Source!AH38=0, " ", ROUND(Source!AH38,2)) -> 3.58 | K78: =IF(Source!U38=0, " ", ROUND(Source!U38,2)) -> 7.16 | T78: =Source!O38+Source!X38+Source!Y38 -> 9163.23 | V78: =IF(Source!S38=0, " ", Source!S38) -> 4900.12 | W78: =IF(Source!Q38=0, " ", Source!Q38) | X78: =IF(Source!R38=0, " ", Source!R38) | Y78: =IF(Source!U38=0, " ", ROUND(Source!U38,2)) -> 7.16 | Z78: =IF(Source!V38=0, " ", ROUND(Source!V38,2))
C79: =IF(Source!H38<>"", Source!H38, "") -> 1 фазировка | E79: =IF(Source!AF38=0, " ", Source!AF38) -> 50.813 | F79: =IF(Source!AE38=0, " ", Source!AE38) | I79: =IF(Source!R38=0, " ", Source!R38) | J79: =IF(Source!AI38=0, " ", ROUND(Source!AI38,2)) | K79: =IF(Source!V38=0, " ", ROUND(Source!V38,2))
C80: ИНДЕКСЫ ПЕРЕСЧЕТА: ОЗП 48,2172; ЭММ 2,1; МР 2,3; ЗПМ 2,47
C81: =CONCATENATE("НР ", Source!AT38, "%","=", Source!X38,"; СП ", Source!AU38, "%","=", Source!Y38) -> НР 55%=2695,07; СП 32%=1568,04
C82: Итого с НР и СП | G82: =SUMIF(Source!AA38:'Source'!AA38, "=30528041", Source!GM38:'Source'!GM38) -> 9163.23
A84: =CONCATENATE("Итого по смете ",IF(Source!G124<>"Новый объект", Source!G124, "")) -> Итого по смете Смета №2 факт последнее | G84: =IF(SUM(T1:T83)=0, " ", SUM(T1:T83)) -> 901917.34 | H84: =IF(SUM(V1:V83)=0, " ", SUM(V1:V83)) -> 330075.08 | I84: =IF(SUM(W1:W83)=0, " ", SUM(W1:W83)) -> 3840.39 | K84: =IF(SUM(Y1:Y83)=0, " ", SUM(Y1:Y83)) -> 669.75
I85: =IF(SUM(X1:X83)=0, " ", SUM(X1:X83)) -> 546.81 | K85: =IF(SUM(Z1:Z83)=0, " ", SUM(Z1:Z83)) -> 0.85
A87: =IF(Source!H126<> "", Source!H126, "" ) -> Прямые затраты | G87: =Source!F126 -> 568995.41
A88: =IF(Source!H127<> "", Source!H127, "" ) -> Стоимость материальных ресурсов (всего) | G88: =Source!F127 -> 235079.94
A89: =IF(Source!H136<> "", Source!H136, "" ) -> Эксплуатация машин | I89: =Source!F136 -> 3840.39
A90: =IF(Source!H138<> "", Source!H138, "" ) -> ЗП машинистов | I90: =Source!F138 -> 546.81
A91: =IF(Source!H139<> "", Source!H139, "" ) -> Основная ЗП рабочих | H91: =Source!F139 -> 330075.08
A92: =IF(Source!H150<> "", Source!H150, "" ) -> Накладные расходы | G92: =Source!F150 -> 209011.3
A93: =IF(Source!H151<> "", Source!H151, "" ) -> Сметная прибыль | G93: =Source!F151 -> 123910.63
A94: =IF(Source!H152<> "", Source!H152, "" ) -> Всего с НР и СП | G94: =Source!F152 -> 901917.34
A95: =IF(Source!H159<> "", Source!H159, "" ) -> Непредвиденные расходы % | G95: =Source!F159 -> 2
A96: =IF(Source!H160<> "", Source!H160, "" ) -> Непредвиденные расходы руб. | G96: =Source!F160 -> 18038.35
A97: =IF(Source!H161<> "", Source!H161, "" ) -> ИТОГ с непредвиденными расходами | G97: =Source!F161 -> 919955.69
A98: =IF(Source!H163<> "", Source!H163, "" ) -> НДС 20% | G98: =Source!F163 -> 183991.14
A99: =IF(Source!H164<> "", Source!H164, "" ) -> ИТОГО с НДС | G99: =Source!F164 -> 1103946.8
B102: Исполнил | C102: =IF(Source!AB12<>"", Source!AB12," ") | D102: =IF(Source!AC12<>"", Source!AC12," ")
B104: Проверил | C104: =IF(Source!AD12<>"", Source!AD12," ") | D104: =IF(Source!AE12<>"", Source!AE12," ")

Sheet Source
A1: 0 | B1: Smeta.RU (495) 974-1589 | D1: _PS_ | F1: 0 | G1: 0 | H1: 0 | I1: Smeta.RU | K1: 1 | L1: 65963 | M1: 24323694 | N1: 11 | O1: 1 | P1: 0 | Q1: 1
A12: 1 | B12: 195 | C12: 0 | D12: =ROW(A124) -> 124 | E12: 0 | F12: Новый объект_(Копия)_(Копия)_(Копия)_(Копия)_(Копия)_(Копия) | G12: Смета №2 факт последнее | I12: 0 | K12: 0 | O12: 0 | P12: 0 | Q12: 0 | R12: 0 | V12: 0 | BH12: Сметные нормы списания | BI12: Коды ценников | BJ12: 1 | BK12: 1 | BL12: 0 | BM12: 1 | BN12: 0 | BO12: 0 | BP12: 6 | BQ12: 2 | BR12: 1 | BS12: 0 | BT12: 0 | BU12: 0 | BV12: 1 | BW12: 0 | BX12: 0 | BY12: Построчная индексация | BZ12: ТР для Версии 11: Центральные регионы (с уч. п-ма 2536-ИП/12/ГС от 27.11.12, 01/57049-ЮЛ от 27.04.2018) от 27.04.2020 г | CA12: Ульяновская область (редакция 2014 года) | CB12: Ульяновская область (редакция 2014 года) | CC12: Ульяновская область (редакция 2014 года) | CD12: Ульяновская область (редакция 2014 года) | CE12: Поправки для НБ 2014 года от 28.12.2015 | CF12: 0 | CG12: 0 | CH12: 8 | CK12: 0 | EC12: 0
A15: 15 | B15: 1
A18: 52 | B18: =B124 -> 195 | C18: =C124 -> 1 | D18: =D124 -> 12 | E18: =E124 -> 0 | F18: =F124 -> Новый объект_(Копия)_(Копия)_(Копия)_(Копия)_(Копия)_(Копия) | G18: =G124 -> Смета №2 факт последнее | O18: =O124 -> 568995.41 | P18: =P124 -> 235079.94 | Q18: =Q124 -> 3840.39 | R18: =R124 -> 546.81 | S18: =S124 -> 330075.08 | T18: =T124 -> 0 | U18: =U124 -> 669.75291 | V18: =V124 -> 0.84744 | ... GX18: =GX124 -> 0
A20: 3 | B20: 1 | D20: =ROW(A82) -> 82 | F20: Новая локальная смета | G20: Новая локальная смета | I20: 0 | K20: 0 | V20: 0 | BX20: 0 | CF20: 0 | CG20: 0
A22: 52 | B22: =B82 -> 1 | C22: =C82 -> 3 | D22: =D82 -> 20 | E22: =E82 -> 0 | F22: =F82 -> Новая локальная смета | G22: =G82 -> Новая локальная смета | O22: =O82 -> 568995.41 | P22: =P82 -> 235079.94 | Q22: =Q82 -> 3840.39 | R22: =R82 -> 546.81 | S22: =S82 -> 330075.08 | T22: =T82 -> 0 | U22: =U82 -> 669.75291 | V22: =V82 -> 0.84744 | ... GX22: =GX82 -> 0
A24: 4 | B24: 1 | D24: =ROW(A40) -> 40 | F24: Новый раздел | G24: Ремонт кабельных линий | I24: 0 | K24: 0 | V24: 0 | BX24: 0 | CJ24: 0
A26: 52 | B26: =B40 -> 1 | C26: =C40 -> 4 | D26: =D40 -> 24 | E26: =E40 -> 0 | F26: =F40 -> Новый раздел | G26: =G40 -> Ремонт кабельных линий | O26: =O40 -> 568995.41 | P26: =P40 -> 235079.94 | Q26: =Q40 -> 3840.39 | R26: =R40 -> 546.81 | S26: =S40 -> 330075.08 | T26: =T40 -> 0 | U26: =U40 -> 669.75291 | V26: =V40 -> 0.84744 | ... GX26: =GX40 -> 0
A28: 17 | B28: 1 | C28: =ROW(SmtRes!A1) -> 1 | D28: =ROW(EtalonRes!A1) -> 1 | E28: 1 | F28: 01-02-055-2 | G28: Разработка грунта вручную с креплениями в траншеях шириной до 2 м, глубиной до 2 м, группа грунтов 2 | H28: 100 м3 грунта | I28: =ROUND(18/100,9) -> 0.18 | J28: 0 | O28: =ROUND(CP28,2) -> 34923.75 | P28: =ROUND(CQ28*I28,2) -> 0 | Q28: =ROUND(CR28*I28,2) -> 0 | R28: =ROUND(CS28*I28,2) -> 0 | S28: =ROUND(CT28*I28,2) -> 34923.75 | T28: =ROUND(CU28*I28,2) -> 0 | U28: =CV28*I28 -> 89.20044 | V28: =CW28*I28 -> 0 | W28: =ROUND(CX28*I28,2) -> 0 | X28: =ROUND(CY28,2) -> 21303.49 | Y28: =ROUND(CZ28,2) -> 10826.36 | AA28: 30528041 | AB28: =ROUND((AC28+AD28+AF28),6) -> 4098.1343 | AC28: =ROUND((ES28),6) -> 0 | AD28: =ROUND(((((ET28*1.15))-((EU28*1.15)))+AE28),6) -> 0 | AE28: =ROUND(((EU28*1.15)),6) -> 0 | AF28: =ROUND(((EV28*1.15)),6) -> 4098.1343 | AG28: =ROUND((AP28),6) -> 0 | AH28: =((EW28*1.15)) -> 495.558 | AI28: =((EX28*1.15)) -> 0 | AJ28: =(AS28) -> 0 | AK28: 3785.3298 | AL28: 0 | AM28: 0 | AN28: 0 | AO28: 4561.4016 | AP28: 0 | AQ28: 463.05 | AR28: 0 | AS28: 0 | AT28: 61 | AU28: 31 | AV28: 1 | AW28: 1 | AZ28: 2.49 | BA28: 47.3437 | BB28: 2.58 | BC28: 2.33 | BH28: 0 | BI28: 1 | BJ28: ТЕР Ульяновской обл. в ред. 2014 г.,сб.01,гл.02,табл.055,поз.2 | BM28: 1003 | BN28: 0 | BO28: 01-02-055-2 | BP28: 1 | BQ28: 2 | BR28: 0 | BS28: 37.0364 | BT28: 1 | BU28: 1 | BV28: 1 | BW28: 1 | BX28: 1 | BZ28: 80 | CA28: 45 | CE28: 0 | CF28: 0 | CG28: 0 | CM28: 0 | CN28: Поправка: МДС 81-35.2004, прил.1, т.1, п.4 Наименование: Производство строительных и других работ на открытых и полуоткрытых производственных площадках в стесненных условиях: с наличием в зоне производства работ действующего технологического оборудования или движения технологического транспорта | CO28: 0 | CP28: =(P28+Q28+S28) -> 34923.75 | CQ28: =AC28*BC28 -> 0 | CR28: =AD28*BB28 -> 0 | CS28: =AE28*BS28 -> 0 | CT28: =AF28*BA28 -> 194020.84 | CU28: =AG28 -> 0 | CV28: =AH28 -> 495.558 | CW28: =AI28 -> 0 | CX28: =AJ28 -> 0 | CY28: =(((S28+R28)*AT28)/100) -> 21303.487 | CZ28: =(((S28+R28)*AU28)/100) -> 10826.362 | DE28: )*1,15 | DF28: )*1,15 | DG28: )*1,15 | DI28: )*1,15 | DJ28: )*1,15 | DN28: 0 | DO28: 0 | DP28: 1 | DQ28: 1 | DU28: 1013 | DV28: 100 м3 грунта | DW28: 100 м3 грунта | DX28: 1 | EE28: 28959749 | EF28: 2 | EG28: Общестроительные работы | EH28: 0 | EJ28: 1 | EK28: 1003 | EL28: Земляные работы, выполняемые ручным способом | EM28: ФЕР-01 | EO28: Поправка: МДС 81-35.2004, прил.1, т.1, п.4 | EQ28: 0 | ER28: 3642.786 | ES28: 0 | ET28: 0 | EU28: 0 | EV28: 3563.595 | EW28: 430.92 | EX28: 0 | EY28: 0 | FQ28: 0 | FR28: =ROUND(IF(AND(BH28=3,BI28=3),P28,0),2) -> 0 | FS28: 0 | FT28: *0,9 | FU28: *0,85 | FV28: *0,85 | FW28: *0,8 | FX28: 72 | FY28: 38.25 | GD28: 1 | GF28: 930944339 | GG28: 2 | GH28: 1 | GI28: 2 | GJ28: 0 | GK28: 0 | GL28: =ROUND(IF(AND(BH28=3,BI28=3,FS28<>0),P28,0),2) -> 0 | GM28: =ROUND(O28+X28+Y28,2)+GX28 -> 67053.6 | GN28: =IF(OR(BI28=0,BI28=1),ROUND(O28+X28+Y28,2),0) -> 67053.6 | GO28: =IF(BI28=2,ROUND(O28+X28+Y28,2),0) -> 0 | GP28: =IF(BI28=4,ROUND(O28+X28+Y28,2)+GX28,0) -> 0 | GR28: 0 | GS28: 0 | GT28: 0 | GV28: =ROUND((GT28),6) -> 0 | GW28: 2.34 | GX28: =ROUND(HC28*I28,2) -> 0 | HA28: 0 | HB28: 0 | HC28: =GV28*GW28 -> 0 | IK28: 0
A29: 17 | B29: 1 | C29: =ROW(SmtRes!A2) -> 2 | D29: =ROW(EtalonRes!A2) -> 2 | E29: 2 | F29: 01-02-061-2 | G29: Засыпка вручную траншей, пазух котлованов и ям, группа грунтов 2 | H29: 100 м3 грунта | I29: =ROUND(18/100,9) -> 0.18 | J29: 0 | O29: =ROUND(CP29,2) -> 14721.88 | P29: =ROUND(CQ29*I29,2) -> 0 | Q29: =ROUND(CR29*I29,2) -> 0 | R29: =ROUND(CS29*I29,2) -> 0 | S29: =ROUND(CT29*I29,2) -> 14721.88 | T29: =ROUND(CU29*I29,2) -> 0 | U29: =CV29*I29 -> 45.83952 | V29: =CW29*I29 -> 0 | W29: =ROUND(CX29*I29,2) -> 0 | X29: =ROUND(CY29,2) -> 8980.35 | Y29: =ROUND(CZ29,2) -> 4563.78 | AA29: 30528041 | AB29: =ROUND((AC29+AD29+AF29),6) -> 1895.4 | AC29: =ROUND((ES29),6) -> 0 | AD29: =ROUND((((ET29)-(EU29))+AE29),6) -> 0 | AE29: =ROUND((EU29),6) -> 0 | AF29: =ROUND((EV29),6) -> 1895.4 | AG29: =ROUND((AP29),6) -> 0 | AH29: =(EW29) -> 254.664 | AI29: =(EX29) -> 0 | AJ29: =(AS29) -> 0 | AK29: 2026.62 | AL29: 0 | AM29: 0 | AN29: 0 | AO29: 1749.6 | AP29: 0 | AQ29: 208.008 | AR29: 0 | AS29: 0 | AT29: 61 | AU29: 31 | AV29: 1 | AW29: 1 | AZ29: 2.51 | BA29: 43.1509 | BB29: 2.72 | BC29: 2.52 | BH29: 0 | BI29: 1 | BJ29: ТЕР Ульяновской обл. в ред. 2014 г.,сб.01,гл.02,табл.061,поз.2 | BM29: 1003 | BN29: 0 | BO29: 01-02-061-2 | BP29: 1 | BQ29: 2 | BR29: 0 | BS29: 46.4702 | BT29: 1 | BU29: 1 | BV29: 1 | BW29: 1 | BX29: 1 | BZ29: 80 | CA29: 45 | CE29: 0 | CF29: 0 | CG29: 0 | CM29: 0 | CO29: 0 | CP29: =(P29+Q29+S29) -> 14721.88 | CQ29: =AC29*BC29 -> 0 | CR29: =AD29*BB29 -> 0 | CS29: =AE29*BS29 -> 0 | CT29: =AF29*BA29 -> 81788.216 | CU29: =AG29 -> 0 | CV29: =AH29 -> 254.664 | CW29: =AI29 -> 0 | CX29: =AJ29 -> 0 | CY29: =(((S29+R29)*AT29)/100) -> 8980.3468 | CZ29: =(((S29+R29)*AU29)/100) -> 4563.7828 | DN29: 0 | DO29: 0 | DP29: 1 | DQ29: 1 | DU29: 1013 | DV29: 100 м3 грунта | DW29: 100 м3 грунта | DX29: 1 | EE29: 28959749 | EF29: 2 | EG29: Общестроительные работы | EH29: 0 | EJ29: 1 | EK29: 1003 | EL29: Земляные работы, выполняемые ручным способом | EM29: ФЕР-01 | EQ29: 0 | ER29: 1662.12 | ES29: 0 | ET29: 0 | EU29: 0 | EV29: 1895.4 | EW29: 254.664 | EX29: 0 | EY29: 0 | FQ29: 0 | FR29: =ROUND(IF(AND(BH29=3,BI29=3),P29,0),2) -> 0 | FS29: 0 | FT29: *0,9 | FU29: *0,85 | FV29: *0,85 | FW29: *0,8 | FX29: 72 | FY29: 38.25 | GD29: 1 | GF29: -324419113 | GG29: 2 | GH29: 1 | GI29: 2 | GJ29: 0 | GK29: 0 | GL29: =ROUND(IF(AND(BH29=3,BI29=3,FS29<>0),P29,0),2) -> 0 | GM29: =ROUND(O29+X29+Y29,2)+GX29 -> 28266.01 | GN29: =IF(OR(BI29=0,BI29=1),ROUND(O29+X29+Y29,2),0) -> 28266.01 | GO29: =IF(BI29=2,ROUND(O29+X29+Y29,2),0) -> 0 | GP29: =IF(BI29=4,ROUND(O29+X29+Y29,2)+GX29,0) -> 0 | GR29: 0 | GS29: 0 | GT29: 0 | GV29: =ROUND((GT29),6) -> 0 | GW29: 2.28 | GX29: =ROUND(HC29*I29,2) -> 0 | HA29: 0 | HB29: 0 | HC29: =GV29*GW29 -> 0 | IK29: 0
A30: 17 | B30: 1 | C30: =ROW(SmtRes!A4) -> 4 | D30: =ROW(EtalonRes!A4) -> 4 | E30: 3 | F30: п01-11-001-2 | G30: Поиск и определение места повреждения кабеля с прожигом, длина кабеля до 1000 м | H30: 1 кабель | I30: 1 | J30: 0 | O30: =ROUND(CP30,2) -> 50489.24 | P30: =ROUND(CQ30*I30,2) -> 0 | Q30: =ROUND(CR30*I30,2) -> 0 | R30: =ROUND(CS30*I30,2) -> 0 | S30: =ROUND(CT30*I30,2) -> 50489.24 | T30: =ROUND(CU30*I30,2) -> 0 | U30: =CV30*I30 -> 86.508 | V30: =CW30*I30 -> 0 | W30: =ROUND(CX30*I30,2) -> 0 | X30: =ROUND(CY30,2) -> 27769.08 | Y30: =ROUND(CZ30,2) -> 16156.56 | AA30: 30528041 | AB30: =ROUND((AC30+AD30+AF30),6) -> 1120.176 | AC30: =ROUND((ES30),6) -> 0 | AD30: =ROUND((((ET30)-(EU30))+AE30),6) -> 0 | AE30: =ROUND((EU30),6) -> 0 | AF30: =ROUND((EV30),6) -> 1120.176 | AG30: =ROUND((AP30),6) -> 0 | AH30: =(EW30) -> 86.508 | AI30: =(EX30) -> 0 | AJ30: =(AS30) -> 0 | AK30: 1091.1344 | AL30: 0 | AM30: 0 | AN30: 0 | AO30: 941.7776 | AP30: 0 | AQ30: 73.224 | AR30: 0 | AS30: 0 | AT30: 55 | AU30: 32 | AV30: 1 | AW30: 1 | AZ30: 2.23 | BA30: 45.0726 | BB30: 2.85 | BC30: 2.13 | BH30: 0 | BI30: 4 | BJ30: ТЕРп Ульяновской обл. в ред. 2014 г.,сб.01,гл.11,табл.001,поз.2 | BM30: 200001 | BN30: 0 | BP30: 0 | BQ30: 4 | BR30: 0 | BS30: 2.66 | BT30: 1 | BU30: 1 | BV30: 1 | BW30: 1 | BX30: 1 | BZ30: 65 | CA30: 40 | CE30: 0 | CF30: 0 | CG30: 0 | CM30: 0 | CO30: 0 | CP30: =(P30+Q30+S30) -> 50489.24 | CQ30: =AC30*BC30 -> 0 | CR30: =AD30*BB30 -> 0 | CS30: =AE30*BS30 -> 0 | CT30: =AF30*BA30 -> 50489.245 | CU30: =AG30 -> 0 | CV30: =AH30 -> 86.508 | CW30: =AI30 -> 0 | CX30: =AJ30 -> 0 | CY30: =(((S30+R30)*AT30)/100) -> 27769.082 | CZ30: =(((S30+R30)*AU30)/100) -> 16156.557 | DN30: 0 | DO30: 0 | DP30: 1 | DQ30: 1 | DU30: 1013 | DV30: 1 кабель | DW30: 1 кабель | DX30: 1 | EE30: 28959698 | EF30: 4 | EG30: Пусконаладочные работы | EH30: 0 | EJ30: 4 | EK30: 200001 | EL30: Пусконаладочные работы : все сборники, отдел 05 ( диагностика лифтов ) и отдел 06 ( техническое освидетельствование ) сборника мрФЕР-01 | EM30: пФЕРп | EQ30: 0 | ER30: 887.8432 | ES30: 0 | ET30: 0 | EU30: 0 | EV30: 1120.176 | EW30: 86.508 | EX30: 0 | EY30: 0 | FQ30: 0 | FR30: =ROUND(IF(AND(BH30=3,BI30=3),P30,0),2) -> 0 | FS30: 0 | FV30: *0,85 | FW30: *0,8 | FX30: 65 | FY30: 40 | GD30: 1 | GF30: 193069492 | GG30: 2 | GH30: 1 | GI30: 2 | GJ30: 0 | GK30: 0 | GL30: =ROUND(IF(AND(BH30=3,BI30=3,FS30<>0),P30,0),2) -> 0 | GM30: =ROUND(O30+X30+Y30,2)+GX30 -> 94414.88 | GN30: =IF(OR(BI30=0,BI30=1),ROUND(O30+X30+Y30,2),0) -> 0 | GO30: =IF(BI30=2,ROUND(O30+X30+Y30,2),0) -> 0 | GP30: =IF(BI30=4,ROUND(O30+X30+Y30,2)+GX30,0) -> 94414.88 | GR30: 0 | GS30: 3 | GT30: 0 | GV30: =ROUND((GT30),6) -> 0 | GW30: 2.73 | GX30: =ROUND(HC30*I30,2) -> 0 | HA30: 0 | HB30: 0 | HC30: =GV30*GW30 -> 0 | IK30: 0
A31: 17 | B31: 1 | C31: =ROW(SmtRes!A6) -> 6 | D31: =ROW(EtalonRes!A6) -> 6 | E31: 4 | F31: п01-11-001-3 | G31: Поиск и определение места повреждения кабеля с прожигом, длина кабеля за каждые последующие 500 м добавлять к расценке 01-11-001-02 | H31: 500 м кабеля | I31: =ROUND(3230/500,9) -> 6.46 | J31: 0 | O31: =ROUND(CP31,2) -> 106786.63 | P31: =ROUND(CQ31*I31,2) -> 0 | Q31: =ROUND(CR31*I31,2) -> 0 | R31: =ROUND(CS31*I31,2) -> 0 | S31: =ROUND(CT31*I31,2) -> 106786.63 | T31: =ROUND(CU31*I31,2) -> 0 | U31: =CV31*I31 -> 173.60346 | V31: =CW31*I31 -> 0 | W31: =ROUND(CX31*I31,2) -> 0 | X31: =ROUND(CY31,2) -> 58732.65 | Y31: =ROUND(CZ31,2) -> 34171.72 | AA31: 30528041 | AB31: =ROUND((AC31+AD31+AF31),6) -> 448.4448 | AC31: =ROUND((ES31),6) -> 0 | AD31: =ROUND((((ET31)-(EU31))+AE31),6) -> 0 | AE31: =ROUND((EU31),6) -> 0 | AF31: =ROUND((EV31),6) -> 448.4448 | AG31: =ROUND((AP31),6) -> 0 | AH31: =(EW31) -> 26.8736 | AI31: =(EX31) -> 0 | AJ31: =(AS31) -> 0 | AK31: 365.9185 | AL31: 0 | AM31: 0 | AN31: 0 | AO31: 435.988 | AP31: 0 | AQ31: 28.576 | AR31: 0 | AS31: 0 | AT31: 55 | AU31: 32 | AV31: 1 | AW31: 1 | AZ31: 2.14 | BA31: 36.8617 | BB31: 2.22 | BC31: 2.34 | BH31: 0 | BI31: 4 | BJ31: ТЕРп Ульяновской обл. в ред. 2014 г.,сб.01,гл.11,табл.001,поз.3 | BM31: 200001 | BN31: 0 | BP31: 0 | BQ31: 4 | BR31: 0 | BS31: 2.19 | BT31: 1 | BU31: 1 | BV31: 1 | BW31: 1 | BX31: 1 | BZ31: 65 | CA31: 40 | CE31: 0 | CF31: 0 | CG31: 0 | CM31: 0 | CO31: 0 | CP31: =(P31+Q31+S31) -> 106786.63 | CQ31: =AC31*BC31 -> 0 | CR31: =AD31*BB31 -> 0 | CS31: =AE31*BS31 -> 0 | CT31: =AF31*BA31 -> 16530.438 | CU31: =AG31 -> 0 | CV31: =AH31 -> 26.8736 | CW31: =AI31 -> 0 | CX31: =AJ31 -> 0 | CY31: =(((S31+R31)*AT31)/100) -> 58732.647 | CZ31: =(((S31+R31)*AU31)/100) -> 34171.722 | DN31: 0 | DO31: 0 | DP31: 1 | DQ31: 1 | DU31: 1013 | DV31: 500 м кабеля | DW31: 500 м кабеля | DX31: 1 | EE31: 28959698 | EF31: 4 | EG31: Пусконаладочные работы | EH31: 0 | EJ31: 4 | EK31: 200001 | EL31: Пусконаладочные работы : все сборники, отдел 05 ( диагностика лифтов ) и отдел 06 ( техническое освидетельствование ) сборника мрФЕР-01 | EM31: пФЕРп | EQ31: 0 | ER31: 393.9463 | ES31: 0 | ET31: 0 | EU31: 0 | EV31: 448.4448 | EW31: 26.8736 | EX31: 0 | EY31: 0 | FQ31: 0 | FR31: =ROUND(IF(AND(BH31=3,BI31=3),P31,0),2) -> 0 | FS31: 0 | FV31: *0,85 | FW31: *0,8 | FX31: 65 | FY31: 40 | GD31: 1 | GF31: 1607403973 | GG31: 2 | GH31: 1 | GI31: 2 | GJ31: 0 | GK31: 0 | GL31: =ROUND(IF(AND(BH31=3,BI31=3,FS31<>0),P31,0),2) -> 0 | GM31: =ROUND(O31+X31+Y31,2)+GX31 -> 199691 | GN31: =IF(OR(BI31=0,BI31=1),ROUND(O31+X31+Y31,2),0) -> 0 | GO31: =IF(BI31=2,ROUND(O31+X31+Y31,2),0) -> 0 | GP31: =IF(BI31=4,ROUND(O31+X31+Y31,2)+GX31,0) -> 199691 | GR31: 0 | GS31: 3 | GT31: 0 | GV31: =ROUND((GT31),6) -> 0 | GW31: 2.14 | GX31: =ROUND(HC31*I31,2) -> 0 | HA31: 0 | HB31: 0 | HC31: =GV31*GW31 -> 0 | IK31: 0
A32: 17 | B32: 1 | C32: =ROW(SmtRes!A12) -> 12 | D32: =ROW(EtalonRes!A11) -> 11 | E32: 5 | F32: м08-02-170-2 | G32: Муфта концевая из пластмассового корпуса с заливкой эпоксидным компаундом для 3-жильного кабеля напряжением до 35 кВ, сечение жил до 120 мм2 | H32: 1 оконцевание (3 муфты) | I32: 6 | J32: 0 | O32: =ROUND(CP32,2) -> 89220.04 | P32: =ROUND(CQ32*I32,2) -> 3423.66 | Q32: =ROUND(CR32*I32,2) -> 0 | R32: =ROUND(CS32*I32,2) -> 0 | S32: =ROUND(CT32*I32,2) -> 85796.38 | T32: =ROUND(CU32*I32,2) -> 0 | U32: =CV32*I32 -> 181.248 | V32: =CW32*I32 -> 0 | W32: =ROUND(CX32*I32,2) -> 0 | X32: =ROUND(CY32,2) -> 69495.07 | Y32: =ROUND(CZ32,2) -> 44614.12 | AA32: 30528041 | AB32: =ROUND((AC32+AD32+AF32),6) -> 315.5365 | AC32: =ROUND((ES32),6) -> 32.3145 | AD32: =ROUND((((ET32)-(EU32))+AE32),6) -> 0 | AE32: =ROUND((EU32),6) -> 0 | AF32: =ROUND((EV32),6) -> 283.222 | AG32: =ROUND((AP32),6) -> 0 | AH32: =(EW32) -> 30.208 | AI32: =(EX32) -> 0 | AJ32: =(AS32) -> 0 | AK32: 386.876 | AL32: 41.9337 | AM32: 0 | AN32: 0 | AO32: 314.007 | AP32: 0 | AQ32: 27.392 | AR32: 0 | AS32: 0 | AT32: 81 | AU32: 52 | AV32: 1 | AW32: 1 | AZ32: 2.64 | BA32: 50.4883 | BB32: 2.64 | BC32: 17.658 | BH32: 0 | BI32: 2 | BJ32: ТЕРм Ульяновской обл. в ред. 2014 г.,сб.08,гл.02,табл.170,поз.2 | BM32: 108001 | BN32: 0 | BO32: м08-02-170-2 | BP32: 1 | BQ32: 3 | BR32: 0 | BS32: 48.7413 | BT32: 1 | BU32: 1 | BV32: 1 | BW32: 1 | BX32: 1 | BZ32: 95 | CA32: 65 | CE32: 0 | CF32: 0 | CG32: 0 | CM32: 0 | CO32: 0 | CP32: =(P32+Q32+S32) -> 89220.04 | CQ32: =AC32*BC32 -> 570.60944 | CR32: =AD32*BB32 -> 0 | CS32: =AE32*BS32 -> 0 | CT32: =AF32*BA32 -> 14299.397 | CU32: =AG32 -> 0 | CV32: =AH32 -> 30.208 | CW32: =AI32 -> 0 | CX32: =AJ32 -> 0 | CY32: =(((S32+R32)*AT32)/100) -> 69495.068 | CZ32: =(((S32+R32)*AU32)/100) -> 44614.118 | DN32: 0 | DO32: 0 | DP32: 1 | DQ32: 1 | DU32: 1013 | DV32: 1 оконцевание (3 муфты) | DW32: 1 оконцевание (3 муфты) | DX32: 1 | EE32: 28959656 | EF32: 3 | EG32: Монтажные работы | EH32: 0 | EJ32: 2 | EK32: 108001 | EL32: Электромонтажные работы , отдел 01-03 : ( на АЭС НР = 110% ) - (работы по упр. авиа.- движением: СП=55% ( {АВИА}=1; обычные работы : СП=65 - {AВИА}=0), при работе на АЭС СП= 68% ) | EM32: мФЕР-08 | EQ32: 0 | ER32: 371.6773 | ES32: 32.3145 | ET32: 0 | EU32: 0 | EV32: 283.222 | EW32: 30.208 | EX32: 0 | EY32: 0 | FQ32: 0 | FR32: =ROUND(IF(AND(BH32=3,BI32=3),P32,0),2) -> 0 | FS32: 0 | FV32: *0,85 | FW32: *0,8 | FX32: 95 | FY32: 65 | GD32: 1 | GF32: -54751308 | GG32: 2 | GH32: 1 | GI32: 2 | GJ32: 0 | GK32: 0 | GL32: =ROUND(IF(AND(BH32=3,BI32=3,FS32<>0),P32,0),2) -> 0 | GM32: =ROUND(O32+X32+Y32,2)+GX32 -> 203329.23 | GN32: =IF(OR(BI32=0,BI32=1),ROUND(O32+X32+Y32,2),0) -> 0 | GO32: =IF(BI32=2,ROUND(O32+X32+Y32,2),0) -> 203329.23 | GP32: =IF(BI32=4,ROUND(O32+X32+Y32,2)+GX32,0) -> 0 | GR32: 0 | GS32: 3 | GT32: 0 | GV32: =ROUND((GT32),6) -> 0 | GW32: 2.17 | GX32: =ROUND(HC32*I32,2) -> 0 | HA32: 0 | HB32: 0 | HC32: =GV32*GW32 -> 0 | IK32: 0
A33: 18 | B33: 1 | C33: 10 | E33: 5,1 | F33: 502-0769 | G33: Муфта термоусаживаемая соединительная для кабеля с полиэтиленовой или бумажной изоляцией на напряжение до 10 кВ, марки СТп-10-3х(70-120) мм2 | H33: шт. | I33: =I32*J33 -> 6 | J33: 1 | O33: =ROUND(CP33,2) -> 141891.74 | P33: =ROUND(CQ33*I33,2) -> 141891.74 | Q33: =ROUND(CR33*I33,2) -> 0 | R33: =ROUND(CS33*I33,2) -> 0 | S33: =ROUND(CT33*I33,2) -> 0 | T33: =ROUND(CU33*I33,2) -> 0 | U33: =CV33*I33 -> 0 | V33: =CW33*I33 -> 0 | W33: =ROUND(CX33*I33,2) -> 0 | X33: =ROUND(CY33,2) -> 0 | Y33: =ROUND(CZ33,2) -> 0 | AA33: 30528041 | AB33: =ROUND((AC33+AD33+AF33),6) -> 1887.8423 | AC33: =ROUND((ES33),6) -> 1887.8423 | AD33: =ROUND((((ET33)-(EU33))+AE33),6) -> 0 | AE33: =ROUND((EU33),6) -> 0 | AF33: =ROUND((EV33),6) -> 0 | AG33: =ROUND((AP33),6) -> 0 | AH33: =(EW33) -> 0 | AI33: =(EX33) -> 0 | AJ33: =(AS33) -> 0 | AK33: 1444.4345 | AL33: 1605.6737 | AM33: 0 | AN33: 0 | AO33: 0 | AP33: 0 | AQ33: 0 | AR33: 0 | AS33: 0 | AT33: 0 | AU33: 0 | AV33: 1 | AW33: 1 | AZ33: 2.11 | BA33: 2.16 | BB33: 2.12 | BC33: 12.5268 | BH33: 3 | BI33: 2 | BJ33: ТССЦ Ульяновской обл. в ред. 2014 г., сб.<I>, поз.0769 | BM33: 500002 | BN33: 0 | BO33: 502-0769 | BP33: 1 | BQ33: 12 | BR33: 0 | BS33: 2.28 | BT33: 1 | BU33: 1 | BV33: 1 | BW33: 1 | BX33: 1 | BZ33: 0 | CA33: 0 | CE33: 0 | CF33: 0 | CG33: 0 | CM33: 0 | CO33: 0 | CP33: =(P33+Q33+S33) -> 141891.74 | CQ33: =AC33*BC33 -> 23648.623 | CR33: =AD33*BB33 -> 0 | CS33: =AE33*BS33 -> 0 | CT33: =AF33*BA33 -> 0 | CU33: =AG33 -> 0 | CV33: =AH33 -> 0 | CW33: =AI33 -> 0 | CX33: =AJ33 -> 0 | CY33: =(((S33+R33)*AT33)/100) -> 0 | CZ33: =(((S33+R33)*AU33)/100) -> 0 | DN33: 0 | DO33: 0 | DP33: 1 | DQ33: 1 | DU33: 1010 | DV33: шт. | DW33: шт. | DX33: 1 | EE33: 28959707 | EF33: 12 | EG33: Материалы монтажные | EH33: 0 | EJ33: 2 | EK33: 500002 | EL33: Материалы и конструкции ( монтажные ) по ценникам и каталогам | EM33: ФССЦм | EQ33: 0 | ER33: 1430.9979 | ES33: 1887.8423 | ET33: 0 | EU33: 0 | EV33: 0 | EW33: 0 | EX33: 0 | FQ33: 0 | FR33: =ROUND(IF(AND(BH33=3,BI33=3),P33,0),2) -> 0 | FS33: 0 | FX33: 0 | FY33: 0 | GD33: 1 | GF33: 1048833068 | GG33: 2 | GH33: 1 | GI33: 2 | GJ33: 0 | GK33: 0 | GL33: =ROUND(IF(AND(BH33=3,BI33=3,FS33<>0),P33,0),2) -> 0 | GM33: =ROUND(O33+X33+Y33,2)+GX33 -> 141891.74 | GN33: =IF(OR(BI33=0,BI33=1),ROUND(O33+X33+Y33,2),0) -> 0 | GO33: =IF(BI33=2,ROUND(O33+X33+Y33,2),0) -> 141891.74 | GP33: =IF(BI33=4,ROUND(O33+X33+Y33,2)+GX33,0) -> 0 | GR33: 0 | GS33: 3 | GT33: 0 | GV33: =ROUND((GT33),6) -> 0 | GW33: 2.8 | GX33: =ROUND(HC33*I33,2) -> 0 | HA33: 0 | HB33: 0 | HC33: =GV33*GW33 -> 0 | IK33: 0
A34: 17 | B34: 1 | C34: =ROW(SmtRes!A25) -> 25 | D34: =ROW(EtalonRes!A23) -> 23 | E34: 6 | F34: м08-02-141-4 | G34: Кабель до 35 кВ в готовых траншеях без покрытий, масса 1 м до 6 кг | H34: 100 м кабеля | I34: =ROUND(30/100,9) -> 0.3 | J34: 0 | O34: =ROUND(CP34,2) -> 11536.47 | P34: =ROUND(CQ34*I34,2) -> 998.85 | Q34: =ROUND(CR34*I34,2) -> 3840.39 | R34: =ROUND(CS34*I34,2) -> 546.81 | S34: =ROUND(CT34*I34,2) -> 6697.23 | T34: =ROUND(CU34*I34,2) -> 0 | U34: =CV34*I34 -> 14.49264 | V34: =CW34*I34 -> 0.84744 | W34: =ROUND(CX34*I34,2) -> 0 | X34: =ROUND(CY34,2) -> 5867.67 | Y34: =ROUND(CZ34,2) -> 3766.9 | AA34: 30528041 | AB34: =ROUND((AC34+AD34+AF34),6) -> 1385.2776 | AC34: =ROUND((ES34),6) -> 153.4085 | AD34: =ROUND((((ET34)-(EU34))+AE34),6) -> 773.857 | AE34: =ROUND((EU34),6) -> 42.4116 | AF34: =ROUND((EV34),6) -> 458.0121 | AG34: =ROUND((AP34),6) -> 0 | AH34: =(EW34) -> 48.3088 | AI34: =(EX34) -> 2.8248 | AJ34: =(AS34) -> 0 | AK34: 1261.3549 | AL34: 142.4094 | AM34: 705.5755 | AN34: 49.3614 | AO34: 414.3919 | AP34: 0 | AQ34: 43.6 | AR34: 2.838 | AS34: 0 | AT34: 81 | AU34: 52 | AV34: 1 | AW34: 1 | AZ34: 2.11 | BA34: 48.7413 | BB34: 16.5422 | BC34: 21.7035 | BH34: 0 | BI34: 2 | BJ34: ТЕРм Ульяновской обл. в ред. 2014 г.,сб.08,гл.02,табл.141,поз.4 | BM34: 108001 | BN34: 0 | BO34: м08-02-141-4 | BP34: 1 | BQ34: 3 | BR34: 0 | BS34: 42.9762 | BT34: 1 | BU34: 1 | BV34: 1 | BW34: 1 | BX34: 1 | BZ34: 95 | CA34: 65 | CE34: 0 | CF34: 0 | CG34: 0 | CM34: 0 | CO34: 0 | CP34: =(P34+Q34+S34) -> 11536.47 | CQ34: =AC34*BC34 -> 3329.5014 | CR34: =AD34*BB34 -> 12801.297 | CS34: =AE34*BS34 -> 1822.6894 | CT34: =AF34*BA34 -> 22324.105 | CU34: =AG34 -> 0 | CV34: =AH34 -> 48.3088 | CW34: =AI34 -> 2.8248 | CX34: =AJ34 -> 0 | CY34: =(((S34+R34)*AT34)/100) -> 5867.6724 | CZ34: =(((S34+R34)*AU34)/100) -> 3766.9008 | DN34: 0 | DO34: 0 | DP34: 1 | DQ34: 1 | DU34: 1013 | DV34: 100 м кабеля | DW34: 100 м кабеля | DX34: 1 | EE34: 28959656 | EF34: 3 | EG34: Монтажные работы | EH34: 0 | EJ34: 2 | EK34: 108001 | EL34: Электромонтажные работы , отдел 01-03 : ( на АЭС НР = 110% ) - (работы по упр. авиа.- движением: СП=55% ( {АВИА}=1; обычные работы : СП=65 - {AВИА}=0), при работе на АЭС СП= 68% ) | EM34: мФЕР-08 | EQ34: 0 | ER34: 1217.2901 | ES34: 153.4085 | ET34: 773.857 | EU34: 42.4116 | EV34: 458.0121 | EW34: 48.3088 | EX34: 2.8248 | EY34: 0 | FQ34: 0 | FR34: =ROUND(IF(AND(BH34=3,BI34=3),P34,0),2) -> 0 | FS34: 0 | FV34: *0,85 | FW34: *0,8 | FX34: 95 | FY34: 65 | GD34: 1 | GF34: -997670802 | GG34: 2 | GH34: 1 | GI34: 2 | GJ34: 0 | GK34: 0 | GL34: =ROUND(IF(AND(BH34=3,BI34=3,FS34<>0),P34,0),2) -> 0 | GM34: =ROUND(O34+X34+Y34,2)+GX34 -> 21171.04 | GN34: =IF(OR(BI34=0,BI34=1),ROUND(O34+X34+Y34,2),0) -> 0 | GO34: =IF(BI34=2,ROUND(O34+X34+Y34,2),0) -> 21171.04 | GP34: =IF(BI34=4,ROUND(O34+X34+Y34,2)+GX34,0) -> 0 | GR34: 0 | GS34: 0 | GT34: 0 | GV34: =ROUND((GT34),6) -> 0 | GW34: 2.13 | GX34: =ROUND(HC34*I34,2) -> 0 | HA34: 0 | HB34: 0 | HC34: =GV34*GW34 -> 0 | IK34: 0
A35: 18 | B35: 1 | C35: 24 | E35: 6,1 | F35: 501-0454 | G35: Кабели силовые на напряжение 6000 В для прокладке в земле с алюминиевыми жилами с двумя слоями пластмассовых лент марки:АСБ2лУ, с числом жил - 3 и сечением 95 мм2 | H35: 1000 м | I35: =I34*J35 -> 0.03 | J35: 0.1 | O35: =ROUND(CP35,2) -> 88765.69 | P35: =ROUND(CQ35*I35,2) -> 88765.69 | Q35: =ROUND(CR35*I35,2) -> 0 | R35: =ROUND(CS35*I35,2) -> 0 | S35: =ROUND(CT35*I35,2) -> 0 | T35: =ROUND(CU35*I35,2) -> 0 | U35: =CV35*I35 -> 0 | V35: =CW35*I35 -> 0 | W35: =ROUND(CX35*I35,2) -> 0 | X35: =ROUND(CY35,2) -> 0 | Y35: =ROUND(CZ35,2) -> 0 | AA35: 30528041 | AB35: =ROUND((AC35+AD35+AF35),6) -> 231649.29 | AC35: =ROUND((ES35),6) -> 231649.29 | AD35: =ROUND((((ET35)-(EU35))+AE35),6) -> 0 | AE35: =ROUND((EU35),6) -> 0 | AF35: =ROUND((EV35),6) -> 0 | AG35: =ROUND((AP35),6) -> 0 | AH35: =(EW35) -> 0 | AI35: =(EX35) -> 0 | AJ35: =(AS35) -> 0 | AK35: 266715.46 | AL35: 273091.13 | AM35: 0 | AN35: 0 | AO35: 0 | AP35: 0 | AQ35: 0 | AR35: 0 | AS35: 0 | AT35: 0 | AU35: 0 | AV35: 1 | AW35: 1 | AZ35: 2.27 | BA35: 2.77 | BB35: 2.85 | BC35: 12.773 | BH35: 3 | BI35: 2 | BJ35: ТССЦ Ульяновской обл. в ред. 2014 г., сб.<I>, поз.0454 | BM35: 500002 | BN35: 0 | BO35: 501-0454 | BP35: 1 | BQ35: 12 | BR35: 0 | BS35: 2.29 | BT35: 1 | BU35: 1 | BV35: 1 | BW35: 1 | BX35: 1 | BZ35: 0 | CA35: 0 | CE35: 0 | CF35: 0 | CG35: 0 | CM35: 0 | CO35: 0 | CP35: =(P35+Q35+S35) -> 88765.69 | CQ35: =AC35*BC35 -> 2958856.3 | CR35: =AD35*BB35 -> 0 | CS35: =AE35*BS35 -> 0 | CT35: =AF35*BA35 -> 0 | CU35: =AG35 -> 0 | CV35: =AH35 -> 0 | CW35: =AI35 -> 0 | CX35: =AJ35 -> 0 | CY35: =(((S35+R35)*AT35)/100) -> 0 | CZ35: =(((S35+R35)*AU35)/100) -> 0 | DN35: 0 | DO35: 0 | DP35: 1 | DQ35: 1 | DU35: 1013 | DV35: 1000 м | DW35: 1000 М | DX35: 1 | EE35: 28959707 | EF35: 12 | EG35: Материалы монтажные | EH35: 0 | EJ35: 2 | EK35: 500002 | EL35: Материалы и конструкции ( монтажные ) по ценникам и каталогам | EM35: ФССЦм | EQ35: 0 | ER35: 239087.57 | ES35: 231649.29 | ET35: 0 | EU35: 0 | EV35: 0 | EW35: 0 | EX35: 0 | FQ35: 0 | FR35: =ROUND(IF(AND(BH35=3,BI35=3),P35,0),2) -> 0 | FS35: 0 | FX35: 0 | FY35: 0 | GD35: 1 | GF35: 2068180100 | GG35: 2 | GH35: 1 | GI35: 2 | GJ35: 0 | GK35: 0 | GL35: =ROUND(IF(AND(BH35=3,BI35=3,FS35<>0),P35,0),2) -> 0 | GM35: =ROUND(O35+X35+Y35,2)+GX35 -> 88765.69 | GN35: =IF(OR(BI35=0,BI35=1),ROUND(O35+X35+Y35,2),0) -> 0 | GO35: =IF(BI35=2,ROUND(O35+X35+Y35,2),0) -> 88765.69 | GP35: =IF(BI35=4,ROUND(O35+X35+Y35,2)+GX35,0) -> 0 | GR35: 0 | GS35: 3 | GT35: 0 | GV35: =ROUND((GT35),6) -> 0 | GW35: 2.65 | GX35: =ROUND(HC35*I35,2) -> 0 | HA35: 0 | HB35: 0 | HC35: =GV35*GW35 -> 0 | IK35: 0
A36: 17 | B36: 1 | C36: =ROW(SmtRes!A27) -> 27 | D36: =ROW(EtalonRes!A25) -> 25 | E36: 7 | F36: п01-12-027-1 | G36: Испытание кабеля силового длиной до 500 м напряжением до 10 кВ | H36: 1 испытание | I36: 4 | J36: 0 | O36: =ROUND(CP36,2) -> 18928.9 | P36: =ROUND(CQ36*I36,2) -> 0 | Q36: =ROUND(CR36*I36,2) -> 0 | R36: =ROUND(CS36*I36,2) -> 0 | S36: =ROUND(CT36*I36,2) -> 18928.9 | T36: =ROUND(CU36*I36,2) -> 0 | U36: =CV36*I36 -> 55.2096 | V36: =CW36*I36 -> 0 | W36: =ROUND(CX36*I36,2) -> 0 | X36: =ROUND(CY36,2) -> 10410.9 | Y36: =ROUND(CZ36,2) -> 6057.25 | AA36: 30528041 | AB36: =ROUND((AC36+AD36+AF36),6) -> 121.4696 | AC36: =ROUND((ES36),6) -> 0 | AD36: =ROUND((((ET36)-(EU36))+AE36),6) -> 0 | AE36: =ROUND((EU36),6) -> 0 | AF36: =ROUND((EV36),6) -> 121.4696 | AG36: =ROUND((AP36),6) -> 0 | AH36: =(EW36) -> 13.8024 | AI36: =(EX36) -> 0 | AJ36: =(AS36) -> 0 | AK36: 152.6728 | AL36: 0 | AM36: 0 | AN36: 0 | AO36: 159.3592 | AP36: 0 | AQ36: 12.2472 | AR36: 0 | AS36: 0 | AT36: 55 | AU36: 32 | AV36: 1 | AW36: 1 | AZ36: 2.35 | BA36: 38.9581 | BB36: 2.39 | BC36: 2.51 | BH36: 0 | BI36: 4 | BJ36: ТЕРп Ульяновской обл. в ред. 2014 г.,сб.01,гл.12,табл.027,поз.1 | BM36: 200001 | BN36: 0 | BP36: 0 | BQ36: 4 | BR36: 0 | BS36: 2.4 | BT36: 1 | BU36: 1 | BV36: 1 | BW36: 1 | BX36: 1 | BZ36: 65 | CA36: 40 | CE36: 0 | CF36: 0 | CG36: 0 | CM36: 0 | CO36: 0 | CP36: =(P36+Q36+S36) -> 18928.9 | CQ36: =AC36*BC36 -> 0 | CR36: =AD36*BB36 -> 0 | CS36: =AE36*BS36 -> 0 | CT36: =AF36*BA36 -> 4732.2248 | CU36: =AG36 -> 0 | CV36: =AH36 -> 13.8024 | CW36: =AI36 -> 0 | CX36: =AJ36 -> 0 | CY36: =(((S36+R36)*AT36)/100) -> 10410.895 | CZ36: =(((S36+R36)*AU36)/100) -> 6057.248 | DN36: 0 | DO36: 0 | DP36: 1 | DQ36: 1 | DU36: 1013 | DV36: 1 испытание | DW36: 1 испытание | DX36: 1 | EE36: 28959698 | EF36: 4 | EG36: Пусконаладочные работы | EH36: 0 | EJ36: 4 | EK36: 200001 | EL36: Пусконаладочные работы : все сборники, отдел 05 ( диагностика лифтов ) и отдел 06 ( техническое освидетельствование ) сборника мрФЕР-01 | EM36: пФЕРп | EQ36: 0 | ER36: 154.3444 | ES36: 0 | ET36: 0 | EU36: 0 | EV36: 121.4696 | EW36: 13.8024 | EX36: 0 | EY36: 0 | FQ36: 0 | FR36: =ROUND(IF(AND(BH36=3,BI36=3),P36,0),2) -> 0 | FS36: 0 | FV36: *0,85 | FW36: *0,8 | FX36: 65 | FY36: 40 | GD36: 1 | GF36: -1873837547 | GG36: 2 | GH36: 1 | GI36: 2 | GJ36: 0 | GK36: 0 | GL36: =ROUND(IF(AND(BH36=3,BI36=3,FS36<>0),P36,0),2) -> 0 | GM36: =ROUND(O36+X36+Y36,2)+GX36 -> 35397.05 | GN36: =IF(OR(BI36=0,BI36=1),ROUND(O36+X36+Y36,2),0) -> 0 | GO36: =IF(BI36=2,ROUND(O36+X36+Y36,2),0) -> 0 | GP36: =IF(BI36=4,ROUND(O36+X36+Y36,2)+GX36,0) -> 35397.05 | GR36: 0 | GS36: 0 | GT36: 0 | GV36: =ROUND((GT36),6) -> 0 | GW36: 2.29 | GX36: =ROUND(HC36*I36,2) -> 0 | HA36: 0 | HB36: 0 | HC36: =GV36*GW36 -> 0 | IK36: 0
A37: 17 | B37: 1 | C37: =ROW(SmtRes!A29) -> 29 | D37: =ROW(EtalonRes!A27) -> 27 | E37: 8 | F37: п01-12-027-4 | G37: За каждые последующие 500 м испытания силового кабеля напряжением до 10 кВ добавлять к расценке 01-12-027-01 | H37: 500 м кабеля | I37: =ROUND(2230/500,9) -> 4.46 | J37: 0 | O37: =ROUND(CP37,2) -> 6830.95 | P37: =ROUND(CQ37*I37,2) -> 0 | Q37: =ROUND(CR37*I37,2) -> 0 | R37: =ROUND(CS37*I37,2) -> 0 | S37: =ROUND(CT37*I37,2) -> 6830.95 | T37: =ROUND(CU37*I37,2) -> 0 | U37: =CV37*I37 -> 16.49085 | V37: =CW37*I37 -> 0 | W37: =ROUND(CX37*I37,2) -> 0 | X37: =ROUND(CY37,2) -> 3757.02 | Y37: =ROUND(CZ37,2) -> 2185.9 | AA37: 30528041 | AB37: =ROUND((AC37+AD37+AF37),6) -> 35.0682 | AC37: =ROUND((ES37),6) -> 0 | AD37: =ROUND((((ET37)-(EU37))+AE37),6) -> 0 | AE37: =ROUND((EU37),6) -> 0 | AF37: =ROUND((EV37),6) -> 35.0682 | AG37: =ROUND((AP37),6) -> 0 | AH37: =(EW37) -> 3.6975 | AI37: =(EX37) -> 0 | AJ37: =(AS37) -> 0 | AK37: 46.536 | AL37: 0 | AM37: 0 | AN37: 0 | AO37: 48.0318 | AP37: 0 | AQ37: 3.2915 | AR37: 0 | AS37: 0 | AT37: 55 | AU37: 32 | AV37: 1 | AW37: 1 | AZ37: 2.64 | BA37: 43.675 | BB37: 2.47 | BC37: 2.19 | BH37: 0 | BI37: 4 | BJ37: ТЕРп Ульяновской обл. в ред. 2014 г.,сб.01,гл.12,табл.027,поз.4 | BM37: 200001 | BN37: 0 | BP37: 0 | BQ37: 4 | BR37: 0 | BS37: 2.3 | BT37: 1 | BU37: 1 | BV37: 1 | BW37: 1 | BX37: 1 | BZ37: 65 | CA37: 40 | CE37: 0 | CF37: 0 | CG37: 0 | CM37: 0 | CO37: 0 | CP37: =(P37+Q37+S37) -> 6830.95 | CQ37: =AC37*BC37 -> 0 | CR37: =AD37*BB37 -> 0 | CS37: =AE37*BS37 -> 0 | CT37: =AF37*BA37 -> 1531.6036 | CU37: =AG37 -> 0 | CV37: =AH37 -> 3.6975 | CW37: =AI37 -> 0 | CX37: =AJ37 -> 0 | CY37: =(((S37+R37)*AT37)/100) -> 3757.0225 | CZ37: =(((S37+R37)*AU37)/100) -> 2185.904 | DN37: 0 | DO37: 0 | DP37: 1 | DQ37: 1 | DU37: 1013 | DV37: 500 м кабеля | DW37: 500 м кабеля | DX37: 1 | EE37: 28959698 | EF37: 4 | EG37: Пусконаладочные работы | EH37: 0 | EJ37: 4 | EK37: 200001 | EL37: Пусконаладочные работы : все сборники, отдел 05 ( диагностика лифтов ) и отдел 06 ( техническое освидетельствование ) сборника мрФЕР-01 | EM37: пФЕРп | EQ37: 0 | ER37: 38.3922 | ES37: 0 | ET37: 0 | EU37: 0 | EV37: 35.0682 | EW37: 3.6975 | EX37: 0 | EY37: 0 | FQ37: 0 | FR37: =ROUND(IF(AND(BH37=3,BI37=3),P37,0),2) -> 0 | FS37: 0 | FV37: *0,85 | FW37: *0,8 | FX37: 65 | FY37: 40 | GD37: 1 | GF37: 612080534 | GG37: 2 | GH37: 1 | GI37: 2 | GJ37: 0 | GK37: 0 | GL37: =ROUND(IF(AND(BH37=3,BI37=3,FS37<>0),P37,0),2) -> 0 | GM37: =ROUND(O37+X37+Y37,2)+GX37 -> 12773.87 | GN37: =IF(OR(BI37=0,BI37=1),ROUND(O37+X37+Y37,2),0) -> 0 | GO37: =IF(BI37=2,ROUND(O37+X37+Y37,2),0) -> 0 | GP37: =IF(BI37=4,ROUND(O37+X37+Y37,2)+GX37,0) -> 12773.87 | GR37: 0 | GS37: 3 | GT37: 0 | GV37: =ROUND((GT37),6) -> 0 | GW37: 2.27 | GX37: =ROUND(HC37*I37,2) -> 0 | HA37: 0 | HB37: 0 | HC37: =GV37*GW37 -> 0 | IK37: 0
A38: 17 | B38: 1 | C38: =ROW(SmtRes!A31) -> 31 | D38: =ROW(EtalonRes!A29) -> 29 | E38: 9 | F38: п01-11-024-2 | G38: Фазировка электрической линии или трансформатора с сетью напряжением свыше 1 кВ | H38: 1 фазировка | I38: 2 | J38: 0 | O38: =ROUND(CP38,2) -> 4900.12 | P38: =ROUND(CQ38*I38,2) -> 0 | Q38: =ROUND(CR38*I38,2) -> 0 | R38: =ROUND(CS38*I38,2) -> 0 | S38: =ROUND(CT38*I38,2) -> 4900.12 | T38: =ROUND(CU38*I38,2) -> 0 | U38: =CV38*I38 -> 7.1604 | V38: =CW38*I38 -> 0 | W38: =ROUND(CX38*I38,2) -> 0 | X38: =ROUND(CY38,2) -> 2695.07 | Y38: =ROUND(CZ38,2) -> 1568.04 | AA38: 30528041 | AB38: =ROUND((AC38+AD38+AF38),6) -> 50.813 | AC38: =ROUND((ES38),6) -> 0 | AD38: =ROUND((((ET38)-(EU38))+AE38),6) -> 0 | AE38: =ROUND((EU38),6) -> 0 | AF38: =ROUND((EV38),6) -> 50.813 | AG38: =ROUND((AP38),6) -> 0 | AH38: =(EW38) -> 3.5802 | AI38: =(EX38) -> 0 | AJ38: =(AS38) -> 0 | AK38: 51.0204 | AL38: 0 | AM38: 0 | AN38: 0 | AO38: 54.1314 | AP38: 0 | AQ38: 4.0662 | AR38: 0 | AS38: 0 | AT38: 55 | AU38: 32 | AV38: 1 | AW38: 1 | AZ38: 2.85 | BA38: 48.2172 | BB38: 2.1 | BC38: 2.3 | BH38: 0 | BI38: 4 | BJ38: ТЕРп Ульяновской обл. в ред. 2014 г.,сб.01,гл.11,табл.024,поз.2 | BM38: 200001 | BN38: 0 | BP38: 0 | BQ38: 4 | BR38: 0 | BS38: 2.47 | BT38: 1 | BU38: 1 | BV38: 1 | BW38: 1 | BX38: 1 | BZ38: 65 | CA38: 40 | CE38: 0 | CF38: 0 | CG38: 0 | CM38: 0 | CO38: 0 | CP38: =(P38+Q38+S38) -> 4900.12 | CQ38: =AC38*BC38 -> 0 | CR38: =AD38*BB38 -> 0 | CS38: =AE38*BS38 -> 0 | CT38: =AF38*BA38 -> 2450.0606 | CU38: =AG38 -> 0 | CV38: =AH38 -> 3.5802 | CW38: =AI38 -> 0 | CX38: =AJ38 -> 0 | CY38: =(((S38+R38)*AT38)/100) -> 2695.066 | CZ38: =(((S38+R38)*AU38)/100) -> 1568.0384 | DN38: 0 | DO38: 0 | DP38: 1 | DQ38: 1 | DU38: 1013 | DV38: 1 фазировка | DW38: 1 фазировка | DX38: 1 | EE38: 28959698 | EF38: 4 | EG38: Пусконаладочные работы | EH38: 0 | EJ38: 4 | EK38: 200001 | EL38: Пусконаладочные работы : все сборники, отдел 05 ( диагностика лифтов ) и отдел 06 ( техническое освидетельствование ) сборника мрФЕР-01 | EM38: пФЕРп | EQ38: 0 | ER38: 48.3242 | ES38: 0 | ET38: 0 | EU38: 0 | EV38: 50.813 | EW38: 3.5802 | EX38: 0 | EY38: 0 | FQ38: 0 | FR38: =ROUND(IF(AND(BH38=3,BI38=3),P38,0),2) -> 0 | FS38: 0 | FV38: *0,85 | FW38: *0,8 | FX38: 65 | FY38: 40 | GD38: 1 | GF38: -840656362 | GG38: 2 | GH38: 1 | GI38: 2 | GJ38: 0 | GK38: 0 | GL38: =ROUND(IF(AND(BH38=3,BI38=3,FS38<>0),P38,0),2) -> 0 | GM38: =ROUND(O38+X38+Y38,2)+GX38 -> 9163.23 | GN38: =IF(OR(BI38=0,BI38=1),ROUND(O38+X38+Y38,2),0) -> 0 | GO38: =IF(BI38=2,ROUND(O38+X38+Y38,2),0) -> 0 | GP38: =IF(BI38=4,ROUND(O38+X38+Y38,2)+GX38,0) -> 9163.23 | GR38: 0 | GS38: 3 | GT38: 0 | GV38: =ROUND((GT38),6) -> 0 | GW38: 2.14 | GX38: =ROUND(HC38*I38,2) -> 0 | HA38: 0 | HB38: 0 | HC38: =GV38*GW38 -> 0 | IK38: 0
A40: 51 | B40: =B24 -> 1 | C40: =A24 -> 4 | D40: =ROW(A24) -> 24 | F40: =IF(F24<>"",F24,"") -> Новый раздел | G40: =IF(G24<>"",G24,"") -> Ремонт кабельных линий | H40: 0 | O40: =ROUND(AB40,2) -> 568995.41 | P40: =ROUND(AC40,2) -> 235079.94 | Q40: =ROUND(AD40,2) -> 3840.39 | R40: =ROUND(AE40,2) -> 546.81 | S40: =ROUND(AF40,2) -> 330075.08 | T40: =ROUND(AG40,2) -> 0 | U40: =AH40 -> 669.75291 | V40: =AI40 -> 0.84744 | W40: =ROUND(AJ40,2) -> 0 | X40: =ROUND(AK40,2) -> 209011.3 | Y40: =ROUND(AL40,2) -> 123910.63 | AB40: =ROUND(SUMIF(AA28:AA38,"=30528041",O28:O38),2) -> 568995.41 | AC40: =ROUND(SUMIF(AA28:AA38,"=30528041",P28:P38),2) -> 235079.94 | AD40: =ROUND(SUMIF(AA28:AA38,"=30528041",Q28:Q38),2) -> 3840.39 | AE40: =ROUND(SUMIF(AA28:AA38,"=30528041",R28:R38),2) -> 546.81 | AF40: =ROUND(SUMIF(AA28:AA38,"=30528041",S28:S38),2) -> 330075.08 | AG40: =ROUND(SUMIF(AA28:AA38,"=30528041",T28:T38),2) -> 0 | AH40: =SUMIF(AA28:AA38,"=30528041",U28:U38) -> 669.75291 | AI40: =SUMIF(AA28:AA38,"=30528041",V28:V38) -> 0.84744 | AJ40: =ROUND(SUMIF(AA28:AA38,"=30528041",W28:W38),2) -> 0 | AK40: =ROUND(SUMIF(AA28:AA38,"=30528041",X28:X38),2) -> 209011.3 | AL40: =ROUND(SUMIF(AA28:AA38,"=30528041",Y28:Y38),2) -> 123910.63 | AO40: =ROUND(BX40,2) -> 0 | AP40: =ROUND(BY40,2) -> 0 | AQ40: =ROUND(BZ40,2) -> 0 | AR40: =ROUND(CA40,2) -> 901917.34 | AS40: =ROUND(CB40,2) -> 95319.61 | AT40: =ROUND(CC40,2) -> 455157.7 | AU40: =ROUND(CD40,2) -> 351440.03 | AV40: =ROUND(CE40,2) -> 235079.94 | ... BD40: =ROUND(CM40,2) -> 0 | BX40: =ROUND(SUMIF(AA28:AA38,"=30528041",FQ28:FQ38),2) -> 0 | BY40: =ROUND(SUMIF(AA28:AA38,"=30528041",FR28:FR38),2) -> 0 | BZ40: =ROUND(SUMIF(AA28:AA38,"=30528041",GL28:GL38),2) -> 0 | CA40: =ROUND(SUMIF(AA28:AA38,"=30528041",GM28:GM38),2) -> 901917.34 | CB40: =ROUND(SUMIF(AA28:AA38,"=30528041",GN28:GN38),2) -> 95319.61 | CC40: =ROUND(SUMIF(AA28:AA38,"=30528041",GO28:GO38),2) -> 455157.7 | CD40: =ROUND(SUMIF(AA28:AA38,"=30528041",GP28:GP38),2) -> 351440.03 | CE40: =AC40-BX40 -> 235079.94 | CF40: =AC40-BY40 -> 235079.94 | CG40: =BX40-BZ40 -> 0 | CH40: =AC40-BX40-BY40+BZ40 -> 235079.94 | CI40: =BY40-BZ40 -> 0 | CJ40: =ROUND(SUMIF(AA28:AA38,"=30528041",GX28:GX38),2) -> 0 | CK40: =ROUND(SUMIF(AA28:AA38,"=30528041",GY28:GY38),2) -> 0 | CL40: =ROUND(SUMIF(AA28:AA38,"=30528041",GZ28:GZ38),2) -> 0 | CM40: =ROUND(SUMIF(AA28:AA38,"=30528041",HD28:HD38),2) -> 0 | GX40: 0
A42: 50 | B42: 1 | C42: 0 | D42: 1 | E42: 201 | F42: =ROUND(Source!O40,O42) -> 568995.41 | G42: ПЗ | H42: Прямые затраты | K42: 201 | L42: 1 | M42: 1 | O42: 2
A43: 50 | B43: 1 | C43: 0 | D43: 1 | E43: 202 | F43: =ROUND(Source!P40,O43) -> 235079.94 | G43: СтМатОб | H43: Стоимость материальных ресурсов (всего) | K43: 202 | L43: 2 | M43: 1 | O43: 2
A44: 50 | B44: 0 | C44: 0 | D44: 1 | E44: 222 | F44: =ROUND(Source!AO40,O44) -> 0 | G44: СтМатОбЗак | H44: Стоимость материалов и оборудования заказчика | K44: 222 | L44: 3 | M44: 3 | O44: 2
A45: 50 | B45: 0 | C45: 0 | D45: 1 | E45: 225 | F45: =ROUND(Source!AV40,O45) -> 235079.94 | G45: СтМатОбПод | H45: Стоимость материалов и оборудования подрядчика | K45: 225 | L45: 4 | M45: 3 | O45: 2
A46: 50 | B46: 0 | C46: 0 | D46: 1 | E46: 226 | F46: =ROUND(Source!AW40,O46) -> 235079.94 | G46: СтМат | H46: Стоимость материалов (всего) | K46: 226 | L46: 5 | M46: 3 | O46: 2
A47: 50 | B47: 0 | C47: 0 | D47: 1 | E47: 227 | F47: =ROUND(Source!AX40,O47) -> 0 | G47: СтМатЗак | H47: Стоимость материалов заказчика | K47: 227 | L47: 6 | M47: 3 | O47: 2
A48: 50 | B48: 0 | C48: 0 | D48: 1 | E48: 228 | F48: =ROUND(Source!AY40,O48) -> 235079.94 | G48: СтМатПод | H48: Стоимость материалов подрядчика | K48: 228 | L48: 7 | M48: 3 | O48: 2
A49: 50 | B49: 0 | C49: 0 | D49: 1 | E49: 216 | F49: =ROUND(Source!AP40,O49) -> 0 | G49: Оборуд | H49: Стоимость оборудования (всего) | K49: 216 | L49: 8 | M49: 1 | O49: 2
A50: 50 | B50: 0 | C50: 0 | D50: 1 | E50: 223 | F50: =ROUND(Source!AQ40,O50) -> 0 | G50: ОборудЗак | H50: Стоимость оборудования заказчика | K50: 223 | L50: 9 | M50: 3 | O50: 2
A51: 50 | B51: 0 | C51: 0 | D51: 1 | E51: 229 | F51: =ROUND(Source!AZ40,O51) -> 0 | G51: ОборудПод | H51: Стоимость оборудования подрядчика | K51: 229 | L51: 10 | M51: 3 | O51: 2
A52: 50 | B52: 1 | C52: 0 | D52: 1 | E52: 203 | F52: =ROUND(Source!Q40,O52) -> 3840.39 | G52: ЭММ | H52: Эксплуатация машин | K52: 203 | L52: 11 | M52: 1 | O52: 2
A53: 50 | B53: 0 | C53: 0 | D53: 1 | E53: 231 | F53: =ROUND(Source!BB40,O53) -> 0 | G53: ЭММсНРиСП | H53: Эксплуатация машин по ТСН-2001.16 | K53: 231 | L53: 12 | M53: 3 | O53: 2
A54: 50 | B54: 1 | C54: 0 | D54: 1 | E54: 204 | F54: =ROUND(Source!R40,O54) -> 546.81 | G54: ЗПМ | H54: ЗП машинистов | K54: 204 | L54: 13 | M54: 1 | O54: 2
A55: 50 | B55: 1 | C55: 0 | D55: 1 | E55: 205 | F55: =ROUND(Source!S40,O55) -> 330075.08 | G55: ОЗП | H55: Основная ЗП рабочих | K55: 205 | L55: 14 | M55: 1 | O55: 2
A56: 50 | B56: 0 | C56: 0 | D56: 1 | E56: 232 | F56: =ROUND(Source!BC40,O56) -> 0 | G56: ОЗПсНРиСП | H56: Основная ЗП рабочих по ТСН-2001.16 | K56: 232 | L56: 15 | M56: 3 | O56: 2
A57: 50 | B57: 0 | C57: 0 | D57: 1 | E57: 214 | F57: =ROUND(Source!AS40,O57) -> 95319.61 | G57: Строит | H57: Строительные работы с НР и СП | K57: 214 | L57: 16 | M57: 3 | O57: 2
A58: 50 | B58: 0 | C58: 0 | D58: 1 | E58: 215 | F58: =ROUND(Source!AT40,O58) -> 455157.7 | G58: Монтаж | H58: Монтажные работы с НР и СП | K58: 215 | L58: 17 | M58: 3 | O58: 2
A59: 50 | B59: 0 | C59: 0 | D59: 1 | E59: 217 | F59: =ROUND(Source!AU40,O59) -> 351440.03 | G59: Прочие | H59: Прочие работы с НР и СП | K59: 217 | L59: 18 | M59: 3 | O59: 2
A60: 50 | B60: 0 | C60: 0 | D60: 1 | E60: 230 | F60: =ROUND(Source!BA40,O60) -> 0 | G60: ПрочиеЗатр | H60: Прочие затраты по ТСН-2001.16 | K60: 230 | L60: 19 | M60: 3 | O60: 2
A61: 50 | B61: 0 | C61: 0 | D61: 1 | E61: 206 | F61: =ROUND(Source!T40,O61) -> 0 | G61: ВозврМат | H61: Возврат материалов | K61: 206 | L61: 20 | M61: 3 | O61: 2
A62: 50 | B62: 0 | C62: 0 | D62: 1 | E62: 207 | F62: =Source!U40 -> 669.75291 | G62: ТрудСтр | H62: Трудозатраты строителей | K62: 207 | L62: 21 | M62: 3 | O62: -1
A63: 50 | B63: 0 | C63: 0 | D63: 1 | E63: 208 | F63: =Source!V40 -> 0.84744 | G63: ТрудМаш | H63: Трудозатраты машинистов | K63: 208 | L63: 22 | M63: 3 | O63: -1
A64: 50 | B64: 0 | C64: 0 | D64: 1 | E64: 209 | F64: =ROUND(Source!W40,O64) -> 0 | G64: ТранспМат | H64: Транспорт материалов | K64: 209 | L64: 23 | M64: 3 | O64: 2
A65: 50 | B65: 0 | C65: 0 | D65: 1 | E65: 233 | F65: =ROUND(Source!BD40,O65) -> 0 | G65: Перевозка | H65: Перевозка грузов | K65: 233 | L65: 24 | M65: 3 | O65: 2
A66: 50 | B66: 1 | C66: 0 | D66: 1 | E66: 210 | F66: =ROUND(Source!X40,O66) -> 209011.3 | G66: НР | H66: Накладные расходы | K66: 210 | L66: 25 | M66: 1 | O66: 2
A67: 50 | B67: 1 | C67: 0 | D67: 1 | E67: 211 | F67: =ROUND(Source!Y40,O67) -> 123910.63 | G67: СмПриб | H67: Сметная прибыль | K67: 211 | L67: 26 | M67: 1 | O67: 2
A68: 50 | B68: 1 | C68: 0 | D68: 1 | E68: 224 | F68: =ROUND(Source!AR40,O68) -> 901917.34 | G68: Всего | H68: Всего с НР и СП | K68: 224 | L68: 27 | M68: 1 | O68: 2
A69: 50 | B69: 0 | C69: 0 | D69: 2 | E69: 0 | F69: =0 -> 0 | G69: х1 % | H69: Временные здания и сооружения % | K69: 212 | L69: 28 | M69: 1 | O69: -1
A70: 50 | B70: 0 | C70: 0 | D70: 2 | E70: 0 | F70: =ROUND(IF(F69=0,0,F68/100*F69),O70) -> 0 | G70: х1 руб | H70: Временные здания и сооружения руб | K70: 212 | L70: 29 | M70: 1 | O70: 2
A71: 50 | B71: 0 | C71: 0 | D71: 2 | E71: 0 | F71: =ROUND(IF(F69=0,0,F68+F70),O71) -> 0 | G71: х1 итог | H71: Итого с временными зданиями и сооружениями | K71: 212 | L71: 30 | M71: 1 | O71: 2
A72: 50 | B72: 0 | C72: 0 | D72: 2 | E72: 0 | F72: =0 -> 0 | G72: х2 % | H72: Зимнее удорожание % | K72: 212 | L72: 31 | M72: 1 | O72: -1
A73: 50 | B73: 0 | C73: 0 | D73: 2 | E73: 0 | F73: =ROUND(IF(F72=0,0,(F68+F70)/100*F72),O73) -> 0 | G73: х2 руб | H73: Зимнее удорожание руб. | K73: 212 | L73: 32 | M73: 1 | O73: 2
A74: 50 | B74: 0 | C74: 0 | D74: 2 | E74: 0 | F74: =ROUND(IF(F73=0,0,F68+F70+F73),O74) -> 0 | G74: х2 итог | H74: ИТОГ с зимним удорожанием | K74: 212 | L74: 33 | M74: 1 | O74: 2
A75: 50 | B75: 0 | C75: 0 | D75: 2 | E75: 0 | F75: =0 -> 0 | G75: х3 % | H75: Непредвиденные расходы % | K75: 212 | L75: 34 | M75: 1 | O75: -1
A76: 50 | B76: 0 | C76: 0 | D76: 2 | E76: 0 | F76: =ROUND(IF(F75=0,0,(F68+F70+F73)/100*F75),O76) -> 0 | G76: х3 руб | H76: Непредвиденные расходы руб. | K76: 212 | L76: 35 | M76: 1 | O76: 2
A77: 50 | B77: 0 | C77: 0 | D77: 2 | E77: 0 | F77: =ROUND(IF(F76=0,0,F68+F70+F73+F76),O77) -> 0 | G77: х3 итог | H77: ИТОГ с непредвиденными расходами | K77: 212 | L77: 36 | M77: 1 | O77: 2
A78: 50 | B78: 0 | C78: 0 | D78: 2 | E78: 0 | F78: =ROUND(F68+F70+F73+F76,O78) -> 901917.34 | G78: Итого с накрут | H78: Итого со всеми накрутками | K78: 212 | L78: 37 | M78: 3 | O78: 2
A79: 50 | B79: 1 | C79: 0 | D79: 2 | E79: 0 | F79: =ROUND(ROUND(F78*0.2,2),O79) -> 180383.47 | G79: Л12 | H79: НДС 20% | K79: 212 | L79: 38 | M79: 1 | O79: 2
A80: 50 | B80: 1 | C80: 0 | D80: 2 | E80: 213 | F80: =ROUND(F78+F79,O80) -> 1082300.8 | G80: Л13 | H80: ИТОГО с НДС | K80: 212 | L80: 39 | M80: 1 | O80: 2
A82: 51 | B82: =B20 -> 1 | C82: =A20 -> 3 | D82: =ROW(A20) -> 20 | F82: =IF(F20<>"",F20,"") -> Новая локальная смета | G82: =IF(G20<>"",G20,"") -> Новая локальная смета | H82: 0 | O82: =ROUND(O40+AB82,2) -> 568995.41 | P82: =ROUND(P40+AC82,2) -> 235079.94 | Q82: =ROUND(Q40+AD82,2) -> 3840.39 | R82: =ROUND(R40+AE82,2) -> 546.81 | S82: =ROUND(S40+AF82,2) -> 330075.08 | T82: =ROUND(T40+AG82,2) -> 0 | U82: =U40+AH82 -> 669.75291 | V82: =V40+AI82 -> 0.84744 | W82: =ROUND(W40+AJ82,2) -> 0 | X82: =ROUND(X40+AK82,2) -> 209011.3 | Y82: =ROUND(Y40+AL82,2) -> 123910.63 | AO82: =ROUND(AO40+BX82,2) -> 0 | AP82: =ROUND(AP40+BY82,2) -> 0 | AQ82: =ROUND(AQ40+BZ82,2) -> 0 | AR82: =ROUND(AR40+CA82,2) -> 901917.34 | AS82: =ROUND(AS40+CB82,2) -> 95319.61 | AT82: =ROUND(AT40+CC82,2) -> 455157.7 | AU82: =ROUND(AU40+CD82,2) -> 351440.03 | AV82: =ROUND(AV40+CE82,2) -> 235079.94 | ... BD82: =ROUND(BD40+CM82,2) -> 0 | GX82: 0
A84: 50 | B84: 1 | C84: 0 | D84: 1 | E84: 201 | F84: =ROUND(Source!O82,O84) -> 568995.41 | G84: ПЗ | H84: Прямые затраты | K84: 201 | L84: 1 | M84: 1 | O84: 2
A85: 50 | B85: 1 | C85: 0 | D85: 1 | E85: 202 | F85: =ROUND(Source!P82,O85) -> 235079.94 | G85: СтМатОб | H85: Стоимость материальных ресурсов (всего) | K85: 202 | L85: 2 | M85: 1 | O85: 2
A86: 50 | B86: 0 | C86: 0 | D86: 1 | E86: 222 | F86: =ROUND(Source!AO82,O86) -> 0 | G86: СтМатОбЗак | H86: Стоимость материалов и оборудования заказчика | K86: 222 | L86: 3 | M86: 3 | O86: 2
A87: 50 | B87: 0 | C87: 0 | D87: 1 | E87: 225 | F87: =ROUND(Source!AV82,O87) -> 235079.94 | G87: СтМатОбПод | H87: Стоимость материалов и оборудования подрядчика | K87: 225 | L87: 4 | M87: 3 | O87: 2
A88: 50 | B88: 0 | C88: 0 | D88: 1 | E88: 226 | F88: =ROUND(Source!AW82,O88) -> 235079.94 | G88: СтМат | H88: Стоимость материалов (всего) | K88: 226 | L88: 5 | M88: 3 | O88: 2
A89: 50 | B89: 0 | C89: 0 | D89: 1 | E89: 227 | F89: =ROUND(Source!AX82,O89) -> 0 | G89: СтМатЗак | H89: Стоимость материалов заказчика | K89: 227 | L89: 6 | M89: 3 | O89: 2
A90: 50 | B90: 0 | C90: 0 | D90: 1 | E90: 228 | F90: =ROUND(Source!AY82,O90) -> 235079.94 | G90: СтМатПод | H90: Стоимость материалов подрядчика | K90: 228 | L90: 7 | M90: 3 | O90: 2
A91: 50 | B91: 0 | C91: 0 | D91: 1 | E91: 216 | F91: =ROUND(Source!AP82,O91) -> 0 | G91: Оборуд | H91: Стоимость оборудования (всего) | K91: 216 | L91: 8 | M91: 1 | O91: 2
A92: 50 | B92: 0 | C92: 0 | D92: 1 | E92: 223 | F92: =ROUND(Source!AQ82,O92) -> 0 | G92: ОборудЗак | H92: Стоимость оборудования заказчика | K92: 223 | L92: 9 | M92: 3 | O92: 2
A93: 50 | B93: 0 | C93: 0 | D93: 1 | E93: 229 | F93: =ROUND(Source!AZ82,O93) -> 0 | G93: ОборудПод | H93: Стоимость оборудования подрядчика | K93: 229 | L93: 10 | M93: 3 | O93: 2
A94: 50 | B94: 1 | C94: 0 | D94: 1 | E94: 203 | F94: =ROUND(Source!Q82,O94) -> 3840.39 | G94: ЭММ | H94: Эксплуатация машин | K94: 203 | L94: 11 | M94: 1 | O94: 2
A95: 50 | B95: 0 | C95: 0 | D95: 1 | E95: 231 | F95: =ROUND(Source!BB82,O95) -> 0 | G95: ЭММсНРиСП | H95: Эксплуатация машин по ТСН-2001.16 | K95: 231 | L95: 12 | M95: 3 | O95: 2
A96: 50 | B96: 1 | C96: 0 | D96: 1 | E96: 204 | F96: =ROUND(Source!R82,O96) -> 546.81 | G96: ЗПМ | H96: ЗП машинистов | K96: 204 | L96: 13 | M96: 1 | O96: 2
A97: 50 | B97: 1 | C97: 0 | D97: 1 | E97: 205 | F97: =ROUND(Source!S82,O97) -> 330075.08 | G97: ОЗП | H97: Основная ЗП рабочих | K97: 205 | L97: 14 | M97: 1 | O97: 2
A98: 50 | B98: 0 | C98: 0 | D98: 1 | E98: 232 | F98: =ROUND(Source!BC82,O98) -> 0 | G98: ОЗПсНРиСП | H98: Основная ЗП рабочих по ТСН-2001.16 | K98: 232 | L98: 15 | M98: 3 | O98: 2
A99: 50 | B99: 0 | C99: 0 | D99: 1 | E99: 214 | F99: =ROUND(Source!AS82,O99) -> 95319.61 | G99: Строит | H99: Строительные работы с НР и СП | K99: 214 | L99: 16 | M99: 3 | O99: 2
A100: 50 | B100: 0 | C100: 0 | D100: 1 | E100: 215 | F100: =ROUND(Source!AT82,O100) -> 455157.7 | G100: Монтаж | H100: Монтажные работы с НР и СП | K100: 215 | L100: 17 | M100: 3 | O100: 2
A101: 50 | B101: 0 | C101: 0 | D101: 1 | E101: 217 | F101: =ROUND(Source!AU82,O101) -> 351440.03 | G101: Прочие | H101: Прочие работы с НР и СП | K101: 217 | L101: 18 | M101: 3 | O101: 2
A102: 50 | B102: 0 | C102: 0 | D102: 1 | E102: 230 | F102: =ROUND(Source!BA82,O102) -> 0 | G102: ПрочиеЗатр | H102: Прочие затраты по ТСН-2001.16 | K102: 230 | L102: 19 | M102: 3 | O102: 2
A103: 50 | B103: 0 | C103: 0 | D103: 1 | E103: 206 | F103: =ROUND(Source!T82,O103) -> 0 | G103: ВозврМат | H103: Возврат материалов | K103: 206 | L103: 20 | M103: 3 | O103: 2
A104: 50 | B104: 0 | C104: 0 | D104: 1 | E104: 207 | F104: =Source!U82 -> 669.75291 | G104: ТрудСтр | H104: Трудозатраты строителей | K104: 207 | L104: 21 | M104: 3 | O104: -1
A105: 50 | B105: 0 | C105: 0 | D105: 1 | E105: 208 | F105: =Source!V82 -> 0.84744 | G105: ТрудМаш | H105: Трудозатраты машинистов | K105: 208 | L105: 22 | M105: 3 | O105: -1
A106: 50 | B106: 0 | C106: 0 | D106: 1 | E106: 209 | F106: =ROUND(Source!W82,O106) -> 0 | G106: ТранспМат | H106: Транспорт материалов | K106: 209 | L106: 23 | M106: 3 | O106: 2
A107: 50 | B107: 0 | C107: 0 | D107: 1 | E107: 233 | F107: =ROUND(Source!BD82,O107) -> 0 | G107: Перевозка | H107: Перевозка грузов | K107: 233 | L107: 24 | M107: 3 | O107: 2
A108: 50 | B108: 1 | C108: 0 | D108: 1 | E108: 210 | F108: =ROUND(Source!X82,O108) -> 209011.3 | G108: НР | H108: Накладные расходы | K108: 210 | L108: 25 | M108: 1 | O108: 2
A109: 50 | B109: 1 | C109: 0 | D109: 1 | E109: 211 | F109: =ROUND(Source!Y82,O109) -> 123910.63 | G109: СмПриб | H109: Сметная прибыль | K109: 211 | L109: 26 | M109: 1 | O109: 2
A110: 50 | B110: 1 | C110: 0 | D110: 1 | E110: 224 | F110: =ROUND(Source!AR82,O110) -> 901917.34 | G110: Всего | H110: Всего с НР и СП | K110: 224 | L110: 27 | M110: 1 | O110: 2
A111: 50 | B111: 0 | C111: 0 | D111: 2 | E111: 0 | F111: =0 -> 0 | G111: х1 % | H111: Временные здания и сооружения % | K111: 212 | L111: 28 | M111: 1 | O111: -1
A112: 50 | B112: 0 | C112: 0 | D112: 2 | E112: 0 | F112: =ROUND(IF(F111=0,0,F110/100*F111),O112) -> 0 | G112: х1 руб | H112: Временные здания и сооружения руб | K112: 212 | L112: 29 | M112: 1 | O112: 2
A113: 50 | B113: 0 | C113: 0 | D113: 2 | E113: 0 | F113: =ROUND(IF(F111=0,0,F110+F112),O113) -> 0 | G113: х1 итог | H113: Итого с временными зданиями и сооружениями | K113: 212 | L113: 30 | M113: 1 | O113: 2
A114: 50 | B114: 0 | C114: 0 | D114: 2 | E114: 0 | F114: =0 -> 0 | G114: х2 % | H114: Зимнее удорожание % | K114: 212 | L114: 31 | M114: 1 | O114: -1
A115: 50 | B115: 0 | C115: 0 | D115: 2 | E115: 0 | F115: =ROUND(IF(F114=0,0,(F110+F112)/100*F114),O115) -> 0 | G115: х2 руб | H115: Зимнее удорожание руб. | K115: 212 | L115: 32 | M115: 1 | O115: 2
A116: 50 | B116: 0 | C116: 0 | D116: 2 | E116: 0 | F116: =ROUND(IF(F115=0,0,F110+F112+F115),O116) -> 0 | G116: х2 итог | H116: ИТОГ с зимним удорожанием | K116: 212 | L116: 33 | M116: 1 | O116: 2
A117: 50 | B117: 1 | C117: 0 | D117: 2 | E117: 0 | F117: =2 -> 2 | G117: х3 % | H117: Непредвиденные расходы % | K117: 212 | L117: 34 | M117: 1 | O117: -1
A118: 50 | B118: 1 | C118: 0 | D118: 2 | E118: 0 | F118: =ROUND(IF(F117=0,0,(F110+F112+F115)/100*F117),O118) -> 18038.35 | G118: х3 руб | H118: Непредвиденные расходы руб. | K118: 212 | L118: 35 | M118: 1 | O118: 2
A119: 50 | B119: 1 | C119: 0 | D119: 2 | E119: 0 | F119: =ROUND(IF(F118=0,0,F110+F112+F115+F118),O119) -> 919955.69 | G119: х3 итог | H119: ИТОГ с непредвиденными расходами | K119: 212 | L119: 36 | M119: 1 | O119: 2
A120: 50 | B120: 0 | C120: 0 | D120: 2 | E120: 0 | F120: =ROUND(F110+F112+F115+F118,O120) -> 919955.69 | G120: Итого с накрут | H120: Итого со всеми накрутками | K120: 212 | L120: 37 | M120: 3 | O120: 2
A121: 50 | B121: 1 | C121: 0 | D121: 2 | E121: 0 | F121: =ROUND(ROUND(F120*0.2,2),O121) -> 183991.14 | G121: Л12 | H121: НДС 20% | K121: 212 | L121: 38 | M121: 1 | O121: 2
A122: 50 | B122: 1 | C122: 0 | D122: 2 | E122: 213 | F122: =ROUND(F120+F121,O122) -> 1103946.8 | G122: Л13 | H122: ИТОГО с НДС | K122: 212 | L122: 39 | M122: 1 | O122: 2
A124: 51 | B124: =B12 -> 195 | C124: =A12 -> 1 | D124: =ROW(A12) -> 12 | F124: =IF(F12<>"",F12,"") -> Новый объект_(Копия)_(Копия)_(Копия)_(Копия)_(Копия)_(Копия) | G124: =IF(G12<>"",G12,"") -> Смета №2 факт последнее | H124: 0 | O124: =ROUND(O82,2) -> 568995.41 | P124: =ROUND(P82,2) -> 235079.94 | Q124: =ROUND(Q82,2) -> 3840.39 | R124: =ROUND(R82,2) -> 546.81 | S124: =ROUND(S82,2) -> 330075.08 | T124: =ROUND(T82,2) -> 0 | U124: =U82 -> 669.75291 | V124: =V82 -> 0.84744 | W124: =ROUND(W82,2) -> 0 | X124: =ROUND(X82,2) -> 209011.3 | Y124: =ROUND(Y82,2) -> 123910.63 | AO124: =ROUND(AO82,2) -> 0 | AP124: =ROUND(AP82,2) -> 0 | AQ124: =ROUND(AQ82,2) -> 0 | AR124: =ROUND(AR82,2) -> 901917.34 | AS124: =ROUND(AS82,2) -> 95319.61 | AT124: =ROUND(AT82,2) -> 455157.7 | AU124: =ROUND(AU82,2) -> 351440.03 | AV124: =ROUND(AV82,2) -> 235079.94 | ... BD124: =ROUND(BD82,2) -> 0 | GX124: 0
...

Sheet SourceObSm
A1: 0 | B1: Smeta.RU (495) 974-1589 | D1: _OBSM_ | F1: 0 | G1: 0 | H1: 0 | I1: Smeta.RU | K1: 1 | L1: 65963 | M1: 24323694 | N1: 11 | O1: 1 | P1: 0 | Q1: 1
A12: 1 | B12: 63 | C12: 0 | E12: 0 | F12: Новый объект_(Копия)_(Копия)_(Копия)_(Копия)_(Копия)_(Копия) | G12: Смета №2 факт последнее | I12: 0 | K12: 0 | O12: 0 | P12: 0 | Q12: 0 | R12: 0 | V12: 0 | BH12: Сметные нормы списания | BI12: Коды ценников | BJ12: 1 | BK12: 1 | BL12: 0 | BM12: 1 | BN12: 0 | BO12: 0 | BP12: 6 | BQ12: 2 | BR12: 1 | BS12: 0 | BT12: 0 | BU12: 0 | BV12: 1 | BW12: 0 | BX12: 0 | BY12: Построчная индексация | BZ12: ТР для Версии 11: Центральные регионы (с уч. п-ма 2536-ИП/12/ГС от 27.11.12, 01/57049-ЮЛ от 27.04.2018) от 27.04.2020 г | CA12: Ульяновская область (редакция 2014 года) | CB12: Ульяновская область (редакция 2014 года) | CC12: Ульяновская область (редакция 2014 года) | CD12: Ульяновская область (редакция 2014 года) | CE12: Поправки для НБ 2014 года от 28.12.2015 | CF12: 0 | CG12: 0 | CH12: 8 | CK12: 0 | EC12: 0
A14: 22 | B14: 0 | C14: 0 | D14: 30528041 | E14: 0 | F14: 3
A16: 3 | B16: 1 | C16: Новая локальная смета | D16: Новая локальная смета | E16: =(Source!F99)/1000 -> 95.31961 | F16: =(Source!F100)/1000 -> 455.1577 | G16: =(Source!F91)/1000 -> 0 | H16: =(Source!F101)/1000+(Source!F102)/1000 -> 351.44003 | I16: =E16+F16+G16+H16 -> 901.91734 | J16: =(Source!F97)/1000 -> 330.07508 | AI16: 0 | AJ16: 0 | AN16: 0 | AT16: 92449.51 | AU16: 39154.59 | AV16: 0 | AW16: 0 | AX16: 0 | AY16: 754.02 | AZ16: 93.39 | BA16: 52540.9 | BB16: 15398.33 | BC16: 72156.09 | BD16: 57472.81 | BE16: 0 | BF16: 278.7516 | BG16: 0.396 | BH16: 0 | BI16: 33038.9 | BJ16: 19538.82 | BK16: 145027.23
A18: 51 | E18: =SUMIF(A16:A17,3,E16:E17) -> 95.31961 | F18: =SUMIF(A16:A17,3,F16:F17) -> 455.1577 | G18: =SUMIF(A16:A17,3,G16:G17) -> 0 | H18: =SUMIF(A16:A17,3,H16:H17) -> 351.44003 | I18: =SUMIF(A16:A17,3,I16:I17) -> 901.91734 | J18: =SUMIF(A16:A17,3,J16:J17) -> 330.07508
A20: 50 | B20: =IF(SourceObSm!F20<>0,1,0) -> 1 | C20: 0 | D20: 1 | E20: 201 | F20: 92449.51 | G20: ПЗ | H20: Прямые затраты | K20: 201 | L20: 1 | M20: 1 | O20: 2
A21: 50 | B21: =IF(SourceObSm!F21<>0,1,0) -> 1 | C21: 0 | D21: 1 | E21: 202 | F21: 39154.59 | G21: СтМатОб | H21: Стоимость материальных ресурсов (всего) | K21: 202 | L21: 2 | M21: 1 | O21: 2
A22: 50 | B22: 0 | C22: 0 | D22: 1 | E22: 222 | F22: 0 | G22: СтМатОбЗак | H22: Стоимость материалов и оборудования заказчика | K22: 222 | L22: 3 | M22: 3 | O22: 2
A23: 50 | B23: 0 | C23: 0 | D23: 1 | E23: 225 | F23: 39154.59 | G23: СтМатОбПод | H23: Стоимость материалов и оборудования подрядчика | K23: 225 | L23: 4 | M23: 3 | O23: 2
A24: 50 | B24: 0 | C24: 0 | D24: 1 | E24: 226 | F24: 39154.59 | G24: СтМат | H24: Стоимость материалов (всего) | K24: 226 | L24: 5 | M24: 3 | O24: 2
A25: 50 | B25: 0 | C25: 0 | D25: 1 | E25: 227 | F25: 0 | G25: СтМатЗак | H25: Стоимость материалов заказчика | K25: 227 | L25: 6 | M25: 3 | O25: 2
A26: 50 | B26: 0 | C26: 0 | D26: 1 | E26: 228 | F26: 39154.59 | G26: СтМатПод | H26: Стоимость материалов подрядчика | K26: 228 | L26: 7 | M26: 3 | O26: 2
A27: 50 | B27: =IF(SourceObSm!F27<>0,1,0) -> 0 | C27: 0 | D27: 1 | E27: 216 | F27: 0 | G27: Оборуд | H27: Стоимость оборудования (всего) | K27: 216 | L27: 8 | M27: 1 | O27: 2
A28: 50 | B28: 0 | C28: 0 | D28: 1 | E28: 223 | F28: 0 | G28: ОборудЗак | H28: Стоимость оборудования заказчика | K28: 223 | L28: 9 | M28: 3 | O28: 2
A29: 50 | B29: 0 | C29: 0 | D29: 1 | E29: 229 | F29: 0 | G29: ОборудПод | H29: Стоимость оборудования подрядчика | K29: 229 | L29: 10 | M29: 3 | O29: 2
A30: 50 | B30: =IF(SourceObSm!F30<>0,1,0) -> 1 | C30: 0 | D30: 1 | E30: 203 | F30: 754.02 | G30: ЭММ | H30: Эксплуатация машин | K30: 203 | L30: 11 | M30: 1 | O30: 2
A31: 50 | B31: 0 | C31: 0 | D31: 1 | E31: 231 | F31: 0 | G31: ЭММсНРиСП | H31: Эксплуатация машин по ТСН-2001.16 | K31: 231 | L31: 12 | M31: 3 | O31: 2
A32: 50 | B32: =IF(SourceObSm!F32<>0,1,0) -> 1 | C32: 0 | D32: 1 | E32: 204 | F32: 93.39 | G32: ЗПМ | H32: ЗП машинистов | K32: 204 | L32: 13 | M32: 1 | O32: 2
A33: 50 | B33: =IF(SourceObSm!F33<>0,1,0) -> 1 | C33: 0 | D33: 1 | E33: 205 | F33: 52540.9 | G33: ОЗП | H33: Основная ЗП рабочих | K33: 205 | L33: 14 | M33: 1 | O33: 2
A34: 50 | B34: 0 | C34: 0 | D34: 1 | E34: 232 | F34: 0 | G34: ОЗПсНРиСП | H34: Основная ЗП рабочих по ТСН-2001.16 | K34: 232 | L34: 15 | M34: 3 | O34: 2
A35: 50 | B35: 0 | C35: 0 | D35: 1 | E35: 214 | F35: 15398.33 | G35: Строит | H35: Строительные работы с НР и СП | K35: 214 | L35: 16 | M35: 3 | O35: 2
A36: 50 | B36: 0 | C36: 0 | D36: 1 | E36: 215 | F36: 72156.09 | G36: Монтаж | H36: Монтажные работы с НР и СП | K36: 215 | L36: 17 | M36: 3 | O36: 2
A37: 50 | B37: 0 | C37: 0 | D37: 1 | E37: 217 | F37: 57472.81 | G37: Прочие | H37: Прочие работы с НР и СП | K37: 217 | L37: 18 | M37: 3 | O37: 2
A38: 50 | B38: 0 | C38: 0 | D38: 1 | E38: 230 | F38: 0 | G38: ПрочиеЗатр | H38: Прочие затраты по ТСН-2001.16 | K38: 230 | L38: 19 | M38: 3 | O38: 2
A39: 50 | B39: 0 | C39: 0 | D39: 1 | E39: 206 | F39: 0 | G39: ВозврМат | H39: Возврат материалов | K39: 206 | L39: 20 | M39: 3 | O39: 2
A40: 50 | B40: 0 | C40: 0 | D40: 1 | E40: 207 | F40: 278.7516 | G40: ТрудСтр | H40: Трудозатраты строителей | K40: 207 | L40: 21 | M40: 3 | O40: -1
A41: 50 | B41: 0 | C41: 0 | D41: 1 | E41: 208 | F41: 0.396 | G41: ТрудМаш | H41: Трудозатраты машинистов | K41: 208 | L41: 22 | M41: 3 | O41: -1
A42: 50 | B42: 0 | C42: 0 | D42: 1 | E42: 209 | F42: 0 | G42: ТранспМат | H42: Транспорт материалов | K42: 209 | L42: 23 | M42: 3 | O42: 2
A43: 50 | B43: 0 | C43: 0 | D43: 1 | E43: 233 | F43: 0 | G43: Перевозка | H43: Перевозка грузов | K43: 233 | L43: 24 | M43: 3 | O43: 2
A44: 50 | B44: =IF(SourceObSm!F44<>0,1,0) -> 1 | C44: 0 | D44: 1 | E44: 210 | F44: 33038.9 | G44: НР | H44: Накладные расходы | K44: 210 | L44: 25 | M44: 1 | O44: 2
A45: 50 | B45: =IF(SourceObSm!F45<>0,1,0) -> 1 | C45: 0 | D45: 1 | E45: 211 | F45: 19538.82 | G45: СмПриб | H45: Сметная прибыль | K45: 211 | L45: 26 | M45: 1 | O45: 2
A46: 50 | B46: =IF(SourceObSm!F46<>0,1,0) -> 1 | C46: 0 | D46: 1 | E46: 224 | F46: 145027.23 | G46: Всего | H46: Всего с НР и СП | K46: 224 | L46: 27 | M46: 1 | O46: 2
A47: 50 | B47: =IF(SourceObSm!F47<>0,1,0) -> 0 | C47: 0 | D47: 2 | E47: 0 | F47: 0 | G47: х1 % | H47: Временные здания и сооружения % | K47: 212 | L47: 28 | M47: 1 | O47: -1
A48: 50 | B48: =IF(SourceObSm!F48<>0,1,0) -> 0 | C48: 0 | D48: 2 | E48: 0 | F48: 0 | G48: х1 руб | H48: Временные здания и сооружения руб | K48: 212 | L48: 29 | M48: 1 | O48: 2
A49: 50 | B49: =IF(SourceObSm!F49<>0,1,0) -> 0 | C49: 0 | D49: 2 | E49: 0 | F49: 0 | G49: х1 итог | H49: Итого с временными зданиями и сооружениями | K49: 212 | L49: 30 | M49: 1 | O49: 2
A50: 50 | B50: =IF(SourceObSm!F50<>0,1,0) -> 0 | C50: 0 | D50: 2 | E50: 0 | F50: 0 | G50: х2 % | H50: Зимнее удорожание % | K50: 212 | L50: 31 | M50: 1 | O50: -1
A51: 50 | B51: =IF(SourceObSm!F51<>0,1,0) -> 0 | C51: 0 | D51: 2 | E51: 0 | F51: 0 | G51: х2 руб | H51: Зимнее удорожание руб. | K51: 212 | L51: 32 | M51: 1 | O51: 2
A52: 50 | B52: =IF(SourceObSm!F52<>0,1,0) -> 0 | C52: 0 | D52: 2 | E52: 0 | F52: 0 | G52: х2 итог | H52: ИТОГ с зимним удорожанием | K52: 212 | L52: 33 | M52: 1 | O52: 2
A53: 50 | B53: =IF(SourceObSm!F53<>0,1,0) -> 1 | C53: 0 | D53: 2 | E53: 0 | F53: 2 | G53: х3 % | H53: Непредвиденные расходы % | K53: 212 | L53: 34 | M53: 1 | O53: -1
A54: 50 | B54: =IF(SourceObSm!F54<>0,1,0) -> 1 | C54: 0 | D54: 2 | E54: 0 | F54: 2900.54 | G54: х3 руб | H54: Непредвиденные расходы руб. | K54: 212 | L54: 35 | M54: 1 | O54: 2
A55: 50 | B55: =IF(SourceObSm!F55<>0,1,0) -> 1 | C55: 0 | D55: 2 | E55: 0 | F55: 147927.77 | G55: х3 итог | H55: ИТОГ с непредвиденными расходами | K55: 212 | L55: 36 | M55: 1 | O55: 2
A56: 50 | B56: 0 | C56: 0 | D56: 2 | E56: 0 | F56: 147927.77 | G56: Итого с накрут | H56: Итого со всеми накрутками | K56: 212 | L56: 37 | M56: 3 | O56: 2
A57: 50 | B57: =IF(SourceObSm!F57<>0,1,0) -> 1 | C57: 0 | D57: 2 | E57: 0 | F57: 29585.55 | G57: Л12 | H57: НДС 20% | K57: 212 | L57: 38 | M57: 1 | O57: 2
A58: 50 | B58: =IF(SourceObSm!F58<>0,1,0) -> 1 | C58: 0 | D58: 2 | E58: 213 | F58: 177513.32 | G58: Л13 | H58: ИТОГО с НДС | K58: 212 | L58: 39 | M58: 1 | O58: 2
A60: -1
A63: 75 | B63: Уровень цен | C63: 2020 | D63: 0 | E63: 1 | G63: 0 | H63: 1 | I63: 0 | J63: 1 | K63: 0 | L63: 0 | M63: 0 | N63: 30528041 | O63: 1
A64: 1 | B64: Сборник индексов | C64: ульяновск | D64: 2020 | E64: 1 | F64: 1 | G64: 1 | H64: 0 | I64: 2 | J64: 1 | K64: 1 | L64: 1 | M64: 1 | N64: 1 | O64: 1 | P64: 1 | Q64: 1

Sheet SmtRes
A1: =ROW(Source!A28) -> 28 | B1: 30528041 | C1: 30528163 | D1: 23195439 | E1: 1 | F1: 1 | G1: 1 | H1: 1 | I1: 1-1028-73 | K1: Рабочий строитель среднего разряда 2,8 | L1: 1476 | N1: 1013 | O1: чел.ч | P1: ЧЕЛ.Ч | Q1: 1 | W1: 0 | X1: -1079280024 | Y1: 217.35 | AA1: 0 | AB1: 0 | AC1: 0 | AD1: 8.38 | AE1: 0 | AF1: 0 | AG1: 0 | AH1: 8.38 | AI1: 1 | AJ1: 1 | AK1: 1 | AL1: 1 | AN1: 0 | AO1: 1 | AP1: 1 | AQ1: 0 | AR1: 0 | AT1: 189 | AU1: )*1,15 | AV1: 1 | AW1: 2 | AX1: 30528165 | AY1: 1 | AZ1: 0 | BA1: 1 | BB1: 0 | BC1: 0 | BD1: 0 | BE1: 0 | BF1: 0 | BG1: 0 | BH1: 0 | BI1: 0 | BJ1: 0 | BK1: 0 | BL1: 0 | BM1: 0 | BN1: 0 | BO1: 0 | BP1: 0 | BQ1: 0 | BR1: 0 | BS1: 0 | BT1: 0 | BU1: 0 | BV1: 0 | BW1: 0 | CX1: =Y1*Source!I28 -> 39.123 | CY1: =AD1 -> 8.38 | CZ1: =AH1 -> 8.38 | DA1: =AL1 -> 1 | DB1: =ROUND((ROUND(AT1*CZ1,2)*1.15),6) -> 1821.393 | DC1: =ROUND((ROUND(AT1*AG1,2)*1.15),6) -> 0
A2: =ROW(Source!A29) -> 29 | B2: 30528041 | C2: 30528166 | D2: 23196964 | E2: 1 | F2: 1 | G2: 1 | H2: 1 | I2: 1-1015-73 | K2: Рабочий строитель среднего разряда 1,5 | L2: 1476 | N2: 1013 | O2: чел.ч | P2: ЧЕЛ.Ч | Q2: 1 | W2: 0 | X2: -1604643325 | Y2: 97.2 | AA2: 0 | AB2: 0 | AC2: 0 | AD2: 7.5 | AE2: 0 | AF2: 0 | AG2: 0 | AH2: 7.5 | AI2: 1 | AJ2: 1 | AK2: 1 | AL2: 1 | AN2: 0 | AO2: 1 | AP2: 0 | AQ2: 0 | AR2: 0 | AT2: 97.2 | AV2: 1 | AW2: 2 | AX2: 30528168 | AY2: 1 | AZ2: 0 | BA2: 2 | BB2: 0 | BC2: 0 | BD2: 0 | BE2: 0 | BF2: 0 | BG2: 0 | BH2: 0 | BI2: 0 | BJ2: 0 | BK2: 0 | BL2: 0 | BM2: 0 | BN2: 0 | BO2: 0 | BP2: 0 | BQ2: 0 | BR2: 0 | BS2: 0 | BT2: 0 | BU2: 0 | BV2: 0 | BW2: 0 | CX2: =Y2*Source!I29 -> 17.496 | CY2: =AD2 -> 7.5 | CZ2: =AH2 -> 7.5 | DA2: =AL2 -> 1 | DB2: =ROUND(ROUND(AT2*CZ2,2),6) -> 729 | DC2: =ROUND(ROUND(AT2*AG2,2),6) -> 0
A3: =ROW(Source!A30) -> 30 | B3: 30528041 | C3: 30528169 | D3: 23645604 | E3: 1 | F3: 1 | G3: 1 | H3: 1 | I3: 0-3306-73 | K3: Электромонтажник-наладчик 6 разряда | L3: 1369 | N3: 1013 | O3: чел.-ч | P3: чел.-ч | Q3: 1 | W3: 0 | X3: -1338681994 | Y3: 16.2 | AA3: 0 | AB3: 0 | AC3: 0 | AD3: 12.92 | AE3: 0 | AF3: 0 | AG3: 0 | AH3: 12.92 | AI3: 1 | AJ3: 1 | AK3: 1 | AL3: 1 | AN3: 0 | AO3: 1 | AP3: 0 | AQ3: 0 | AR3: 0 | AT3: 16.2 | AV3: 1 | AW3: 2 | AX3: 30528172 | AY3: 1 | AZ3: 0 | BA3: 3 | BB3: 0 | BC3: 0 | BD3: 0 | BE3: 0 | BF3: 0 | BG3: 0 | BH3: 0 | BI3: 0 | BJ3: 0 | BK3: 0 | BL3: 0 | BM3: 0 | BN3: 0 | BO3: 0 | BP3: 0 | BQ3: 0 | BR3: 0 | BS3: 0 | BT3: 0 | BU3: 0 | BV3: 0 | BW3: 0 | CX3: =Y3*Source!I30 -> 16.2 | CY3: =AD3 -> 12.92 | CZ3: =AH3 -> 12.92 | DA3: =AL3 -> 1 | DB3: =ROUND(ROUND(AT3*CZ3,2),6) -> 209.3 | DC3: =ROUND(ROUND(AT3*AG3,2),6) -> 0
A4: =ROW(Source!A30) -> 30 | B4: 30528041 | C4: 30528169 | D4: 23644644 | E4: 1 | F4: 1 | G4: 1 | H4: 1 | I4: 2-0023-73 | K4: Инженер по наладке и испытаниям III категории | L4: 1369 | N4: 1013 | O4: чел.-ч | P4: чел.-ч | Q4: 1 | W4: 0 | X4: -958407747 | Y4: 16.2 | AA4: 0 | AB4: 0 | AC4: 0 | AD4: 12.69 | AE4: 0 | AF4: 0 | AG4: 0 | AH4: 12.69 | AI4: 1 | AJ4: 1 | AK4: 1 | AL4: 1 | AN4: 0 | AO4: 1 | AP4: 0 | AQ4: 0 | AR4: 0 | AT4: 16.2 | AV4: 1 | AW4: 2 | AX4: 30528173 | AY4: 1 | AZ4: 0 | BA4: 4 | BB4: 0 | BC4: 0 | BD4: 0 | BE4: 0 | BF4: 0 | BG4: 0 | BH4: 0 | BI4: 0 | BJ4: 0 | BK4: 0 | BL4: 0 | BM4: 0 | BN4: 0 | BO4: 0 | BP4: 0 | BQ4: 0 | BR4: 0 | BS4: 0 | BT4: 0 | BU4: 0 | BV4: 0 | BW4: 0 | CX4: =Y4*Source!I30 -> 16.2 | CY4: =AD4 -> 12.69 | CZ4: =AH4 -> 12.69 | DA4: =AL4 -> 1 | DB4: =ROUND(ROUND(AT4*CZ4,2),6) -> 205.58 | DC4: =ROUND(ROUND(AT4*AG4,2),6) -> 0
A5: =ROW(Source!A31) -> 31 | B5: 30528041 | C5: 30528174 | D5: 23645604 | E5: 1 | F5: 1 | G5: 1 | H5: 1 | I5: 0-3306-73 | K5: Электромонтажник-наладчик 6 разряда | L5: 1369 | N5: 1013 | O5: чел.-ч | P5: чел.-ч | Q5: 1 | W5: 0 | X5: -1338681994 | Y5: 6.08 | AA5: 0 | AB5: 0 | AC5: 0 | AD5: 12.92 | AE5: 0 | AF5: 0 | AG5: 0 | AH5: 12.92 | AI5: 1 | AJ5: 1 | AK5: 1 | AL5: 1 | AN5: 0 | AO5: 1 | AP5: 0 | AQ5: 0 | AR5: 0 | AT5: 6.08 | AV5: 1 | AW5: 2 | AX5: 30528177 | AY5: 1 | AZ5: 0 | BA5: 5 | BB5: 0 | BC5: 0 | BD5: 0 | BE5: 0 | BF5: 0 | BG5: 0 | BH5: 0 | BI5: 0 | BJ5: 0 | BK5: 0 | BL5: 0 | BM5: 0 | BN5: 0 | BO5: 0 | BP5: 0 | BQ5: 0 | BR5: 0 | BS5: 0 | BT5: 0 | BU5: 0 | BV5: 0 | BW5: 0 | CX5: =Y5*Source!I31 -> 39.2768 | CY5: =AD5 -> 12.92 | CZ5: =AH5 -> 12.92 | DA5: =AL5 -> 1 | DB5: =ROUND(ROUND(AT5*CZ5,2),6) -> 78.55 | DC5: =ROUND(ROUND(AT5*AG5,2),6) -> 0
A6: =ROW(Source!A31) -> 31 | B6: 30528041 | C6: 30528174 | D6: 23644644 | E6: 1 | F6: 1 | G6: 1 | H6: 1 | I6: 2-0023-73 | K6: Инженер по наладке и испытаниям III категории | L6: 1369 | N6: 1013 | O6: чел.-ч | P6: чел.-ч | Q6: 1 | W6: 0 | X6: -958407747 | Y6: 6.08 | AA6: 0 | AB6: 0 | AC6: 0 | AD6: 12.69 | AE6: 0 | AF6: 0 | AG6: 0 | AH6: 12.69 | AI6: 1 | AJ6: 1 | AK6: 1 | AL6: 1 | AN6: 0 | AO6: 1 | AP6: 0 | AQ6: 0 | AR6: 0 | AT6: 6.08 | AV6: 1 | AW6: 2 | AX6: 30528178 | AY6: 1 | AZ6: 0 | BA6: 6 | BB6: 0 | BC6: 0 | BD6: 0 | BE6: 0 | BF6: 0 | BG6: 0 | BH6: 0 | BI6: 0 | BJ6: 0 | BK6: 0 | BL6: 0 | BM6: 0 | BN6: 0 | BO6: 0 | BP6: 0 | BQ6: 0 | BR6: 0 | BS6: 0 | BT6: 0 | BU6: 0 | BV6: 0 | BW6: 0 | CX6: =Y6*Source!I31 -> 39.2768 | CY6: =AD6 -> 12.69 | CZ6: =AH6 -> 12.69 | DA6: =AL6 -> 1 | DB6: =ROUND(ROUND(AT6*CZ6,2),6) -> 77.16 | DC6: =ROUND(ROUND(AT6*AG6,2),6) -> 0
A7: =ROW(Source!A32) -> 32 | B7: 30528041 | C7: 30528179 | D7: 23425365 | E7: 1 | F7: 1 | G7: 1 | H7: 1 | I7: 1-2040-73 | K7: Рабочий монтажник среднего разряда 4 | L7: 1476 | N7: 1013 | O7: чел.ч | P7: ЧЕЛ.Ч | Q7: 1 | W7: 0 | X7: 887203420 | Y7: 12.8 | AA7: 0 | AB7: 0 | AC7: 0 | AD7: 9.62 | AE7: 0 | AF7: 0 | AG7: 0 | AH7: 9.62 | AI7: 1 | AJ7: 1 | AK7: 1 | AL7: 1 | AN7: 0 | AO7: 1 | AP7: 0 | AQ7: 0 | AR7: 0 | AT7: 12.8 | AV7: 1 | AW7: 2 | AX7: 30528186 | AY7: 1 | AZ7: 0 | BA7: 7 | BB7: 0 | BC7: 0 | BD7: 0 | BE7: 0 | BF7: 0 | BG7: 0 | BH7: 0 | BI7: 0 | BJ7: 0 | BK7: 0 | BL7: 0 | BM7: 0 | BN7: 0 | BO7: 0 | BP7: 0 | BQ7: 0 | BR7: 0 | BS7: 0 | BT7: 0 | BU7: 0 | BV7: 0 | BW7: 0 | CX7: =Y7*Source!I32 -> 76.8 | CY7: =AD7 -> 9.62 | CZ7: =AH7 -> 9.62 | DA7: =AL7 -> 1 | DB7: =ROUND(ROUND(AT7*CZ7,2),6) -> 123.14 | DC7: =ROUND(ROUND(AT7*AG7,2),6) -> 0
A8: =ROW(Source!A32) -> 32 | B8: 30528041 | C8: 30528179 | D8: 23093687 | E8: 1 | F8: 1 | G8: 1 | H8: 3 | I8: 101-0069 | J8: ТССЦ Ульяновской обл. в ред. 2014 г., сб.<I>, поз.0069 | K8: Бензин авиационный Б-70 | L8: 1348 | N8: 1009 | O8: т | P8: т | Q8: 1000 | W8: 0 | X8: -340191221 | Y8: 0.0024 | AA8: 32213.25 | AB8: 0 | AC8: 0 | AD8: 0 | AE8: 4866.05 | AF8: 0 | AG8: 0 | AH8: 0 | AI8: 6.62 | AJ8: 1 | AK8: 1 | AL8: 1 | AN8: 0 | AO8: 1 | AP8: 0 | AQ8: 0 | AR8: 0 | AT8: 0.0024 | AV8: 0 | AW8: 2 | AX8: 30528187 | AY8: 1 | AZ8: 0 | BA8: 8 | BB8: 0 | BC8: 0 | BD8: 0 | BE8: 0 | BF8: 0 | BG8: 0 | BH8: 0 | BI8: 0 | BJ8: 0 | BK8: 0 | BL8: 0 | BM8: 0 | BN8: 0 | BO8: 0 | BP8: 0 | BQ8: 0 | BR8: 0 | BS8: 0 | BT8: 0 | BU8: 0 | BV8: 0 | BW8: 0 | CX8: =Y8*Source!I32 -> 0.0144 | CY8: =AA8 -> 32213.25 | CZ8: =AE8 -> 4866.05 | DA8: =AI8 -> 6.62 | DB8: =ROUND(ROUND(AT8*CZ8,2),6) -> 11.68 | DC8: =ROUND(ROUND(AT8*AG8,2),6) -> 0
A9: =ROW(Source!A32) -> 32 | B9: 30528041 | C9: 30528179 | D9: 23097812 | E9: 1 | F9: 1 | G9: 1 | H9: 3 | I9: 101-2478 | J9: ТССЦ Ульяновской обл. в ред. 2014 г., сб.<I>, поз.2478 | K9: Лента К226 | L9: 1308 | N9: 1003 | O9: 100 м | P9: 100 м | Q9: 100 | W9: 0 | X9: -1390721167 | Y9: 0.0072 | AA9: 635.57 | AB9: 0 | AC9: 0 | AD9: 0 | AE9: 112.69 | AF9: 0 | AG9: 0 | AH9: 0 | AI9: 5.64 | AJ9: 1 | AK9: 1 | AL9: 1 | AN9: 0 | AO9: 1 | AP9: 0 | AQ9: 0 | AR9: 0 | AT9: 0.0072 | AV9: 0 | AW9: 2 | AX9: 30528188 | AY9: 1 | AZ9: 0 | BA9: 9 | BB9: 0 | BC9: 0 | BD9: 0 | BE9: 0 | BF9: 0 | BG9: 0 | BH9: 0 | BI9: 0 | BJ9: 0 | BK9: 0 | BL9: 0 | BM9: 0 | BN9: 0 | BO9: 0 | BP9: 0 | BQ9: 0 | BR9: 0 | BS9: 0 | BT9: 0 | BU9: 0 | BV9: 0 | BW9: 0 | CX9: =Y9*Source!I32 -> 0.0432 | CY9: =AA9 -> 635.57 | CZ9: =AE9 -> 112.69 | DA9: =AI9 -> 5.64 | DB9: =ROUND(ROUND(AT9*CZ9,2),6) -> 0.81 | DC9: =ROUND(ROUND(AT9*AG9,2),6) -> 0
A10: =ROW(Source!A32) -> 32 | B10: 30528041 | C10: 30528179 | D10: 23163561 | E10: 1 | F10: 1 | G10: 1 | H10: 3 | I10: 502-0769 | J10: ТССЦ Ульяновской обл. в ред. 2014 г., сб.<I>, поз.0769 | K10: Муфта термоусаживаемая соединительная для кабеля с полиэтиленовой или бумажной изоляцией на напряжение до 10 кВ, марки СТп-10-3х(70-120) мм2 | L10: 1354 | N10: 1010 | O10: шт. | P10: шт. | Q10: 1 | W10: 0 | X10: 1048833068 | Y10: 1 | AA10: 3842.87 | AB10: 0 | AC10: 0 | AD10: 0 | AE10: 671.83 | AF10: 0 | AG10: 0 | AH10: 0 | AI10: 5.72 | AJ10: 1 | AK10: 1 | AL10: 1 | AN10: 0 | AO10: 0 | AP10: 0 | AQ10: 0 | AR10: 0 | AT10: 1 | AV10: 0 | AW10: 1 | AX10: -1 | AY10: 0 | AZ10: 0 | BB10: 0 | BC10: 0 | BD10: 0 | BE10: 0 | BF10: 0 | BG10: 0 | BH10: 0 | BI10: 0 | BJ10: 0 | BK10: 0 | BL10: 0 | BM10: 0 | BN10: 0 | BO10: 0 | BP10: 0 | BQ10: 0 | BR10: 0 | BS10: 0 | BT10: 0 | BU10: 0 | BV10: 0 | BW10: 0 | CX10: =Y10*Source!I32 -> 6 | CY10: =AA10 -> 3842.87 | CZ10: =AE10 -> 671.83 | DA10: =AI10 -> 5.72 | DB10: =ROUND(ROUND(AT10*CZ10,2),6) -> 671.83 | DC10: =ROUND(ROUND(AT10*AG10,2),6) -> 0
A11: =ROW(Source!A32) -> 32 | B11: 30528041 | C11: 30528179 | D11: 23190186 | E11: 1 | F11: 1 | G11: 1 | H11: 3 | I11: 509-1206 | J11: ТССЦ Ульяновской обл. в ред. 2014 г., сб.<I>, поз.1206 | K11: Парафины нефтяные твердые марки Т-1 | L11: 1348 | N11: 1009 | O11: т | P11: т | Q11: 1000 | W11: 0 | X11: 62542010 | Y11: 1e-05 | AA11: 59426.06 | AB11: 0 | AC11: 0 | AD11: 0 | AE11: 8129.42 | AF11: 0 | AG11: 0 | AH11: 0 | AI11: 7.31 | AJ11: 1 | AK11: 1 | AL11: 1 | AN11: 0 | AO11: 1 | AP11: 0 | AQ11: 0 | AR11: 0 | AT11: 1e-05 | AV11: 0 | AW11: 2 | AX11: 30528189 | AY11: 1 | AZ11: 0 | BA11: 10 | BB11: 0 | BC11: 0 | BD11: 0 | BE11: 0 | BF11: 0 | BG11: 0 | BH11: 0 | BI11: 0 | BJ11: 0 | BK11: 0 | BL11: 0 | BM11: 0 | BN11: 0 | BO11: 0 | BP11: 0 | BQ11: 0 | BR11: 0 | BS11: 0 | BT11: 0 | BU11: 0 | BV11: 0 | BW11: 0 | CX11: =Y11*Source!I32 -> 6e-05 | CY11: =AA11 -> 59426.06 | CZ11: =AE11 -> 8129.42 | DA11: =AI11 -> 7.31 | DB11: =ROUND(ROUND(AT11*CZ11,2),6) -> 0.08 | DC11: =ROUND(ROUND(AT11*AG11,2),6) -> 0
A12: =ROW(Source!A32) -> 32 | B12: 30528041 | C12: 30528179 | D12: 23190308 | E12: 1 | F12: 1 | G12: 1 | H12: 3 | I12: 999-9950 | J12: ТССЦ Ульяновской обл. в ред. 2014 г., сб.<I>, поз.1244 | K12: Вспомогательные ненормируемые материалы (2% от ОЗП) | L12: 1374 | N12: 1013 | O12: РУБ | P12: РУБ | Q12: 1 | W12: 0 | X12: -975427110 | Y12: 2.46 | AA12: 1 | AB12: 0 | AC12: 0 | AD12: 0 | AE12: 1 | AF12: 0 | AG12: 0 | AH12: 0 | AI12: 1 | AJ12: 1 | AK12: 1 | AL12: 1 | AN12: 0 | AO12: 1 | AP12: 0 | AQ12: 0 | AR12: 0 | AT12: 2.46 | AV12: 0 | AW12: 2 | AX12: 30528190 | AY12: 1 | AZ12: 0 | BA12: 11 | BB12: 0 | BC12: 0 | BD12: 0 | BE12: 0 | BF12: 0 | BG12: 0 | BH12: 0 | BI12: 0 | BJ12: 0 | BK12: 0 | BL12: 0 | BM12: 0 | BN12: 0 | BO12: 0 | BP12: 0 | BQ12: 0 | BR12: 0 | BS12: 0 | BT12: 0 | BU12: 0 | BV12: 0 | BW12: 0 | CX12: =Y12*Source!I32 -> 14.76 | CY12: =AA12 -> 1 | CZ12: =AE12 -> 1 | DA12: =AI12 -> 1 | DB12: =ROUND(ROUND(AT12*CZ12,2),6) -> 2.46 | DC12: =ROUND(ROUND(AT12*AG12,2),6) -> 0
A13: =ROW(Source!A34) -> 34 | B13: 30528041 | C13: 30528192 | D13: 23425365 | E13: 1 | F13: 1 | G13: 1 | H13: 1 | I13: 1-2040-73 | K13: Рабочий монтажник среднего разряда 4 | L13: 1476 | N13: 1013 | O13: чел.ч | P13: ЧЕЛ.Ч | Q13: 1 | W13: 0 | X13: 887203420 | Y13: 17.44 | AA13: 0 | AB13: 0 | AC13: 0 | AD13: 9.62 | AE13: 0 | AF13: 0 | AG13: 0 | AH13: 9.62 | AI13: 1 | AJ13: 1 | AK13: 1 | AL13: 1 | AN13: 0 | AO13: 1 | AP13: 0 | AQ13: 0 | AR13: 0 | AT13: 17.44 | AV13: 1 | AW13: 2 | AX13: 30528208 | AY13: 1 | AZ13: 0 | BA13: 12 | BB13: 0 | BC13: 0 | BD13: 0 | BE13: 0 | BF13: 0 | BG13: 0 | BH13: 0 | BI13: 0 | BJ13: 0 | BK13: 0 | BL13: 0 | BM13: 0 | BN13: 0 | BO13: 0 | BP13: 0 | BQ13: 0 | BR13: 0 | BS13: 0 | BT13: 0 | BU13: 0 | BV13: 0 | BW13: 0 | CX13: =Y13*Source!I34 -> 5.232 | CY13: =AD13 -> 9.62 | CZ13: =AH13 -> 9.62 | DA13: =AL13 -> 1 | DB13: =ROUND(ROUND(AT13*CZ13,2),6) -> 167.77 | DC13: =ROUND(ROUND(AT13*AG13,2),6) -> 0
A14: =ROW(Source!A34) -> 34 | B14: 30528041 | C14: 30528192 | D14: 121548 | E14: 1 | F14: 1 | G14: 1 | H14: 1 | I14: 2 | K14: Затраты труда машинистов | L14: 608254 | N14: 1013 | O14: чел.час | P14: чел.час | Q14: 1 | W14: 0 | X14: -185737400 | Y14: 1.32 | AA14: 0 | AB14: 0 | AC14: 0 | AD14: 0 | AE14: 0 | AF14: 0 | AG14: 0 | AH14: 0 | AI14: 1 | AJ14: 1 | AK14: 1 | AL14: 1 | AN14: 0 | AO14: 1 | AP14: 0 | AQ14: 0 | AR14: 0 | AT14: 1.32 | AV14: 2 | AW14: 2 | AX14: 30528209 | AY14: 1 | AZ14: 0 | BA14: 13 | BB14: 0 | BC14: 0 | BD14: 0 | BE14: 0 | BF14: 0 | BG14: 0 | BH14: 0 | BI14: 0 | BJ14: 0 | BK14: 0 | BL14: 0 | BM14: 0 | BN14: 0 | BO14: 0 | BP14: 0 | BQ14: 0 | BR14: 0 | BS14: 0 | BT14: 0 | BU14: 0 | BV14: 0 | BW14: 0 | CX14: =Y14*Source!I34 -> 0.396 | CY14: =AD14 -> 0 | CZ14: =AH14 -> 0 | DA14: =AL14 -> 1 | DB14: =ROUND(ROUND(AT14*CZ14,2),6) -> 0 | DC14: =ROUND(ROUND(AT14*AG14,2),6) -> 0
A15: =ROW(Source!A34) -> 34 | B15: 30528041 | C15: 30528192 | D15: 23124316 | E15: 1 | F15: 1 | G15: 1 | H15: 2 | I15: 021102 | J15: ЦЭМ Ульяновской обл. в ред. 2014 г.сб.02,поз.1102 | K15: Краны на автомобильном ходу при работе на монтаже технологического оборудования 10 т | L15: 1368 | N15: 1011 | O15: маш.-ч | P15: маш.-ч | Q15: 1 | W15: 0 | X15: 256190746 | Y15: 1.32 | AA15: 0 | AB15: 1030.62 | AC15: 235.85 | AD15: 0 | AE15: 0 | AF15: 139.65 | AG15: 13.5 | AH15: 0 | AI15: 1 | AJ15: 7.38 | AK15: 17.47 | AL15: 1 | AN15: 0 | AO15: 1 | AP15: 0 | AQ15: 0 | AR15: 0 | AT15: 1.32 | AV15: 0 | AW15: 2 | AX15: 30528210 | AY15: 1 | AZ15: 0 | BA15: 14 | BB15: 0 | BC15: 0 | BD15: 0 | BE15: 0 | BF15: 0 | BG15: 0 | BH15: 0 | BI15: 0 | BJ15: 0 | BK15: 0 | BL15: 0 | BM15: 0 | BN15: 0 | BO15: 0 | BP15: 0 | BQ15: 0 | BR15: 0 | BS15: 0 | BT15: 0 | BU15: 0 | BV15: 0 | BW15: 0 | CX15: =Y15*Source!I34 -> 0.396 | CY15: =AB15 -> 1030.62 | CZ15: =AF15 -> 139.65 | DA15: =AJ15 -> 7.38 | DB15: =ROUND(ROUND(AT15*CZ15,2),6) -> 184.34 | DC15: =ROUND(ROUND(AT15*AG15,2),6) -> 17.82
A16: =ROW(Source!A34) -> 34 | B16: 30528041 | C16: 30528192 | D16: 23124412 | E16: 1 | F16: 1 | G16: 1 | H16: 2 | I16: 030203 | J16: ЦЭМ Ульяновской обл. в ред. 2014 г.сб.03,поз.0203 | K16: Домкраты гидравлические грузоподъемностью 63-100 т | L16: 1368 | N16: 1011 | O16: маш.-ч | P16: маш.-ч | Q16: 1 | W16: 0 | X16: 1590071772 | Y16: 3.97 | AA16: 0 | AB16: 3.58 | AC16: 0 | AD16: 0 | AE16: 0 | AF16: 1.1 | AG16: 0 | AH16: 0 | AI16: 1 | AJ16: 3.25 | AK16: 17.47 | AL16: 1 | AN16: 0 | AO16: 1 | AP16: 0 | AQ16: 0 | AR16: 0 | AT16: 3.97 | AV16: 0 | AW16: 2 | AX16: 30528211 | AY16: 1 | AZ16: 0 | BA16: 15 | BB16: 0 | BC16: 0 | BD16: 0 | BE16: 0 | BF16: 0 | BG16: 0 | BH16: 0 | BI16: 0 | BJ16: 0 | BK16: 0 | BL16: 0 | BM16: 0 | BN16: 0 | BO16: 0 | BP16: 0 | BQ16: 0 | BR16: 0 | BS16: 0 | BT16: 0 | BU16: 0 | BV16: 0 | BW16: 0 | CX16: =Y16*Source!I34 -> 1.191 | CY16: =AB16 -> 3.58 | CZ16: =AF16 -> 1.1 | DA16: =AJ16 -> 3.25 | DB16: =ROUND(ROUND(AT16*CZ16,2),6) -> 4.37 | DC16: =ROUND(ROUND(AT16*AG16,2),6) -> 0
A17: =ROW(Source!A34) -> 34 | B17: 30528041 | C17: 30528192 | D17: 23124426 | E17: 1 | F17: 1 | G17: 1 | H17: 2 | I17: 030404 | J17: ЦЭМ Ульяновской обл. в ред. 2014 г.сб.03,поз.0404 | K17: Лебедки электрические тяговым усилием до 31,39 кН (3,2 т) | L17: 1368 | N17: 1011 | O17: маш.-ч | P17: маш.-ч | Q17: 1 | W17: 0 | X17: -1885440168 | Y17: 3.97 | AA17: 0 | AB17: 23.8 | AC17: 0 | AD17: 0 | AE17: 0 | AF17: 6.33 | AG17: 0 | AH17: 0 | AI17: 1 | AJ17: 3.76 | AK17: 17.47 | AL17: 1 | AN17: 0 | AO17: 1 | AP17: 0 | AQ17: 0 | AR17: 0 | AT17: 3.97 | AV17: 0 | AW17: 2 | AX17: 30528212 | AY17: 1 | AZ17: 0 | BA17: 16 | BB17: 0 | BC17: 0 | BD17: 0 | BE17: 0 | BF17: 0 | BG17: 0 | BH17: 0 | BI17: 0 | BJ17: 0 | BK17: 0 | BL17: 0 | BM17: 0 | BN17: 0 | BO17: 0 | BP17: 0 | BQ17: 0 | BR17: 0 | BS17: 0 | BT17: 0 | BU17: 0 | BV17: 0 | BW17: 0 | CX17: =Y17*Source!I34 -> 1.191 | CY17: =AB17 -> 23.8 | CZ17: =AF17 -> 6.33 | DA17: =AJ17 -> 3.76 | DB17: =ROUND(ROUND(AT17*CZ17,2),6) -> 25.13 | DC17: =ROUND(ROUND(AT17*AG17,2),6) -> 0
A18: =ROW(Source!A34) -> 34 | B18: 30528041 | C18: 30528192 | D18: 23126170 | E18: 1 | F18: 1 | G18: 1 | H18: 2 | I18: 400001 | J18: ЦЭМ Ульяновской обл. в ред. 2014 г.сб.40,поз.0001 | K18: Автомобили бортовые, грузоподъемность до 5 т | L18: 1368 | N18: 1011 | O18: маш.-ч | P18: маш.-ч | Q18: 1 | W18: 0 | X18: 1249889143 | Y18: 1.32 | AA18: 0 | AB18: 790.17 | AC18: 0 | AD18: 0 | AE18: 0 | AF18: 84.33 | AG18: 0 | AH18: 0 | AI18: 1 | AJ18: 9.37 | AK18: 17.47 | AL18: 1 | AN18: 0 | AO18: 1 | AP18: 0 | AQ18: 0 | AR18: 0 | AT18: 1.32 | AV18: 0 | AW18: 2 | AX18: 30528213 | AY18: 1 | AZ18: 0 | BA18: 17 | BB18: 0 | BC18: 0 | BD18: 0 | BE18: 0 | BF18: 0 | BG18: 0 | BH18: 0 | BI18: 0 | BJ18: 0 | BK18: 0 | BL18: 0 | BM18: 0 | BN18: 0 | BO18: 0 | BP18: 0 | BQ18: 0 | BR18: 0 | BS18: 0 | BT18: 0 | BU18: 0 | BV18: 0 | BW18: 0 | CX18: =Y18*Source!I34 -> 0.396 | CY18: =AB18 -> 790.17 | CZ18: =AF18 -> 84.33 | DA18: =AJ18 -> 9.37 | DB18: =ROUND(ROUND(AT18*CZ18,2),6) -> 111.32 | DC18: =ROUND(ROUND(AT18*AG18,2),6) -> 0
A19: =ROW(Source!A34) -> 34 | B19: 30528041 | C19: 30528192 | D19: 23102071 | E19: 1 | F19: 1 | G19: 1 | H19: 3 | I19: 101-1641 | J19: ТССЦ Ульяновской обл. в ред. 2014 г., сб.<I>, поз.1641 | K19: Сталь угловая равнополочная, марка стали: ВСт3кп2, размером 50x50x5 мм | L19: 1348 | N19: 1009 | O19: т | P19: т | Q19: 1000 | W19: 0 | X19: 530697681 | Y19: 0.01 | AA19: 38326.34 | AB19: 0 | AC19: 0 | AD19: 0 | AE19: 4156.87 | AF19: 0 | AG19: 0 | AH19: 0 | AI19: 9.22 | AJ19: 1 | AK19: 1 | AL19: 1 | AN19: 0 | AO19: 1 | AP19: 0 | AQ19: 0 | AR19: 0 | AT19: 0.01 | AV19: 0 | AW19: 2 | AX19: 30528214 | AY19: 1 | AZ19: 0 | BA19: 18 | BB19: 0 | BC19: 0 | BD19: 0 | BE19: 0 | BF19: 0 | BG19: 0 | BH19: 0 | BI19: 0 | BJ19: 0 | BK19: 0 | BL19: 0 | BM19: 0 | BN19: 0 | BO19: 0 | BP19: 0 | BQ19: 0 | BR19: 0 | BS19: 0 | BT19: 0 | BU19: 0 | BV19: 0 | BW19: 0 | CX19: =Y19*Source!I34 -> 0.003 | CY19: =AA19 -> 38326.34 | CZ19: =AE19 -> 4156.87 | DA19: =AI19 -> 9.22 | DB19: =ROUND(ROUND(AT19*CZ19,2),6) -> 41.57 | DC19: =ROUND(ROUND(AT19*AG19,2),6) -> 0
A20: =ROW(Source!A34) -> 34 | B20: 30528041 | C20: 30528192 | D20: 23102138 | E20: 1 | F20: 1 | G20: 1 | H20: 3 | I20: 101-1755 | J20: ТССЦ Ульяновской обл. в ред. 2014 г., сб.<I>, поз.1755 | K20: Сталь полосовая, марка стали: Ст3сп шириной 50-200 мм толщиной 4-5 мм | L20: 1348 | N20: 1009 | O20: т | P20: т | Q20: 1000 | W20: 0 | X20: 175752974 | Y20: 0.001 | AA20: 34146.5 | AB20: 0 | AC20: 0 | AD20: 0 | AE20: 4498.88 | AF20: 0 | AG20: 0 | AH20: 0 | AI20: 7.59 | AJ20: 1 | AK20: 1 | AL20: 1 | AN20: 0 | AO20: 1 | AP20: 0 | AQ20: 0 | AR20: 0 | AT20: 0.001 | AV20: 0 | AW20: 2 | AX20: 30528215 | AY20: 1 | AZ20: 0 | BA20: 19 | BB20: 0 | BC20: 0 | BD20: 0 | BE20: 0 | BF20: 0 | BG20: 0 | BH20: 0 | BI20: 0 | BJ20: 0 | BK20: 0 | BL20: 0 | BM20: 0 | BN20: 0 | BO20: 0 | BP20: 0 | BQ20: 0 | BR20: 0 | BS20: 0 | BT20: 0 | BU20: 0 | BV20: 0 | BW20: 0 | CX20: =Y20*Source!I34 -> 0.0003 | CY20: =AA20 -> 34146.5 | CZ20: =AE20 -> 4498.88 | DA20: =AI20 -> 7.59 | DB20: =ROUND(ROUND(AT20*CZ20,2),6) -> 4.5 | DC20: =ROUND(ROUND(AT20*AG20,2),6) -> 0
A21: =ROW(Source!A34) -> 34 | B21: 30528041 | C21: 30528192 | D21: 23097257 | E21: 1 | F21: 1 | G21: 1 | H21: 3 | I21: 101-2143 | J21: ТССЦ Ульяновской обл. в ред. 2014 г., сб.<I>, поз.2143 | K21: Краска | L21: 1346 | N21: 1009 | O21: кг | P21: кг | Q21: 1 | W21: 0 | X21: -571519635 | Y21: 0.25 | AA21: 105.35 | AB21: 0 | AC21: 0 | AD21: 0 | AE21: 27.65 | AF21: 0 | AG21: 0 | AH21: 0 | AI21: 3.81 | AJ21: 1 | AK21: 1 | AL21: 1 | AN21: 0 | AO21: 1 | AP21: 0 | AQ21: 0 | AR21: 0 | AT21: 0.25 | AV21: 0 | AW21: 2 | AX21: 30528216 | AY21: 1 | AZ21: 0 | BA21: 20 | BB21: 0 | BC21: 0 | BD21: 0 | BE21: 0 | BF21: 0 | BG21: 0 | BH21: 0 | BI21: 0 | BJ21: 0 | BK21: 0 | BL21: 0 | BM21: 0 | BN21: 0 | BO21: 0 | BP21: 0 | BQ21: 0 | BR21: 0 | BS21: 0 | BT21: 0 | BU21: 0 | BV21: 0 | BW21: 0 | CX21: =Y21*Source!I34 -> 0.075 | CY21: =AA21 -> 105.35 | CZ21: =AE21 -> 27.65 | DA21: =AI21 -> 3.81 | DB21: =ROUND(ROUND(AT21*CZ21,2),6) -> 6.91 | DC21: =ROUND(ROUND(AT21*AG21,2),6) -> 0
A22: =ROW(Source!A34) -> 34 | B22: 30528041 | C22: 30528192 | D22: 23097812 | E22: 1 | F22: 1 | G22: 1 | H22: 3 | I22: 101-2478 | J22: ТССЦ Ульяновской обл. в ред. 2014 г., сб.<I>, поз.2478 | K22: Лента К226 | L22: 1308 | N22: 1003 | O22: 100 м | P22: 100 м | Q22: 100 | W22: 0 | X22: -1390721167 | Y22: 0.0096 | AA22: 635.57 | AB22: 0 | AC22: 0 | AD22: 0 | AE22: 112.69 | AF22: 0 | AG22: 0 | AH22: 0 | AI22: 5.64 | AJ22: 1 | AK22: 1 | AL22: 1 | AN22: 0 | AO22: 1 | AP22: 0 | AQ22: 0 | AR22: 0 | AT22: 0.0096 | AV22: 0 | AW22: 2 | AX22: 30528217 | AY22: 1 | AZ22: 0 | BA22: 21 | BB22: 0 | BC22: 0 | BD22: 0 | BE22: 0 | BF22: 0 | BG22: 0 | BH22: 0 | BI22: 0 | BJ22: 0 | BK22: 0 | BL22: 0 | BM22: 0 | BN22: 0 | BO22: 0 | BP22: 0 | BQ22: 0 | BR22: 0 | BS22: 0 | BT22: 0 | BU22: 0 | BV22: 0 | BW22: 0 | CX22: =Y22*Source!I34 -> 0.00288 | CY22: =AA22 -> 635.57 | CZ22: =AE22 -> 112.69 | DA22: =AI22 -> 5.64 | DB22: =ROUND(ROUND(AT22*CZ22,2),6) -> 1.08 | DC22: =ROUND(ROUND(AT22*AG22,2),6) -> 0
A23: =ROW(Source!A34) -> 34 | B23: 30528041 | C23: 30528192 | D23: 23116021 | E23: 1 | F23: 1 | G23: 1 | H23: 3 | I23: 113-1786 | J23: ТССЦ Ульяновской обл. в ред. 2014 г., сб.<I>, поз.1786 | K23: Лак битумный: БТ-123 | L23: 1348 | N23: 1009 | O23: т | P23: т | Q23: 1000 | W23: 0 | X23: -1884451887 | Y23: 6e-05 | AA23: 44322.48 | AB23: 0 | AC23: 0 | AD23: 0 | AE23: 7789.54 | AF23: 0 | AG23: 0 | AH23: 0 | AI23: 5.69 | AJ23: 1 | AK23: 1 | AL23: 1 | AN23: 0 | AO23: 1 | AP23: 0 | AQ23: 0 | AR23: 0 | AT23: 6e-05 | AV23: 0 | AW23: 2 | AX23: 30528218 | AY23: 1 | AZ23: 0 | BA23: 22 | BB23: 0 | BC23: 0 | BD23: 0 | BE23: 0 | BF23: 0 | BG23: 0 | BH23: 0 | BI23: 0 | BJ23: 0 | BK23: 0 | BL23: 0 | BM23: 0 | BN23: 0 | BO23: 0 | BP23: 0 | BQ23: 0 | BR23: 0 | BS23: 0 | BT23: 0 | BU23: 0 | BV23: 0 | BW23: 0 | CX23: =Y23*Source!I34 -> 1.8e-05 | CY23: =AA23 -> 44322.48 | CZ23: =AE23 -> 7789.54 | DA23: =AI23 -> 5.69 | DB23: =ROUND(ROUND(AT23*CZ23,2),6) -> 0.47 | DC23: =ROUND(ROUND(AT23*AG23,2),6) -> 0
A24: =ROW(Source!A34) -> 34 | B24: 30528041 | C24: 30528192 | D24: 23159151 | E24: 1 | F24: 1 | G24: 1 | H24: 3 | I24: 501-0454 | J24: ТССЦ Ульяновской обл. в ред. 2014 г., сб.<I>, поз.0454 | K24: Кабели силовые на напряжение 6000 В для прокладке в земле с алюминиевыми жилами с двумя слоями пластмассовых лент марки:АСБ2лУ, с числом жил - 3 и сечением 95 мм2 | L24: 1477 | N24: 1013 | O24: 1000 м | P24: 1000 М | Q24: 1 | W24: 0 | X24: 2068180100 | Y24: 0.1 | AA24: 512178.69 | AB24: 0 | AC24: 0 | AD24: 0 | AE24: 106261.14 | AF24: 0 | AG24: 0 | AH24: 0 | AI24: 4.82 | AJ24: 1 | AK24: 1 | AL24: 1 | AN24: 0 | AO24: 0 | AP24: 0 | AQ24: 0 | AR24: 0 | AT24: 0.1 | AV24: 0 | AW24: 1 | AX24: -1 | AY24: 0 | AZ24: 0 | BB24: 0 | BC24: 0 | BD24: 0 | BE24: 0 | BF24: 0 | BG24: 0 | BH24: 0 | BI24: 0 | BJ24: 0 | BK24: 0 | BL24: 0 | BM24: 0 | BN24: 0 | BO24: 0 | BP24: 0 | BQ24: 0 | BR24: 0 | BS24: 0 | BT24: 0 | BU24: 0 | BV24: 0 | BW24: 0 | CX24: =Y24*Source!I34 -> 0.03 | CY24: =AA24 -> 512178.69 | CZ24: =AE24 -> 106261.14 | DA24: =AI24 -> 4.82 | DB24: =ROUND(ROUND(AT24*CZ24,2),6) -> 10626.11 | DC24: =ROUND(ROUND(AT24*AG24,2),6) -> 0
A25: =ROW(Source!A34) -> 34 | B25: 30528041 | C25: 30528192 | D25: 23190308 | E25: 1 | F25: 1 | G25: 1 | H25: 3 | I25: 999-9950 | J25: ТССЦ Ульяновской обл. в ред. 2014 г., сб.<I>, поз.1244 | K25: Вспомогательные ненормируемые материалы (2% от ОЗП) | L25: 1374 | N25: 1013 | O25: РУБ | P25: РУБ | Q25: 1 | W25: 0 | X25: -975427110 | Y25: 3.36 | AA25: 1 | AB25: 0 | AC25: 0 | AD25: 0 | AE25: 1 | AF25: 0 | AG25: 0 | AH25: 0 | AI25: 1 | AJ25: 1 | AK25: 1 | AL25: 1 | AN25: 0 | AO25: 1 | AP25: 0 | AQ25: 0 | AR25: 0 | AT25: 3.36 | AV25: 0 | AW25: 2 | AX25: 30528219 | AY25: 1 | AZ25: 0 | BA25: 23 | BB25: 0 | BC25: 0 | BD25: 0 | BE25: 0 | BF25: 0 | BG25: 0 | BH25: 0 | BI25: 0 | BJ25: 0 | BK25: 0 | BL25: 0 | BM25: 0 | BN25: 0 | BO25: 0 | BP25: 0 | BQ25: 0 | BR25: 0 | BS25: 0 | BT25: 0 | BU25: 0 | BV25: 0 | BW25: 0 | CX25: =Y25*Source!I34 -> 1.008 | CY25: =AA25 -> 1 | CZ25: =AE25 -> 1 | DA25: =AI25 -> 1 | DB25: =ROUND(ROUND(AT25*CZ25,2),6) -> 3.36 | DC25: =ROUND(ROUND(AT25*AG25,2),6) -> 0
A26: =ROW(Source!A36) -> 36 | B26: 30528041 | C26: 30528223 | D26: 23644890 | E26: 1 | F26: 1 | G26: 1 | H26: 1 | I26: 0-3304-73 | K26: Электромонтажник-наладчик 4 разряда | L26: 1369 | N26: 1013 | O26: чел.-ч | P26: чел.-ч | Q26: 1 | W26: 0 | X26: -390413327 | Y26: 1.94 | AA26: 0 | AB26: 0 | AC26: 0 | AD26: 9.62 | AE26: 0 | AF26: 0 | AG26: 0 | AH26: 9.62 | AI26: 1 | AJ26: 1 | AK26: 1 | AL26: 1 | AN26: 0 | AO26: 1 | AP26: 0 | AQ26: 0 | AR26: 0 | AT26: 1.94 | AV26: 1 | AW26: 2 | AX26: 30528226 | AY26: 1 | AZ26: 0 | BA26: 24 | BB26: 0 | BC26: 0 | BD26: 0 | BE26: 0 | BF26: 0 | BG26: 0 | BH26: 0 | BI26: 0 | BJ26: 0 | BK26: 0 | BL26: 0 | BM26: 0 | BN26: 0 | BO26: 0 | BP26: 0 | BQ26: 0 | BR26: 0 | BS26: 0 | BT26: 0 | BU26: 0 | BV26: 0 | BW26: 0 | CX26: =Y26*Source!I36 -> 7.76 | CY26: =AD26 -> 9.62 | CZ26: =AH26 -> 9.62 | DA26: =AL26 -> 1 | DB26: =ROUND(ROUND(AT26*CZ26,2),6) -> 18.66 | DC26: =ROUND(ROUND(AT26*AG26,2),6) -> 0
A27: =ROW(Source!A36) -> 36 | B27: 30528041 | C27: 30528223 | D27: 23644644 | E27: 1 | F27: 1 | G27: 1 | H27: 1 | I27: 2-0023-73 | K27: Инженер по наладке и испытаниям III категории | L27: 1369 | N27: 1013 | O27: чел.-ч | P27: чел.-ч | Q27: 1 | W27: 0 | X27: -958407747 | Y27: 2.92 | AA27: 0 | AB27: 0 | AC27: 0 | AD27: 12.69 | AE27: 0 | AF27: 0 | AG27: 0 | AH27: 12.69 | AI27: 1 | AJ27: 1 | AK27: 1 | AL27: 1 | AN27: 0 | AO27: 1 | AP27: 0 | AQ27: 0 | AR27: 0 | AT27: 2.92 | AV27: 1 | AW27: 2 | AX27: 30528227 | AY27: 1 | AZ27: 0 | BA27: 25 | BB27: 0 | BC27: 0 | BD27: 0 | BE27: 0 | BF27: 0 | BG27: 0 | BH27: 0 | BI27: 0 | BJ27: 0 | BK27: 0 | BL27: 0 | BM27: 0 | BN27: 0 | BO27: 0 | BP27: 0 | BQ27: 0 | BR27: 0 | BS27: 0 | BT27: 0 | BU27: 0 | BV27: 0 | BW27: 0 | CX27: =Y27*Source!I36 -> 11.68 | CY27: =AD27 -> 12.69 | CZ27: =AH27 -> 12.69 | DA27: =AL27 -> 1 | DB27: =ROUND(ROUND(AT27*CZ27,2),6) -> 37.05 | DC27: =ROUND(ROUND(AT27*AG27,2),6) -> 0
A28: =ROW(Source!A37) -> 37 | B28: 30528041 | C28: 30528228 | D28: 23644890 | E28: 1 | F28: 1 | G28: 1 | H28: 1 | I28: 0-3304-73 | K28: Электромонтажник-наладчик 4 разряда | L28: 1369 | N28: 1013 | O28: чел.-ч | P28: чел.-ч | Q28: 1 | W28: 0 | X28: -390413327 | Y28: 0.58 | AA28: 0 | AB28: 0 | AC28: 0 | AD28: 9.62 | AE28: 0 | AF28: 0 | AG28: 0 | AH28: 9.62 | AI28: 1 | AJ28: 1 | AK28: 1 | AL28: 1 | AN28: 0 | AO28: 1 | AP28: 0 | AQ28: 0 | AR28: 0 | AT28: 0.58 | AV28: 1 | AW28: 2 | AX28: 30528231 | AY28: 1 | AZ28: 0 | BA28: 26 | BB28: 0 | BC28: 0 | BD28: 0 | BE28: 0 | BF28: 0 | BG28: 0 | BH28: 0 | BI28: 0 | BJ28: 0 | BK28: 0 | BL28: 0 | BM28: 0 | BN28: 0 | BO28: 0 | BP28: 0 | BQ28: 0 | BR28: 0 | BS28: 0 | BT28: 0 | BU28: 0 | BV28: 0 | BW28: 0 | CX28: =Y28*Source!I37 -> 2.5868 | CY28: =AD28 -> 9.62 | CZ28: =AH28 -> 9.62 | DA28: =AL28 -> 1 | DB28: =ROUND(ROUND(AT28*CZ28,2),6) -> 5.58 | DC28: =ROUND(ROUND(AT28*AG28,2),6) -> 0
A29: =ROW(Source!A37) -> 37 | B29: 30528041 | C29: 30528228 | D29: 23644644 | E29: 1 | F29: 1 | G29: 1 | H29: 1 | I29: 2-0023-73 | K29: Инженер по наладке и испытаниям III категории | L29: 1369 | N29: 1013 | O29: чел.-ч | P29: чел.-ч | Q29: 1 | W29: 0 | X29: -958407747 | Y29: 0.87 | AA29: 0 | AB29: 0 | AC29: 0 | AD29: 12.69 | AE29: 0 | AF29: 0 | AG29: 0 | AH29: 12.69 | AI29: 1 | AJ29: 1 | AK29: 1 | AL29: 1 | AN29: 0 | AO29: 1 | AP29: 0 | AQ29: 0 | AR29: 0 | AT29: 0.87 | AV29: 1 | AW29: 2 | AX29: 30528232 | AY29: 1 | AZ29: 0 | BA29: 27 | BB29: 0 | BC29: 0 | BD29: 0 | BE29: 0 | BF29: 0 | BG29: 0 | BH29: 0 | BI29: 0 | BJ29: 0 | BK29: 0 | BL29: 0 | BM29: 0 | BN29: 0 | BO29: 0 | BP29: 0 | BQ29: 0 | BR29: 0 | BS29: 0 | BT29: 0 | BU29: 0 | BV29: 0 | BW29: 0 | CX29: =Y29*Source!I37 -> 3.8802 | CY29: =AD29 -> 12.69 | CZ29: =AH29 -> 12.69 | DA29: =AL29 -> 1 | DB29: =ROUND(ROUND(AT29*CZ29,2),6) -> 11.04 | DC29: =ROUND(ROUND(AT29*AG29,2),6) -> 0
A30: =ROW(Source!A38) -> 38 | B30: 30528041 | C30: 30528233 | D30: 23645604 | E30: 1 | F30: 1 | G30: 1 | H30: 1 | I30: 0-3306-73 | K30: Электромонтажник-наладчик 6 разряда | L30: 1369 | N30: 1013 | O30: чел.-ч | P30: чел.-ч | Q30: 1 | W30: 0 | X30: -1338681994 | Y30: 0.81 | AA30: 0 | AB30: 0 | AC30: 0 | AD30: 12.92 | AE30: 0 | AF30: 0 | AG30: 0 | AH30: 12.92 | AI30: 1 | AJ30: 1 | AK30: 1 | AL30: 1 | AN30: 0 | AO30: 1 | AP30: 0 | AQ30: 0 | AR30: 0 | AT30: 0.81 | AV30: 1 | AW30: 2 | AX30: 30528236 | AY30: 1 | AZ30: 0 | BA30: 28 | BB30: 0 | BC30: 0 | BD30: 0 | BE30: 0 | BF30: 0 | BG30: 0 | BH30: 0 | BI30: 0 | BJ30: 0 | BK30: 0 | BL30: 0 | BM30: 0 | BN30: 0 | BO30: 0 | BP30: 0 | BQ30: 0 | BR30: 0 | BS30: 0 | BT30: 0 | BU30: 0 | BV30: 0 | BW30: 0 | CX30: =Y30*Source!I38 -> 1.62 | CY30: =AD30 -> 12.92 | CZ30: =AH30 -> 12.92 | DA30: =AL30 -> 1 | DB30: =ROUND(ROUND(AT30*CZ30,2),6) -> 10.47 | DC30: =ROUND(ROUND(AT30*AG30,2),6) -> 0
A31: =ROW(Source!A38) -> 38 | B31: 30528041 | C31: 30528233 | D31: 23644644 | E31: 1 | F31: 1 | G31: 1 | H31: 1 | I31: 2-0023-73 | K31: Инженер по наладке и испытаниям III категории | L31: 1369 | N31: 1013 | O31: чел.-ч | P31: чел.-ч | Q31: 1 | W31: 0 | X31: -958407747 | Y31: 0.81 | AA31: 0 | AB31: 0 | AC31: 0 | AD31: 12.69 | AE31: 0 | AF31: 0 | AG31: 0 | AH31: 12.69 | AI31: 1 | AJ31: 1 | AK31: 1 | AL31: 1 | AN31: 0 | AO31: 1 | AP31: 0 | AQ31: 0 | AR31: 0 | AT31: 0.81 | AV31: 1 | AW31: 2 | AX31: 30528237 | AY31: 1 | AZ31: 0 | BA31: 29 | BB31: 0 | BC31: 0 | BD31: 0 | BE31: 0 | BF31: 0 | BG31: 0 | BH31: 0 | BI31: 0 | BJ31: 0 | BK31: 0 | BL31: 0 | BM31: 0 | BN31: 0 | BO31: 0 | BP31: 0 | BQ31: 0 | BR31: 0 | BS31: 0 | BT31: 0 | BU31: 0 | BV31: 0 | BW31: 0 | CX31: =Y31*Source!I38 -> 1.62 | CY31: =AD31 -> 12.69 | CZ31: =AH31 -> 12.69 | DA31: =AL31 -> 1 | DB31: =ROUND(ROUND(AT31*CZ31,2),6) -> 10.28 | DC31: =ROUND(ROUND(AT31*AG31,2),6) -> 0

Sheet EtalonRes
A1: =ROW(Source!A28) -> 28 | B1: 30528165 | C1: 30528163 | D1: 23195439 | E1: 1 | F1: 1 | G1: 1 | H1: 1 | I1: 1-1028-73 | K1: Рабочий строитель среднего разряда 2,8 | L1: 1476 | N1: 1013 | O1: чел.ч | P1: ЧЕЛ.Ч | Q1: 1 | X1: 189 | Y1: 0 | Z1: 0 | AA1: 0 | AB1: 8.38 | AC1: 0 | AD1: 1 | AE1: 1 | AF1: )*1,15 | AG1: 217.35 | AH1: 2 | AI1: 30528164 | AJ1: 1 | AK1: 0 | AL1: 0 | AM1: 0 | AN1: 0 | AO1: 0 | AP1: 0 | AQ1: 0 | AR1: 0
A2: =ROW(Source!A29) -> 29 | B2: 30528168 | C2: 30528166 | D2: 23196964 | E2: 1 | F2: 1 | G2: 1 | H2: 1 | I2: 1-1015-73 | K2: Рабочий строитель среднего разряда 1,5 | L2: 1476 | N2: 1013 | O2: чел.ч | P2: ЧЕЛ.Ч | Q2: 1 | X2: 97.2 | Y2: 0 | Z2: 0 | AA2: 0 | AB2: 7.5 | AC2: 0 | AD2: 1 | AE2: 1 | AG2: 97.2 | AH2: 2 | AI2: 30528167 | AJ2: 2 | AK2: 0 | AL2: 0 | AM2: 0 | AN2: 0 | AO2: 0 | AP2: 0 | AQ2: 0 | AR2: 0
A3: =ROW(Source!A30) -> 30 | B3: 30528172 | C3: 30528169 | D3: 23645604 | E3: 1 | F3: 1 | G3: 1 | H3: 1 | I3: 0-3306-73 | K3: Электромонтажник-наладчик 6 разряда | L3: 1369 | N3: 1013 | O3: чел.-ч | P3: чел.-ч | Q3: 1 | X3: 16.2 | Y3: 0 | Z3: 0 | AA3: 0 | AB3: 12.92 | AC3: 0 | AD3: 1 | AE3: 1 | AG3: 16.2 | AH3: 2 | AI3: 30528170 | AJ3: 3 | AK3: 0 | AL3: 0 | AM3: 0 | AN3: 0 | AO3: 0 | AP3: 0 | AQ3: 0 | AR3: 0
A4: =ROW(Source!A30) -> 30 | B4: 30528173 | C4: 30528169 | D4: 23644644 | E4: 1 | F4: 1 | G4: 1 | H4: 1 | I4: 2-0023-73 | K4: Инженер по наладке и испытаниям III категории | L4: 1369 | N4: 1013 | O4: чел.-ч | P4: чел.-ч | Q4: 1 | X4: 16.2 | Y4: 0 | Z4: 0 | AA4: 0 | AB4: 12.69 | AC4: 0 | AD4: 1 | AE4: 1 | AG4: 16.2 | AH4: 2 | AI4: 30528171 | AJ4: 4 | AK4: 0 | AL4: 0 | AM4: 0 | AN4: 0 | AO4: 0 | AP4: 0 | AQ4: 0 | AR4: 0
A5: =ROW(Source!A31) -> 31 | B5: 30528177 | C5: 30528174 | D5: 23645604 | E5: 1 | F5: 1 | G5: 1 | H5: 1 | I5: 0-3306-73 | K5: Электромонтажник-наладчик 6 разряда | L5: 1369 | N5: 1013 | O5: чел.-ч | P5: чел.-ч | Q5: 1 | X5: 6.08 | Y5: 0 | Z5: 0 | AA5: 0 | AB5: 12.92 | AC5: 0 | AD5: 1 | AE5: 1 | AG5: 6.08 | AH5: 2 | AI5: 30528175 | AJ5: 5 | AK5: 0 | AL5: 0 | AM5: 0 | AN5: 0 | AO5: 0 | AP5: 0 | AQ5: 0 | AR5: 0
A6: =ROW(Source!A31) -> 31 | B6: 30528178 | C6: 30528174 | D6: 23644644 | E6: 1 | F6: 1 | G6: 1 | H6: 1 | I6: 2-0023-73 | K6: Инженер по наладке и испытаниям III категории | L6: 1369 | N6: 1013 | O6: чел.-ч | P6: чел.-ч | Q6: 1 | X6: 6.08 | Y6: 0 | Z6: 0 | AA6: 0 | AB6: 12.69 | AC6: 0 | AD6: 1 | AE6: 1 | AG6: 6.08 | AH6: 2 | AI6: 30528176 | AJ6: 6 | AK6: 0 | AL6: 0 | AM6: 0 | AN6: 0 | AO6: 0 | AP6: 0 | AQ6: 0 | AR6: 0
A7: =ROW(Source!A32) -> 32 | B7: 30528186 | C7: 30528179 | D7: 23425365 | E7: 1 | F7: 1 | G7: 1 | H7: 1 | I7: 1-2040-73 | K7: Рабочий монтажник среднего разряда 4 | L7: 1476 | N7: 1013 | O7: чел.ч | P7: ЧЕЛ.Ч | Q7: 1 | X7: 12.8 | Y7: 0 | Z7: 0 | AA7: 0 | AB7: 9.62 | AC7: 0 | AD7: 1 | AE7: 1 | AG7: 12.8 | AH7: 2 | AI7: 30528180 | AJ7: 7 | AK7: 0 | AL7: 0 | AM7: 0 | AN7: 0 | AO7: 0 | AP7: 0 | AQ7: 0 | AR7: 0
A8: =ROW(Source!A32) -> 32 | B8: 30528187 | C8: 30528179 | D8: 23093687 | E8: 1 | F8: 1 | G8: 1 | H8: 3 | I8: 101-0069 | J8: ТССЦ Ульяновской обл. в ред. 2014 г., сб.<I>, поз.0069 | K8: Бензин авиационный Б-70 | L8: 1348 | N8: 1009 | O8: т | P8: т | Q8: 1000 | X8: 0.0024 | Y8: 4866.05 | Z8: 0 | AA8: 0 | AB8: 0 | AC8: 0 | AD8: 1 | AE8: 0 | AG8: 0.0024 | AH8: 2 | AI8: 30528181 | AJ8: 8 | AK8: 0 | AL8: 0 | AM8: 0 | AN8: 0 | AO8: 0 | AP8: 0 | AQ8: 0 | AR8: 0
A9: =ROW(Source!A32) -> 32 | B9: 30528188 | C9: 30528179 | D9: 23097812 | E9: 1 | F9: 1 | G9: 1 | H9: 3 | I9: 101-2478 | J9: ТССЦ Ульяновской обл. в ред. 2014 г., сб.<I>, поз.2478 | K9: Лента К226 | L9: 1308 | N9: 1003 | O9: 100 м | P9: 100 м | Q9: 100 | X9: 0.0072 | Y9: 112.69 | Z9: 0 | AA9: 0 | AB9: 0 | AC9: 0 | AD9: 1 | AE9: 0 | AG9: 0.0072 | AH9: 2 | AI9: 30528183 | AJ9: 9 | AK9: 0 | AL9: 0 | AM9: 0 | AN9: 0 | AO9: 0 | AP9: 0 | AQ9: 0 | AR9: 0
A10: =ROW(Source!A32) -> 32 | B10: 30528189 | C10: 30528179 | D10: 23190186 | E10: 1 | F10: 1 | G10: 1 | H10: 3 | I10: 509-1206 | J10: ТССЦ Ульяновской обл. в ред. 2014 г., сб.<I>, поз.1206 | K10: Парафины нефтяные твердые марки Т-1 | L10: 1348 | N10: 1009 | O10: т | P10: т | Q10: 1000 | X10: 1e-05 | Y10: 8129.42 | Z10: 0 | AA10: 0 | AB10: 0 | AC10: 0 | AD10: 1 | AE10: 0 | AG10: 1e-05 | AH10: 2 | AI10: 30528184 | AJ10: 11 | AK10: 0 | AL10: 0 | AM10: 0 | AN10: 0 | AO10: 0 | AP10: 0 | AQ10: 0 | AR10: 0
A11: =ROW(Source!A32) -> 32 | B11: 30528190 | C11: 30528179 | D11: 23190308 | E11: 1 | F11: 1 | G11: 1 | H11: 3 | I11: 999-9950 | J11: ТССЦ Ульяновской обл. в ред. 2014 г., сб.<I>, поз.1244 | K11: Вспомогательные ненормируемые материалы (2% от ОЗП) | L11: 1374 | N11: 1013 | O11: РУБ | P11: РУБ | Q11: 1 | X11: 2.46 | Y11: 1 | Z11: 0 | AA11: 0 | AB11: 0 | AC11: 0 | AD11: 1 | AE11: 0 | AG11: 2.46 | AH11: 2 | AI11: 30528185 | AJ11: 12 | AK11: 0 | AL11: 0 | AM11: 0 | AN11: 0 | AO11: 0 | AP11: 0 | AQ11: 0 | AR11: 0
A12: =ROW(Source!A34) -> 34 | B12: 30528208 | C12: 30528192 | D12: 23425365 | E12: 1 | F12: 1 | G12: 1 | H12: 1 | I12: 1-2040-73 | K12: Рабочий монтажник среднего разряда 4 | L12: 1476 | N12: 1013 | O12: чел.ч | P12: ЧЕЛ.Ч | Q12: 1 | X12: 17.44 | Y12: 0 | Z12: 0 | AA12: 0 | AB12: 9.62 | AC12: 0 | AD12: 1 | AE12: 1 | AG12: 17.44 | AH12: 2 | AI12: 30528193 | AJ12: 13 | AK12: 0 | AL12: 0 | AM12: 0 | AN12: 0 | AO12: 0 | AP12: 0 | AQ12: 0 | AR12: 0
A13: =ROW(Source!A34) -> 34 | B13: 30528209 | C13: 30528192 | D13: 121548 | E13: 1 | F13: 1 | G13: 1 | H13: 1 | I13: 2 | K13: Затраты труда машинистов | L13: 608254 | N13: 1013 | O13: чел.час | P13: чел.час | Q13: 1 | X13: 1.32 | Y13: 0 | Z13: 0 | AA13: 0 | AB13: 0 | AC13: 0 | AD13: 1 | AE13: 2 | AG13: 1.32 | AH13: 2 | AI13: 30528194 | AJ13: 14 | AK13: 0 | AL13: 0 | AM13: 0 | AN13: 0 | AO13: 0 | AP13: 0 | AQ13: 0 | AR13: 0
A14: =ROW(Source!A34) -> 34 | B14: 30528210 | C14: 30528192 | D14: 23124316 | E14: 1 | F14: 1 | G14: 1 | H14: 2 | I14: 021102 | J14: ЦЭМ Ульяновской обл. в ред. 2014 г.сб.02,поз.1102 | K14: Краны на автомобильном ходу при работе на монтаже технологического оборудования 10 т | L14: 1368 | N14: 1011 | O14: маш.-ч | P14: маш.-ч | Q14: 1 | X14: 1.32 | Y14: 0 | Z14: 139.65 | AA14: 13.5 | AB14: 0 | AC14: 0 | AD14: 1 | AE14: 0 | AG14: 1.32 | AH14: 2 | AI14: 30528195 | AJ14: 15 | AK14: 0 | AL14: 0 | AM14: 0 | AN14: 0 | AO14: 0 | AP14: 0 | AQ14: 0 | AR14: 0
A15: =ROW(Source!A34) -> 34 | B15: 30528211 | C15: 30528192 | D15: 23124412 | E15: 1 | F15: 1 | G15: 1 | H15: 2 | I15: 030203 | J15: ЦЭМ Ульяновской обл. в ред. 2014 г.сб.03,поз.0203 | K15: Домкраты гидравлические грузоподъемностью 63-100 т | L15: 1368 | N15: 1011 | O15: маш.-ч | P15: маш.-ч | Q15: 1 | X15: 3.97 | Y15: 0 | Z15: 1.1 | AA15: 0 | AB15: 0 | AC15: 0 | AD15: 1 | AE15: 0 | AG15: 3.97 | AH15: 2 | AI15: 30528196 | AJ15: 16 | AK15: 0 | AL15: 0 | AM15: 0 | AN15: 0 | AO15: 0 | AP15: 0 | AQ15: 0 | AR15: 0
A16: =ROW(Source!A34) -> 34 | B16: 30528212 | C16: 30528192 | D16: 23124426 | E16: 1 | F16: 1 | G16: 1 | H16: 2 | I16: 030404 | J16: ЦЭМ Ульяновской обл. в ред. 2014 г.сб.03,поз.0404 | K16: Лебедки электрические тяговым усилием до 31,39 кН (3,2 т) | L16: 1368 | N16: 1011 | O16: маш.-ч | P16: маш.-ч | Q16: 1 | X16: 3.97 | Y16: 0 | Z16: 6.33 | AA16: 0 | AB16: 0 | AC16: 0 | AD16: 1 | AE16: 0 | AG16: 3.97 | AH16: 2 | AI16: 30528197 | AJ16: 17 | AK16: 0 | AL16: 0 | AM16: 0 | AN16: 0 | AO16: 0 | AP16: 0 | AQ16: 0 | AR16: 0
A17: =ROW(Source!A34) -> 34 | B17: 30528213 | C17: 30528192 | D17: 23126170 | E17: 1 | F17: 1 | G17: 1 | H17: 2 | I17: 400001 | J17: ЦЭМ Ульяновской обл. в ред. 2014 г.сб.40,поз.0001 | K17: Автомобили бортовые, грузоподъемность до 5 т | L17: 1368 | N17: 1011 | O17: маш.-ч | P17: маш.-ч | Q17: 1 | X17: 1.32 | Y17: 0 | Z17: 84.33 | AA17: 0 | AB17: 0 | AC17: 0 | AD17: 1 | AE17: 0 | AG17: 1.32 | AH17: 2 | AI17: 30528198 | AJ17: 18 | AK17: 0 | AL17: 0 | AM17: 0 | AN17: 0 | AO17: 0 | AP17: 0 | AQ17: 0 | AR17: 0
A18: =ROW(Source!A34) -> 34 | B18: 30528214 | C18: 30528192 | D18: 23102071 | E18: 1 | F18: 1 | G18: 1 | H18: 3 | I18: 101-1641 | J18: ТССЦ Ульяновской обл. в ред. 2014 г., сб.<I>, поз.1641 | K18: Сталь угловая равнополочная, марка стали: ВСт3кп2, размером 50x50x5 мм | L18: 1348 | N18: 1009 | O18: т | P18: т | Q18: 1000 | X18: 0.01 | Y18: 4156.87 | Z18: 0 | AA18: 0 | AB18: 0 | AC18: 0 | AD18: 1 | AE18: 0 | AG18: 0.01 | AH18: 2 | AI18: 30528199 | AJ18: 19 | AK18: 0 | AL18: 0 | AM18: 0 | AN18: 0 | AO18: 0 | AP18: 0 | AQ18: 0 | AR18: 0
A19: =ROW(Source!A34) -> 34 | B19: 30528215 | C19: 30528192 | D19: 23102138 | E19: 1 | F19: 1 | G19: 1 | H19: 3 | I19: 101-1755 | J19: ТССЦ Ульяновской обл. в ред. 2014 г., сб.<I>, поз.1755 | K19: Сталь полосовая, марка стали: Ст3сп шириной 50-200 мм толщиной 4-5 мм | L19: 1348 | N19: 1009 | O19: т | P19: т | Q19: 1000 | X19: 0.001 | Y19: 4498.88 | Z19: 0 | AA19: 0 | AB19: 0 | AC19: 0 | AD19: 1 | AE19: 0 | AG19: 0.001 | AH19: 2 | AI19: 30528200 | AJ19: 20 | AK19: 0 | AL19: 0 | AM19: 0 | AN19: 0 | AO19: 0 | AP19: 0 | AQ19: 0 | AR19: 0
A20: =ROW(Source!A34) -> 34 | B20: 30528216 | C20: 30528192 | D20: 23097257 | E20: 1 | F20: 1 | G20: 1 | H20: 3 | I20: 101-2143 | J20: ТССЦ Ульяновской обл. в ред. 2014 г., сб.<I>, поз.2143 | K20: Краска | L20: 1346 | N20: 1009 | O20: кг | P20: кг | Q20: 1 | X20: 0.25 | Y20: 27.65 | Z20: 0 | AA20: 0 | AB20: 0 | AC20: 0 | AD20: 1 | AE20: 0 | AG20: 0.25 | AH20: 2 | AI20: 30528201 | AJ20: 21 | AK20: 0 | AL20: 0 | AM20: 0 | AN20: 0 | AO20: 0 | AP20: 0 | AQ20: 0 | AR20: 0
A21: =ROW(Source!A34) -> 34 | B21: 30528217 | C21: 30528192 | D21: 23097812 | E21: 1 | F21: 1 | G21: 1 | H21: 3 | I21: 101-2478 | J21: ТССЦ Ульяновской обл. в ред. 2014 г., сб.<I>, поз.2478 | K21: Лента К226 | L21: 1308 | N21: 1003 | O21: 100 м | P21: 100 м | Q21: 100 | X21: 0.0096 | Y21: 112.69 | Z21: 0 | AA21: 0 | AB21: 0 | AC21: 0 | AD21: 1 | AE21: 0 | AG21: 0.0096 | AH21: 2 | AI21: 30528202 | AJ21: 22 | AK21: 0 | AL21: 0 | AM21: 0 | AN21: 0 | AO21: 0 | AP21: 0 | AQ21: 0 | AR21: 0
A22: =ROW(Source!A34) -> 34 | B22: 30528218 | C22: 30528192 | D22: 23116021 | E22: 1 | F22: 1 | G22: 1 | H22: 3 | I22: 113-1786 | J22: ТССЦ Ульяновской обл. в ред. 2014 г., сб.<I>, поз.1786 | K22: Лак битумный: БТ-123 | L22: 1348 | N22: 1009 | O22: т | P22: т | Q22: 1000 | X22: 6e-05 | Y22: 7789.54 | Z22: 0 | AA22: 0 | AB22: 0 | AC22: 0 | AD22: 1 | AE22: 0 | AG22: 6e-05 | AH22: 2 | AI22: 30528203 | AJ22: 23 | AK22: 0 | AL22: 0 | AM22: 0 | AN22: 0 | AO22: 0 | AP22: 0 | AQ22: 0 | AR22: 0
A23: =ROW(Source!A34) -> 34 | B23: 30528219 | C23: 30528192 | D23: 23190308 | E23: 1 | F23: 1 | G23: 1 | H23: 3 | I23: 999-9950 | J23: ТССЦ Ульяновской обл. в ред. 2014 г., сб.<I>, поз.1244 | K23: Вспомогательные ненормируемые материалы (2% от ОЗП) | L23: 1374 | N23: 1013 | O23: РУБ | P23: РУБ | Q23: 1 | X23: 3.36 | Y23: 1 | Z23: 0 | AA23: 0 | AB23: 0 | AC23: 0 | AD23: 1 | AE23: 0 | AG23: 3.36 | AH23: 2 | AI23: 30528204 | AJ23: 25 | AK23: 0 | AL23: 0 | AM23: 0 | AN23: 0 | AO23: 0 | AP23: 0 | AQ23: 0 | AR23: 0
A24: =ROW(Source!A36) -> 36 | B24: 30528226 | C24: 30528223 | D24: 23644890 | E24: 1 | F24: 1 | G24: 1 | H24: 1 | I24: 0-3304-73 | K24: Электромонтажник-наладчик 4 разряда | L24: 1369 | N24: 1013 | O24: чел.-ч | P24: чел.-ч | Q24: 1 | X24: 1.94 | Y24: 0 | Z24: 0 | AA24: 0 | AB24: 9.62 | AC24: 0 | AD24: 1 | AE24: 1 | AG24: 1.94 | AH24: 2 | AI24: 30528224 | AJ24: 26 | AK24: 0 | AL24: 0 | AM24: 0 | AN24: 0 | AO24: 0 | AP24: 0 | AQ24: 0 | AR24: 0
A25: =ROW(Source!A36) -> 36 | B25: 30528227 | C25: 30528223 | D25: 23644644 | E25: 1 | F25: 1 | G25: 1 | H25: 1 | I25: 2-0023-73 | K25: Инженер по наладке и испытаниям III категории | L25: 1369 | N25: 1013 | O25: чел.-ч | P25: чел.-ч | Q25: 1 | X25: 2.92 | Y25: 0 | Z25: 0 | AA25: 0 | AB25: 12.69 | AC25: 0 | AD25: 1 | AE25: 1 | AG25: 2.92 | AH25: 2 | AI25: 30528225 | AJ25: 27 | AK25: 0 | AL25: 0 | AM25: 0 | AN25: 0 | AO25: 0 | AP25: 0 | AQ25: 0 | AR25: 0
A26: =ROW(Source!A37) -> 37 | B26: 30528231 | C26: 30528228 | D26: 23644890 | E26: 1 | F26: 1 | G26: 1 | H26: 1 | I26: 0-3304-73 | K26: Электромонтажник-наладчик 4 разряда | L26: 1369 | N26: 1013 | O26: чел.-ч | P26: чел.-ч | Q26: 1 | X26: 0.58 | Y26: 0 | Z26: 0 | AA26: 0 | AB26: 9.62 | AC26: 0 | AD26: 1 | AE26: 1 | AG26: 0.58 | AH26: 2 | AI26: 30528229 | AJ26: 28 | AK26: 0 | AL26: 0 | AM26: 0 | AN26: 0 | AO26: 0 | AP26: 0 | AQ26: 0 | AR26: 0
A27: =ROW(Source!A37) -> 37 | B27: 30528232 | C27: 30528228 | D27: 23644644 | E27: 1 | F27: 1 | G27: 1 | H27: 1 | I27: 2-0023-73 | K27: Инженер по наладке и испытаниям III категории | L27: 1369 | N27: 1013 | O27: чел.-ч | P27: чел.-ч | Q27: 1 | X27: 0.87 | Y27: 0 | Z27: 0 | AA27: 0 | AB27: 12.69 | AC27: 0 | AD27: 1 | AE27: 1 | AG27: 0.87 | AH27: 2 | AI27: 30528230 | AJ27: 29 | AK27: 0 | AL27: 0 | AM27: 0 | AN27: 0 | AO27: 0 | AP27: 0 | AQ27: 0 | AR27: 0
A28: =ROW(Source!A38) -> 38 | B28: 30528236 | C28: 30528233 | D28: 23645604 | E28: 1 | F28: 1 | G28: 1 | H28: 1 | I28: 0-3306-73 | K28: Электромонтажник-наладчик 6 разряда | L28: 1369 | N28: 1013 | O28: чел.-ч | P28: чел.-ч | Q28: 1 | X28: 0.81 | Y28: 0 | Z28: 0 | AA28: 0 | AB28: 12.92 | AC28: 0 | AD28: 1 | AE28: 1 | AG28: 0.81 | AH28: 2 | AI28: 30528234 | AJ28: 30 | AK28: 0 | AL28: 0 | AM28: 0 | AN28: 0 | AO28: 0 | AP28: 0 | AQ28: 0 | AR28: 0
A29: =ROW(Source!A38) -> 38 | B29: 30528237 | C29: 30528233 | D29: 23644644 | E29: 1 | F29: 1 | G29: 1 | H29: 1 | I29: 2-0023-73 | K29: Инженер по наладке и испытаниям III категории | L29: 1369 | N29: 1013 | O29: чел.-ч | P29: чел.-ч | Q29: 1 | X29: 0.81 | Y29: 0 | Z29: 0 | AA29: 0 | AB29: 12.69 | AC29: 0 | AD29: 1 | AE29: 1 | AG29: 0.81 | AH29: 2 | AI29: 30528235 | AJ29: 31 | AK29: 0 | AL29: 0 | AM29: 0 | AN29: 0 | AO29: 0 | AP29: 0 | AQ29: 0 | AR29: 0
